Workbook
Name TICKER: 'YoY Ratios'!#REF!

Sheet NOTES
G1: DON’T CHANGE THE TICKER EVERYWHERE.
A3: THE SCREENER AND THE SECTOR MEDIAN, YOU HAVE TO UPDATE BY YOURSELF. WE RECOMMEND USING THE WISE SCREENER FOR THIS. | G3: CHANGE THE TICKER ONLY CHANGE AT THE CELL 'A1' IN "YoY Ratios SHEET. ALL THE OTHER SHEETS WILL UPDATE AUTOMATICALLY. | M3: ON SHEET "HISTORICAL PRICES" AND CELLS "AK:AY", ALWAYS CHECK THAT IS CORRECT BECAUSE IT'S ON THE SHEET YoY Ratios AS WELL. | S3: ON "YoY RATIOS" SHEET, ALL RATIOS ARE EXPLAINED INSIDE NOTES ON THE CELL. FOR FURTHER EXPLANATIONS, GOOGLE IT :)
D18: GENERALLY ALMOST ALL CELLS CONTAIN FORMULAS SO BECAREFUL BEFORE CHANGE ANYTHING.

Sheet YoY Ratios
A1: AAPL | B1: Month of Fiscal Yr End | D1: =VLOOKUP(A1,'Screener 16.12.2022'!B:AC,MATCH(B1,'Screener 16.12.2022'!B6:AC6,),) -> 9
A2: DATE (End of the Year Calculation) | B2: ='Yearly Financials'!C2 -> TTM | C2: ='Yearly Financials'!D2 -> 2023 | D2: ='Yearly Financials'!E2 -> 2022 | E2: ='Yearly Financials'!F2 -> 2021 | F2: ='Yearly Financials'!G2 -> 2020 | G2: ='Yearly Financials'!H2 -> 2019 | H2: ='Yearly Financials'!I2 -> 2018 | I2: ='Yearly Financials'!J2 -> 2017 | ... N2: ='Yearly Financials'!O2 -> 2012
A3: Price | B3: =T4 -> 166.9 | C3: ='Historical Prices'!$K6 -> 174.52 | D3: ='Historical Prices'!$K7 -> 129.61 | E3: ='Historical Prices'!$K8 -> 71.09 | F3: ='Historical Prices'!$K9 -> 37.62 | G3: ='Historical Prices'!$K10 -> 39.77 | H3: ='Historical Prices'!$K11 -> 26.79 | I3: ='Historical Prices'!$K12 -> 23.81 | J3: ='Historical Prices'!$K13 -> 24.55 | K3: ='Historical Prices'!$K14 -> 17.46 | L3: ='Historical Prices'!$K15 -> 16.16 | M3: ='Historical Prices'!$K16 -> 12.19 | N3: ='Historical Prices'!$K17 -> 9.71 | P3: Company Description | S3: Company Prices Description
A4: Market Cap | B4: =B3*'Yearly Financials'!C24 -> 2588579444700 | C4: =C3*'Yearly Financials'!D24 -> 2747683194120 | D4: =D3*'Yearly Financials'!E24 -> 2.101751e+12 | E4: =E3*'Yearly Financials'!F24 -> 1187293426480 | F4: =F3*'Yearly Financials'!G24 -> 652786716780 | G4: =G3*'Yearly Financials'!H24 -> 734605032720 | H4: =H3*'Yearly Financials'!I24 -> 531018199320 | I4: =I3*'Yearly Financials'!J24 -> 496890128080 | ... N4: =N3*'Yearly Financials'!O24 -> 2.5415832e+11 | P4: Ticker | Q4: ='Yearly Financials'!A2 -> AAPL | S4: Price | T4: {=_xldudf_WISEPRICE($A$1,S4:S6)} -> 166.9
A5: Enterprise Value (EV) | B5: =B4+'Yearly Financials'!C66-'Yearly Financials'!C30 -> 2623519444700 | C5: =C4+'Yearly Financials'!D66-'Yearly Financials'!D30 -> 2797216194120 | D5: =D4+'Yearly Financials'!E66-'Yearly Financials'!E30 -> 2173515964430 | E5: =E4+'Yearly Financials'!F66-'Yearly Financials'!F30 -> 1249373426480 | F5: =F4+'Yearly Financials'!G66-'Yearly Financials'!G30 -> 674279716780 | G5: =G4+'Yearly Financials'!H66-'Yearly Financials'!H30 -> 742095032720 | H5: =H4+'Yearly Financials'!I66-'Yearly Financials'!I30 -> 579200199320 | I5: =I4+'Yearly Financials'!J66-'Yearly Financials'!J30 -> 538389128080 | ... N5: =N4+'Yearly Financials'!O66-'Yearly Financials'!O30 -> 2.2502932e+11 | P5: Company Name | Q5: {=_xldudf_WISEPRICE($A$1,P5:P14)} -> Unavailable | S5: Year High | T5: 199.62
A6: Dividend Yield % | B6: =B65/B3 -> 0.006111444 | C6: =C65/C3 -> 0.0056154022 | D6: =D65/D3 -> 0.0072525268 | E6: =E65/E3 -> 0.012660008 | F6: =F65/F3 -> 0.022594365 | G6: =G65/G3 -> 0.019989942 | H6: =H65/H3 -> 0.027995521 | I6: =I65/I3 -> 0.028559429 | ... N6: =N65/N3 -> 0 | P6: Website | Q6: https://www.apple.com | S6: Year Low | T6: 162.8
A7: Shares Buyback Ratio% | B7: =('Yearly Financials'!D24-'Yearly Financials'!C24)/'Yearly Financials'!D24 -> 0.014892312 | C7: =('Yearly Financials'!E24-'Yearly Financials'!D24)/'Yearly Financials'!E24 -> 0.029090594 | D7: =('Yearly Financials'!F24-'Yearly Financials'!E24)/'Yearly Financials'!F24 -> 0.029058206 | E7: =('Yearly Financials'!G24-'Yearly Financials'!F24)/'Yearly Financials'!G24 -> 0.037508214 | F7: =('Yearly Financials'!H24-'Yearly Financials'!G24)/'Yearly Financials'!H24 -> 0.060592098 | G7: =('Yearly Financials'!I24-'Yearly Financials'!H24)/'Yearly Financials'!I24 -> 0.068116513 | H7: =('Yearly Financials'!J24-'Yearly Financials'!I24)/'Yearly Financials'!J24 -> 0.050192228 | I7: =('Yearly Financials'!K24-'Yearly Financials'!J24)/'Yearly Financials'!K24 -> 0.046351004 | ... M7: =('Yearly Financials'!O24-'Yearly Financials'!N24)/'Yearly Financials'!O24 -> 0.010148499 | P7: CEO | Q7: Mr. Timothy D. Cook | S7: YTD Change % | T7: =(T4-'Historical Prices'!C247)/'Historical Prices'!C247 -> -0.27210083
A8: EPS | B8: ='Yearly Financials'!C21/'Yearly Financials'!C24 -> 6.5064179 | C8: ='Yearly Financials'!D21/'Yearly Financials'!D24 -> 6.1606693 | D8: ='Yearly Financials'!E21/'Yearly Financials'!E24 -> 6.1546144 | E8: ='Yearly Financials'!F21/'Yearly Financials'!F24 -> 5.6690293 | F8: ='Yearly Financials'!G21/'Yearly Financials'!G24 -> 3.3085873 | G8: ='Yearly Financials'!H21/'Yearly Financials'!H24 -> 2.9914458 | H8: ='Yearly Financials'!I21/'Yearly Financials'!I24 -> 3.0033537 | I8: ='Yearly Financials'!J21/'Yearly Financials'!J24 -> 2.3168851 | ... N8: ='Yearly Financials'!O21/'Yearly Financials'!O24 -> 1.5943898 | P8: Country | Q8: US | S8: BETA | T8: {=[1]!_xldudf_WISEPRICE($A$1,S8)} -> 1.27241
A9: Revenue per Share (RPS) | B9: =B10/'Yearly Financials'!C24 -> 24.868594 | C9: =C10/'Yearly Financials'!D24 -> 24.344473 | D9: =D10/'Yearly Financials'!E24 -> 24.317273 | E9: =E10/'Yearly Financials'!F24 -> 21.903541 | F9: =F10/'Yearly Financials'!G24 -> 15.820258 | G9: =G10/'Yearly Financials'!H24 -> 14.085283 | H9: =H10/'Yearly Financials'!I24 -> 13.399334 | I9: =I10/'Yearly Financials'!J24 -> 10.984444 | ... N9: =N10/'Yearly Financials'!O24 -> 5.9793151 | P9: Currency | Q9: USD | S9: Dividend Yield | T9: =$B$6 -> 0.006111444
A10: Revenue | B10: ='Yearly Financials'!C4 -> 385706000000 | C10: ='Yearly Financials'!D4 -> 383285000000 | D10: ='Yearly Financials'!E4 -> 394328000000 | E10: ='Yearly Financials'!F4 -> 365817000000 | F10: ='Yearly Financials'!G4 -> 274515000000 | G10: ='Yearly Financials'!H4 -> 260174000000 | H10: ='Yearly Financials'!I4 -> 265595000000 | I10: ='Yearly Financials'!J4 -> 229234000000 | ... N10: ='Yearly Financials'!O4 -> 156508000000 | P10: Exchange Short Name | Q10: NASDAQ | S10: Market Cap | T10: =$B$4 -> 2588579444700
A11: Gross Profit | B11: ='Yearly Financials'!C6 -> 173671000000 | C11: ='Yearly Financials'!D6 -> 169148000000 | D11: ='Yearly Financials'!E6 -> 170782000000 | E11: ='Yearly Financials'!F6 -> 152836000000 | F11: ='Yearly Financials'!G6 -> 104956000000 | G11: ='Yearly Financials'!H6 -> 98392000000 | H11: ='Yearly Financials'!I6 -> 101839000000 | I11: ='Yearly Financials'!J6 -> 88186000000 | ... N11: ='Yearly Financials'!O6 -> 68662000000 | P11: Sector | Q11: Technology | S11: EV | T11: =$B$5 -> 2623519444700
A12: Revenue Growth% | B12: =(B10/C10)-1 -> 0.0063164486 | C12: =(C10/D10)-1 -> -0.028004605 | D12: =(D10/E10)-1 -> 0.077937876 | E12: =(E10/F10)-1 -> 0.33259385 | F12: =(F10/G10)-1 -> 0.055120804 | G12: =(G10/H10)-1 -> -0.020410776 | H12: =(H10/I10)-1 -> 0.15861958 | I12: =(I10/J10)-1 -> 0.063045182 | ... M12: =(M10/N10)-1 -> 0.092020855 | P12: Industry | Q12: Consumer Electronics
A13: EPS Basic Growth% | B13: =(B8/C8)-1 -> 0.056121932 | C13: =(C8/D8)-1 -> 0.00098378639 | D13: =(D8/E8)-1 -> 0.085655786 | E13: =(E8/F8)-1 -> 0.71342897 | F13: =(F8/G8)-1 -> 0.10601613 | G13: =(G8/H8)-1 -> -0.0039648868 | H13: =(H8/I8)-1 -> 0.29628949 | I13: =(I8/J8)-1 -> 0.10974772 | ... M13: =(M8/N8)-1 -> -0.10342598 | P13: Full Time Employees | Q13: 161000
A14: EBITDA Growth% | B14: =(B42/C42)-1 -> 0.03408838 | C14: =(C42/D42)-1 -> -0.036164883 | D14: =(D42/E42)-1 -> 0.085733534 | E14: =(E42/F42)-1 -> 0.55452265 | F14: =(F42/G42)-1 -> 0.011336742 | G14: =(G42/H42)-1 -> -0.065084779 | H14: =(H42/I42)-1 -> 0.14405393 | I14: =(I42/J42)-1 -> 0.013781565 | ... M14: =(M42/N42)-1 -> -0.047199152 | P14: Description | Q14: Apple Inc. designs, manufactures, and markets smartphones, personal computers, tablets, wearables, and accessories worldwide. The company offers iPhone, a line of smartphones; Mac, a line of personal computers; iPad, a line of multi-purpose tablets; and wearables, home, and accessories comprising AirPods, Apple TV, Apple Watch, Beats products, and HomePod. It also provides AppleCare support and cloud services; and operates various platforms, including the App Store that allow customers to discover and download applications and digital content, such as books, music, video, games, and podcasts. In addition, the company offers various services, such as Apple Arcade, a game subscription service; Apple Fitness+, a personalized fitness service; Apple Music, which offers users a curated listening experience with on-demand radio stations; Apple News+, a subscription news and magazine service; Apple TV+, which offers exclusive original content; Apple Card, a co-branded credit card; and Apple Pay, a cashless payment service, as well as licenses its intellectual property. The company serves consumers, and small and mid-sized businesses; and the education, enterprise, and government markets. It distributes third-party applications for its products through the App Store. The company also sells its products through its retail and online stores, and direct sales force; and third-party cellular network carriers, wholesalers, retailers, and resellers. Apple Inc. was incorporated in 1977 and is headquartered in Cupertino, California.
A15: Price per Share Ratio (PE) | B15: =B3/B8 -> 25.651595 | C15: =C3/C8 -> 28.328091 | D15: =D3/D8 -> 21.058996 | E15: =E3/E8 -> 12.540066 | F15: =F3/F8 -> 11.370412 | G15: =G3/G8 -> 13.294575 | H15: =H3/H8 -> 8.9200282 | I15: =I3/I8 -> 10.276729 | ... N15: =N3/N8 -> 6.0901042 | P15: Next Earnings Announcement | Q15: =VLOOKUP($A$1,'Screener 16.12.2022'!B:T,MATCH($P$15,'Screener 16.12.2022'!B5:T5)) -> 20230126
A16: Price per Earnings Growth per Share (PEG) | B16: =B15/B13/100 -> 4.57069 | C16: =C15/C13/100 -> 287.94961 | D16: =D15/D13/100 -> 2.4585608 | E16: =E15/E13/100 -> 0.17577175 | F16: =F15/F13/100 -> 1.0725172 | G16: =G15/G13/100 -> -33.53078 | H16: =H15/H13/100 -> 0.30105787 | I16: =I15/I13/100 -> 0.93639564 | ... M16: =M15/M13/100 -> -0.82450521
A17: Price per Revenue Per share (PPRPS) | B17: =B3/B9 -> 6.7112761 | C17: =C3/C9 -> 7.1687731 | D17: =D3/D9 -> 5.3299562 | E17: =E3/E9 -> 3.2455939 | F17: =F3/F9 -> 2.3779637 | G17: =G3/G9 -> 2.8235144 | H17: =H3/H9 -> 1.9993531 | I17: =I3/I9 -> 2.1676109 | ... N17: =N3/N9 -> 1.6239318 | P17: PRICE CHART WITH SMA's | T17: VOLUME
A18: Price per EBITDA Growth per Share | B18: =B15/B14/100 -> 7.5250262 | C18: =C15/C14/100 -> -7.8330382 | D18: =D15/D14/100 -> 2.4563312 | E18: =E15/E14/100 -> 0.22614163 | F18: =F15/F14/100 -> 10.0297 | G18: =G15/G14/100 -> -2.042655 | H18: =H15/H14/100 -> 0.6192145 | I18: =I15/I14/100 -> 7.4568665 | ... M18: =M15/M14/100 -> -1.8067117
A19: Price per Book Value per Share | B19: =B3/B21 -> 34.933596 | C19: =C3/C21 -> 44.213356 | D19: =D3/D21 -> 41.477561 | E19: =E3/E21 -> 18.819043 | F19: =F3/F21 -> 9.9907669 | G19: =G3/G21 -> 8.1182591 | H19: =H3/H21 -> 4.9559782 | I19: =I3/I21 -> 3.7068351 | ... N19: =N3/N21 -> 2.1500577
A20: Price per Free Cash Flow per Share | B20: =B3/B61 -> 24.221986 | C20: =C3/C61 -> 27.591613 | D20: =D3/D61 -> 18.859426 | E20: =E3/E61 -> 12.773051 | F20: =F3/F61 -> 8.8977948 | G20: =G3/G61 -> 12.472919 | H20: =H3/H61 -> 8.2815021 | I20: =I3/I61 -> 9.7807241 | ... N20: =N3/N61 -> 6.1310927
A21: Book Value Per Share | B21: =('Yearly Financials'!C63-'Yearly Financials'!C59)/'Yearly Financials'!C24 -> 4.7776359 | C21: =('Yearly Financials'!D63-'Yearly Financials'!D59)/'Yearly Financials'!D24 -> 3.9472236 | D21: =('Yearly Financials'!E63-'Yearly Financials'!E59)/'Yearly Financials'!E24 -> 3.1248221 | E21: =('Yearly Financials'!F63-'Yearly Financials'!F59)/'Yearly Financials'!F24 -> 3.7775566 | F21: =('Yearly Financials'!G63-'Yearly Financials'!G59)/'Yearly Financials'!G24 -> 3.7654767 | G21: =('Yearly Financials'!H63-'Yearly Financials'!H59)/'Yearly Financials'!H24 -> 4.8988335 | H21: =('Yearly Financials'!I63-'Yearly Financials'!I59)/'Yearly Financials'!I24 -> 5.4055928 | I21: =('Yearly Financials'!J63-'Yearly Financials'!J59)/'Yearly Financials'!J24 -> 6.4232692 | ... N21: =('Yearly Financials'!O63-'Yearly Financials'!O59)/'Yearly Financials'!O24 -> 4.5161579
A22: Price to Operating Cash Flow per Share | B22: =B3/B63 -> 22.232352 | C22: =C3/C63 -> 24.856239 | D22: =D3/D63 -> 17.206171 | E22: =E3/E63 -> 11.412113 | F22: =F3/F63 -> 8.0916617 | G22: =G3/G63 -> 10.58646 | H22: =H3/H63 -> 6.8576878 | I22: =I3/I63 -> 7.8129836 | ... N22: =N3/N63 -> 4.9976073
A23: Market Cap/Revenue Multiples (PS ratio) | B23: =B4/B10 -> 6.7112761 | C23: =C4/C10 -> 7.1687731 | D23: =D4/D10 -> 5.3299562 | E23: =E4/E10 -> 3.2455939 | F23: =F4/F10 -> 2.3779637 | G23: =G4/G10 -> 2.8235144 | H23: =H4/H10 -> 1.9993531 | I23: =I4/I10 -> 2.1676109 | ... N23: =N4/N10 -> 1.6239318
A24: EV/Revenue Multiples | B24: =B5/B10 -> 6.8018632 | C24: =C5/C10 -> 7.2980059 | D24: =D5/D10 -> 5.5119494 | E24: =E5/E10 -> 3.4152962 | F24: =F5/F10 -> 2.4562582 | G24: =G5/G10 -> 2.8523028 | H24: =H5/H10 -> 2.1807647 | I24: =I5/I10 -> 2.3486443 | ... N24: =N5/N10 -> 1.4378135
A25: EV/EBIT | B25: =B5/B41 -> 22.109925 | C25: =C5/C41 -> 24.472369 | D25: =D5/D41 -> 18.198012 | E25: =E5/E41 -> 11.467507 | F25: =F5/F41 -> 10.171973 | G25: =G5/G41 -> 11.607931 | H25: =H5/H41 -> 8.1694857 | I25: =I5/I41 -> 8.7765573 | ... N25: =N5/N41 -> 4.0735924
A26: EV/EBITDA | B26: =B5/B42 -> 20.164012 | C26: =C5/C42 -> 22.231888 | D26: =D5/D42 -> 16.650064 | E26: =E5/E42 -> 10.391269 | F26: =F5/F42 -> 8.7179318 | G26: =G5/G42 -> 9.7035061 | H26: =H5/H42 -> 7.0806005 | I26: =I5/I42 -> 7.5298126 | ... N26: =N5/N42 -> 3.8454718
A27: Gross Margin % | B27: =B11/B10 -> 0.45026782 | C27: =C11/C10 -> 0.4413113 | D27: =D11/D10 -> 0.43309631 | E27: =E11/E10 -> 0.4177936 | F27: =F11/F10 -> 0.38233248 | G27: =G11/G10 -> 0.37817768 | H27: =H11/H10 -> 0.38343719 | I27: =I11/I10 -> 0.3846986 | ... N27: =N11/N10 -> 0.4387124
A28: Net Margin % | B28: ='Yearly Financials'!C21/B10 -> 0.26163192 | C28: ='Yearly Financials'!D21/C10 -> 0.25306234 | D28: ='Yearly Financials'!E21/D10 -> 0.25309641 | E28: ='Yearly Financials'!F21/E10 -> 0.25881793 | F28: ='Yearly Financials'!G21/F10 -> 0.20913611 | G28: ='Yearly Financials'!H21/G10 -> 0.21238095 | H28: ='Yearly Financials'!I21/H10 -> 0.22414202 | I28: ='Yearly Financials'!J21/I10 -> 0.21092421 | ... N28: ='Yearly Financials'!O21/N10 -> 0.26665091
A29: FCF Margin % | B29: ='Yearly Financials'!C99/B10 -> 0.27707373 | C29: ='Yearly Financials'!D99/C10 -> 0.25981711 | D29: ='Yearly Financials'!E99/D10 -> 0.28261498 | E29: ='Yearly Financials'!F99/E10 -> 0.25409699 | F29: ='Yearly Financials'!G99/F10 -> 0.26725316 | G29: ='Yearly Financials'!H99/G10 -> 0.22637158 | H29: ='Yearly Financials'!I99/H10 -> 0.24142397 | I29: ='Yearly Financials'!J99/I10 -> 0.2216207 | ... N29: ='Yearly Financials'!O99/N10 -> 0.26486825
A30: Pretax profit/EBT Margin% | B30: =B40/B10 -> 0.300042 | C30: =C40/C10 -> 0.28795283 | D30: =D40/D10 -> 0.29545455 | E30: =E40/E10 -> 0.29059338 | F30: =F40/F10 -> 0.23100741 | G30: =G40/G10 -> 0.23197552 | H30: =H40/H10 -> 0.25474124 | I30: =I40/I10 -> 0.25747053 | ... N30: =N40/N10 -> 0.35629489
A31: Operating/EBIT Margin % | B31: =B41/B10 -> 0.30763846 | C31: =C41/C10 -> 0.29821412 | D31: =D41/D10 -> 0.30288744 | E31: =E41/E10 -> 0.29782378 | F31: =F41/F10 -> 0.24147314 | G31: =G41/G10 -> 0.24572017 | H31: =H41/H10 -> 0.26694027 | I31: =I41/I10 -> 0.26760428 | ... N31: =N41/N10 -> 0.35295959
A32: EBITDA Margin% | B32: =B42/B10 -> 0.33732688 | C32: =C42/C10 -> 0.32826748 | D32: =D42/D10 -> 0.33104674 | E32: =E42/E10 -> 0.3286698 | F32: =F42/F10 -> 0.28174781 | G32: =G42/G10 -> 0.29394559 | H32: =H42/H10 -> 0.30799149 | I32: =I42/I10 -> 0.31191272 | ... N32: =N42/N10 -> 0.37389782
A33: Sales to Assets Ratio | B33: =B10/'Yearly Financials'!C44 -> 1.0910629 | C33: =C10/'Yearly Financials'!D44 -> 1.0870774 | D33: =D10/'Yearly Financials'!E44 -> 1.1178523 | E33: =E10/'Yearly Financials'!F44 -> 1.0422077 | F33: =F10/'Yearly Financials'!G44 -> 0.8475615 | G33: =G10/'Yearly Financials'!H44 -> 0.76857224 | H33: =H10/'Yearly Financials'!I44 -> 0.72621505 | I33: =I10/'Yearly Financials'!J44 -> 0.6107711 | ... N33: =N10/'Yearly Financials'!O44 -> 0.88892675
A34: Return on Assets (ROA) % | B34: ='Yearly Financials'!C21/'Yearly Financials'!C44 -> 0.28545687 | C34: ='Yearly Financials'!D21/'Yearly Financials'!D44 -> 0.27509835 | D34: ='Yearly Financials'!E21/'Yearly Financials'!E44 -> 0.28292441 | E34: ='Yearly Financials'!F21/'Yearly Financials'!F44 -> 0.26974205 | F34: ='Yearly Financials'!G21/'Yearly Financials'!G44 -> 0.17725572 | G34: ='Yearly Financials'!H21/'Yearly Financials'!H44 -> 0.1632301 | H34: ='Yearly Financials'!I21/'Yearly Financials'!I44 -> 0.16277531 | I34: ='Yearly Financials'!J21/'Yearly Financials'!J44 -> 0.12882641 | ... N34: ='Yearly Financials'!O21/'Yearly Financials'!O44 -> 0.23703312
A35: Return on Equity (ROE) % | B35: ='Yearly Financials'!C21/'Yearly Financials'!C63 -> 1.3618489 | C35: ='Yearly Financials'!D21/'Yearly Financials'!D63 -> 1.5607601 | D35: ='Yearly Financials'!E21/'Yearly Financials'!E63 -> 1.9695887 | E35: ='Yearly Financials'!F21/'Yearly Financials'!F63 -> 1.5007133 | F35: ='Yearly Financials'!G21/'Yearly Financials'!G63 -> 0.87866359 | G35: ='Yearly Financials'!H21/'Yearly Financials'!H63 -> 0.61064451 | H35: ='Yearly Financials'!I21/'Yearly Financials'!I63 -> 0.55560118 | I35: ='Yearly Financials'!J21/'Yearly Financials'!J63 -> 0.36070184 | ... N35: ='Yearly Financials'!O21/'Yearly Financials'!O63 -> 0.3530412
A36: Return on Capital Employed (ROCE)% | B36: =B41/B83 -> 0.54048219 | C36: =C41/C83 -> 0.55144615 | D36: =D41/D83 -> 0.60087135 | E36: =E41/E83 -> 0.48309913 | F36: =F41/F83 -> 0.30338313 | G36: =G41/G83 -> 0.27461576 | H36: =H41/H83 -> 0.28489225 | I36: =I41/I83 -> 0.22347134 | ... N36: =N41/N83 -> 0.40168846
A37: WACC % | B37: =B87*B92+B88*B93*(1-B60) -> 0.10952477 | C37: =C87*C92+C88*C93*(1-C60) -> 0.082734142 | D37: =D87*D92+D88*D93*(1-D60) -> 0.075818308 | E37: =E87*E92+E88*E93*(1-E60) -> 0.082758096 | F37: =F87*F92+F88*F93*(1-F60) -> 0.086004951 | G37: =G87*G92+G88*G93*(1-G60) -> 0.085041917 | H37: =H87*H92+H88*H93*(1-H60) -> 0.081609326 | I37: =I87*I92+I88*I93*(1-I60) -> 0.079759139 | ... N37: =N87*N92+N88*N93*(1-N60) -> 0
A38: Return on Invested Capital(ROIC) % | B38: =B96/('Yearly Financials'!C66+'Yearly Financials'!C63) -> 0.55282394 | C38: =C96/('Yearly Financials'!D66+'Yearly Financials'!D63) -> 0.55972516 | D38: =D96/('Yearly Financials'!E66+'Yearly Financials'!E63) -> 0.58364107 | E38: =E96/('Yearly Financials'!F66+'Yearly Financials'!F63) -> 0.50083088 | F38: =F96/('Yearly Financials'!G66+'Yearly Financials'!G63) -> 0.31595809 | G38: =G96/('Yearly Financials'!H66+'Yearly Financials'!H63) -> 0.26608908 | H38: =H96/('Yearly Financials'!I66+'Yearly Financials'!I63) -> 0.25666942 | I38: =I96/('Yearly Financials'!J66+'Yearly Financials'!J63) -> 0.180143 | ... N38: =N96/('Yearly Financials'!O66+'Yearly Financials'!O63) -> 0.34973636
A39: Return on Invested Capital(ROIC) % | B39: =B96/((C97+B97)/2) -> 0.34879739 | C39: =C96/((D97+C97)/2) -> 0.32378831 | D39: =D96/((E97+D97)/2) -> 0.33546976 | E39: =E96/((F97+E97)/2) -> 0.35484169 | F39: =F96/((G97+F97)/2) -> 0.23479758 | G39: =G96/((H97+G97)/2) -> 0.1991469 | H39: =H96/((I97+H97)/2) -> 0.19159769 | I39: =I96/((J97+I97)/2) -> 0.16212311 | ... M39: =M96/((N97+M97)/2) -> 0.24653772 | N39: =N96/((O95+N97)/2) -> 0.60896957
A40: EBT | B40: =B41-'Yearly Financials'!C15 -> 115728000000 | C40: =C41-'Yearly Financials'!D15 -> 110368000000 | D40: =D41-'Yearly Financials'!E15 -> 116506000000 | E40: =E41-'Yearly Financials'!F15 -> 106304000000 | F40: =F41-'Yearly Financials'!G15 -> 63415000000 | G40: =G41-'Yearly Financials'!H15 -> 60354000000 | H40: =H41-'Yearly Financials'!I15 -> 67658000000 | I40: =I41-'Yearly Financials'!J15 -> 59021000000 | ... N40: =N41-'Yearly Financials'!O15 -> 55763000000
A41: EBIT | B41: =B10-'Yearly Financials'!C5-'Yearly Financials'!C12 -> 118658000000 | C41: =C10-'Yearly Financials'!D5-'Yearly Financials'!D12 -> 114301000000 | D41: =D10-'Yearly Financials'!E5-'Yearly Financials'!E12 -> 119437000000 | E41: =E10-'Yearly Financials'!F5-'Yearly Financials'!F12 -> 108949000000 | F41: =F10-'Yearly Financials'!G5-'Yearly Financials'!G12 -> 66288000000 | G41: =G10-'Yearly Financials'!H5-'Yearly Financials'!H12 -> 63930000000 | H41: =H10-'Yearly Financials'!I5-'Yearly Financials'!I12 -> 70898000000 | I41: =I10-'Yearly Financials'!J5-'Yearly Financials'!J12 -> 61344000000 | ... N41: =N10-'Yearly Financials'!O5-'Yearly Financials'!O12 -> 55241000000
A42: EBITDA | B42: =B41+'Yearly Financials'!C16 -> 130109000000 | C42: =C41+'Yearly Financials'!D16 -> 125820000000 | D42: =D41+'Yearly Financials'!E16 -> 130541000000 | E42: =E41+'Yearly Financials'!F16 -> 120233000000 | F42: =F41+'Yearly Financials'!G16 -> 77344000000 | G42: =G41+'Yearly Financials'!H16 -> 76477000000 | H42: =H41+'Yearly Financials'!I16 -> 81801000000 | I42: =I41+'Yearly Financials'!J16 -> 71501000000 | ... N42: =N41+'Yearly Financials'!O16 -> 58518000000
A43: EBIT/EV% | B43: =B41/B5 -> 0.045228557 | C43: =C41/C5 -> 0.040862412 | D43: =D41/D5 -> 0.054951057 | E43: =E41/E5 -> 0.087202911 | F43: =F41/F5 -> 0.098309349 | G43: =G41/G5 -> 0.086147996 | H43: =H41/H5 -> 0.12240673 | I43: =I41/I5 -> 0.11393989 | ... N43: =N41/N5 -> 0.24548357
A44: EBITDA/EV% | B44: =B42/B5 -> 0.049593305 | C44: =C42/C5 -> 0.044980435 | D44: =D42/D5 -> 0.06005983 | E44: =E42/E5 -> 0.096234638 | F44: =F42/F5 -> 0.11470611 | G44: =G42/G5 -> 0.10305553 | H44: =H42/H5 -> 0.14123096 | I44: =I42/I5 -> 0.13280543 | ... N44: =N42/N5 -> 0.26004612
A45: Debt/EBITDA | B45: ='Yearly Financials'!C66/B42 -> 0.83038068 | C45: ='Yearly Financials'!D66/C42 -> 0.8829121 | D45: ='Yearly Financials'!E66/D42 -> 0.91977999 | E45: ='Yearly Financials'!F66/E42 -> 1.0373109 | F45: ='Yearly Financials'!G66/F42 -> 1.4537133 | G45: ='Yearly Financials'!H66/G42 -> 1.4128038 | H45: ='Yearly Financials'!I66/H42 -> 1.3995306 | I45: ='Yearly Financials'!J66/I42 -> 1.6178795 | ... N45: ='Yearly Financials'!O66/N42 -> 0 | P45: Segment revenues | Q45: ='Historical Prices'!$AL$1 -> 2022 | R45: ='Historical Prices'!$AL$13 -> 2021 | S45: ='Historical Prices'!$AL$25 -> 2020 | T45: ='Historical Prices'!$AL$37 -> 2019 | U45: ='Historical Prices'!$AL$49 -> 2018 | V45: Always check the cells values to correct it after i change ticker!
A46: Net Debt/EBITDA | B46: ='Yearly Financials'!C67/B42 -> 0.51710489 | C46: ='Yearly Financials'!D67/C42 -> 0.64475441 | D46: ='Yearly Financials'!E67/D42 -> 0.7386415 | E46: ='Yearly Financials'!F67/E42 -> 0.74670847 | F46: ='Yearly Financials'!G67/F42 -> 0.96219487 | G46: ='Yearly Financials'!H67/G42 -> 0.77412817 | H46: ='Yearly Financials'!I67/H42 -> 1.0827496 | I46: ='Yearly Financials'!J67/I42 -> 1.3341212 | ... N46: ='Yearly Financials'!O67/N42 -> -0.1836358 | P46: ='Historical Prices'!$AK$15 -> Mac | Q46: ='Historical Prices'!$AL$3 -> 40177000000 | R46: ='Historical Prices'!$AL$15 -> 35190000000 | S46: ='Historical Prices'!$AL$27 -> 28622000000 | T46: ='Historical Prices'!$AL$39 -> 25740000000 | U46: ='Historical Prices'!$AL$51 -> 25484000000
A47: Debt/Equity Ratio | B47: ='Yearly Financials'!C66/'Yearly Financials'!C63 -> 1.4580297 | C47: ='Yearly Financials'!D66/'Yearly Financials'!D63 -> 1.7875326 | D47: ='Yearly Financials'!E66/'Yearly Financials'!E63 -> 2.3695335 | E47: ='Yearly Financials'!F66/'Yearly Financials'!F63 -> 1.9768426 | F47: ='Yearly Financials'!G66/'Yearly Financials'!G63 -> 1.7208099 | G47: ='Yearly Financials'!H66/'Yearly Financials'!H63 -> 1.1940478 | H47: ='Yearly Financials'!I66/'Yearly Financials'!I63 -> 1.0684667 | I47: ='Yearly Financials'!J66/'Yearly Financials'!J63 -> 0.86298089 | ... N47: ='Yearly Financials'!O66/'Yearly Financials'!O63 -> 0 | P47: Percentage to Revenue | Q47: ='Historical Prices'!$AM$3 -> 0.10188726 | R47: ='Historical Prices'!$AM$15 -> 0.096195639 | S47: ='Historical Prices'!$AM$27 -> 0.10426388 | T47: ='Historical Prices'!$AM$39 -> 0.09893379 | U47: ='Historical Prices'!$AM$51 -> 0.10268436
A48: Debt/Total Assets Ratio | B48: ='Yearly Financials'!C66/'Yearly Financials'!C44 -> 0.30561732 | C48: ='Yearly Financials'!D66/'Yearly Financials'!D44 -> 0.31506908 | D48: ='Yearly Financials'!E66/'Yearly Financials'!E44 -> 0.34037505 | E48: ='Yearly Financials'!F66/'Yearly Financials'!F44 -> 0.35532276 | F48: ='Yearly Financials'!G66/'Yearly Financials'!G44 -> 0.34714469 | G48: ='Yearly Financials'!H66/'Yearly Financials'!H44 -> 0.31917841 | H48: ='Yearly Financials'!I66/'Yearly Financials'!I44 -> 0.31303028 | I48: ='Yearly Financials'!J66/'Yearly Financials'!J44 -> 0.30821781 | ... N48: ='Yearly Financials'!O66/'Yearly Financials'!O44 -> 0 | P48: ='Historical Prices'!$AK$16 -> Service | Q48: ='Historical Prices'!$AL$4 -> 78129000000 | R48: ='Historical Prices'!$AL$16 -> 68425000000 | S48: ='Historical Prices'!$AL$28 -> 53768000000 | T48: ='Historical Prices'!$AL$40 -> 46291000000 | U48: ='Historical Prices'!$AL$52 -> 37190000000
A49: Cash Ratio | B49: ='Yearly Financials'!C30/'Yearly Financials'!C50 -> 0.54563233 | C49: ='Yearly Financials'!D30/'Yearly Financials'!D50 -> 0.42361742 | D49: ='Yearly Financials'!E30/'Yearly Financials'!E50 -> 0.313699 | E49: ='Yearly Financials'!F30/'Yearly Financials'!F50 -> 0.49919111 | F49: ='Yearly Financials'!G30/'Yearly Financials'!G50 -> 0.86290231 | G49: ='Yearly Financials'!H30/'Yearly Financials'!H50 -> 0.95118144 | H49: ='Yearly Financials'!I30/'Yearly Financials'!I50 -> 0.56732497 | I49: ='Yearly Financials'!J30/'Yearly Financials'!J50 -> 0.73582042 | ... N49: ='Yearly Financials'!O30/'Yearly Financials'!O50 -> 0.75577292 | P49: Percentage to Revenue | Q49: ='Historical Prices'!$AM$4 -> 0.19813201 | R49: ='Historical Prices'!$AM$16 -> 0.18704708 | S49: ='Historical Prices'!$AM$28 -> 0.19586544 | T49: ='Historical Prices'!$AM$40 -> 0.17792324 | U49: ='Historical Prices'!$AM$52 -> 0.14985212
A50: Current Ratio | B50: ='Yearly Financials'!C34/'Yearly Financials'!C50 -> 1.0725445 | C50: ='Yearly Financials'!D34/'Yearly Financials'!D50 -> 0.98801167 | D50: ='Yearly Financials'!E34/'Yearly Financials'!E50 -> 0.87935603 | E50: ='Yearly Financials'!F34/'Yearly Financials'!F50 -> 1.0745531 | F50: ='Yearly Financials'!G34/'Yearly Financials'!G50 -> 1.3636044 | G50: ='Yearly Financials'!H34/'Yearly Financials'!H50 -> 1.5401256 | H50: ='Yearly Financials'!I34/'Yearly Financials'!I50 -> 1.1238427 | I50: ='Yearly Financials'!J34/'Yearly Financials'!J50 -> 1.2760628 | ... N50: ='Yearly Financials'!O34/'Yearly Financials'!O50 -> 1.4958487 | P50: ='Historical Prices'!$AK$17 -> Wearables, Home and Accessories | Q50: ='Historical Prices'!$AL$5 -> 41241000000 | R50: ='Historical Prices'!$AL$17 -> 38367000000 | S50: ='Historical Prices'!$AL$29 -> 30620000000 | T50: ='Historical Prices'!$AL$41 -> 24482000000
A51: Quick Ratio | B51: =('Yearly Financials'!C34-'Yearly Financials'!C32)/'Yearly Financials'!C50 -> 1.0239451 | C51: =('Yearly Financials'!D34-'Yearly Financials'!D32)/'Yearly Financials'!D50 -> 0.94444215 | D51: =('Yearly Financials'!E34-'Yearly Financials'!E32)/'Yearly Financials'!E50 -> 0.84723539 | E51: =('Yearly Financials'!F34-'Yearly Financials'!F32)/'Yearly Financials'!F50 -> 1.0221149 | F51: =('Yearly Financials'!G34-'Yearly Financials'!G32)/'Yearly Financials'!G50 -> 1.3250721 | G51: =('Yearly Financials'!H34-'Yearly Financials'!H32)/'Yearly Financials'!H50 -> 1.5012864 | H51: =('Yearly Financials'!I34-'Yearly Financials'!I32)/'Yearly Financials'!I50 -> 1.089992 | I51: =('Yearly Financials'!J34-'Yearly Financials'!J32)/'Yearly Financials'!J50 -> 1.2279049 | ... N51: =('Yearly Financials'!O34-'Yearly Financials'!O32)/'Yearly Financials'!O50 -> 1.4753256 | P51: Percentage to Revenue | Q51: ='Historical Prices'!$AM$5 -> 0.10458552 | R51: ='Historical Prices'!$AM$17 -> 0.10488031 | S51: ='Historical Prices'!$AM$29 -> 0.11154217 | T51: ='Historical Prices'!$AM$41 -> 0.094098565
A52: Interest Coverage Ratio | B52: =B41/'Yearly Financials'!C15 -> 40.497611 | C52: =C41/'Yearly Financials'!D15 -> 29.062039 | D52: =D41/'Yearly Financials'!E15 -> 40.749574 | E52: =E41/'Yearly Financials'!F15 -> 41.190548 | F52: =F41/'Yearly Financials'!G15 -> 23.072746 | G52: =G41/'Yearly Financials'!H15 -> 17.877517 | H52: =H41/'Yearly Financials'!I15 -> 21.882099 | I52: =I41/'Yearly Financials'!J15 -> 26.407232 | ... N52: =N41/'Yearly Financials'!O15 -> -105.82567 | P52: ='Historical Prices'!$AK$18 -> iPad | Q52: ='Historical Prices'!$AL$6 -> 29292000000 | R52: ='Historical Prices'!$AL$18 -> 31862000000 | S52: ='Historical Prices'!$AL$30 -> 23724000000 | T52: ='Historical Prices'!$AL$42 -> 21280000000 | U52: ='Historical Prices'!$AL$53 -> 18805000000
A53: Working Capital to Total Assets Ratio% | B53: =B100/'Yearly Financials'!C44 -> 0.027492546 | C53: =C100/'Yearly Financials'!D44 -> -0.0049406806 | D53: =D100/'Yearly Financials'!E44 -> -0.052662613 | E53: =E100/'Yearly Financials'!F44 -> 0.02665227 | F53: =F100/'Yearly Financials'!G44 -> 0.11831559 | G53: =G100/'Yearly Financials'!H44 -> 0.16868036 | H53: =H100/'Yearly Financials'!I44 -> 0.03957345 | I53: =I100/'Yearly Financials'!J44 -> 0.074152921 | ... N53: =N100/'Yearly Financials'!O44 -> 0.10854576 | P53: Percentage to Revenue | Q53: ='Historical Prices'!$AM$6 -> 0.074283338 | R53: ='Historical Prices'!$AM$18 -> 0.087098194 | S53: ='Historical Prices'!$AM$30 -> 0.086421507 | T53: ='Historical Prices'!$AM$42 -> 0.081791417 | U53: ='Historical Prices'!$AM$53 -> 0.075772228
A54: Capex/Cash Flow% | B54: ='Yearly Financials'!C98/(-'Yearly Financials'!C97) -> 0.082141661 | C54: ='Yearly Financials'!D98/(-'Yearly Financials'!D97) -> 0.099137892 | D54: ='Yearly Financials'!E98/(-'Yearly Financials'!E97) -> 0.087661992 | E54: ='Yearly Financials'!F98/(-'Yearly Financials'!F97) -> 0.10654761 | F54: ='Yearly Financials'!G98/(-'Yearly Financials'!G97) -> 0.090599202 | G54: ='Yearly Financials'!H98/(-'Yearly Financials'!H97) -> 0.1512444 | H54: ='Yearly Financials'!I98/(-'Yearly Financials'!I97) -> 0.17192706 | I54: ='Yearly Financials'!J98/(-'Yearly Financials'!J97) -> 0.20118557 | ... N54: ='Yearly Financials'!O98/(-'Yearly Financials'!O97) -> 0.18487494 | P54: ='Historical Prices'!$AK$19 -> iPhone | Q54: ='Historical Prices'!$AL$7 -> 205489000000 | R54: ='Historical Prices'!$AL$19 -> 191973000000 | S54: ='Historical Prices'!$AL$31 -> 137781000000 | T54: ='Historical Prices'!$AL$43 -> 142381000000 | U54: ='Historical Prices'!$AL$54 -> 166699000000
A55: Cash Flow/Capex | B55: ='Yearly Financials'!C97/(-'Yearly Financials'!C98) -> 12.17409 | C55: ='Yearly Financials'!D97/(-'Yearly Financials'!D98) -> 10.08696 | D55: ='Yearly Financials'!E97/(-'Yearly Financials'!E98) -> 11.407452 | E55: ='Yearly Financials'!F97/(-'Yearly Financials'!F98) -> 9.3854759 | F55: ='Yearly Financials'!G97/(-'Yearly Financials'!G98) -> 11.037625 | G55: ='Yearly Financials'!H97/(-'Yearly Financials'!H98) -> 6.6118152 | H55: ='Yearly Financials'!I97/(-'Yearly Financials'!I98) -> 5.81642 | I55: ='Yearly Financials'!J97/(-'Yearly Financials'!J98) -> 4.9705354 | ... N55: ='Yearly Financials'!O97/(-'Yearly Financials'!O98) -> 5.4090619 | P55: Percentage to Revenue | Q55: ='Historical Prices'!$AM$7 -> 0.52111187 | R55: ='Historical Prices'!$AM$19 -> 0.52477878 | S55: ='Historical Prices'!$AM$31 -> 0.501907 | T55: ='Historical Prices'!$AM$43 -> 0.54725299 | U55: ='Historical Prices'!$AM$54 -> 0.67169129
A56: Capex/Revenue% | B56: =(-'Yearly Financials'!C98)/B10 -> 0.024796088 | C56: =(-'Yearly Financials'!D98)/C10 -> 0.028592301 | D56: =(-'Yearly Financials'!E98)/D10 -> 0.027155059 | E56: =(-'Yearly Financials'!F98)/E10 -> 0.030302036 | F56: =(-'Yearly Financials'!G98)/F10 -> 0.026625139 | G56: =(-'Yearly Financials'!H98)/G10 -> 0.040338389 | H56: =(-'Yearly Financials'!I98)/H10 -> 0.050125191 | I56: =(-'Yearly Financials'!J98)/I10 -> 0.055816327 | ... N56: =(-'Yearly Financials'!O98)/N10 -> 0.060073606 | P56: ='Historical Prices'!$AK$20 -> 0 | Q56: ='Historical Prices'!$AL$8 -> 0 | R56: ='Historical Prices'!$AL$20 -> 0 | S56: ='Historical Prices'!$AL$32 -> 0 | T56: ='Historical Prices'!$AL$44 -> 0 | U56: ='Historical Prices'!$AL$55 -> 0
A57: SG&A Expenses Margin% | B57: ='Yearly Financials'!C8/B10 -> 0.065103991 | C57: ='Yearly Financials'!D8/C10 -> 0.065048202 | D57: ='Yearly Financials'!E8/D10 -> 0.063637378 | E57: ='Yearly Financials'!F8/E10 -> 0.060065552 | F57: ='Yearly Financials'!G8/F10 -> 0.07254977 | G57: ='Yearly Financials'!H8/G10 -> 0.070126146 | H57: ='Yearly Financials'!I8/H10 -> 0.062896515 | I57: ='Yearly Financials'!J8/I10 -> 0.066573894 | ... N57: ='Yearly Financials'!O8/N10 -> 0.064150075 | P57: Percentage to Revenue | Q57: ='Historical Prices'!$AM$8 -> 0 | R57: ='Historical Prices'!$AM$20 -> 0 | S57: ='Historical Prices'!$AM$32 -> 0 | T57: ='Historical Prices'!$AM$44 -> 0 | U57: ='Historical Prices'!$AM$55 -> 0
A58: R&D Expenses Margin% | B58: ='Yearly Financials'!C7/B10 -> 0.077525369 | C58: ='Yearly Financials'!D7/C10 -> 0.078048971 | D58: ='Yearly Financials'!E7/D10 -> 0.066571484 | E58: ='Yearly Financials'!F7/E10 -> 0.059904269 | F58: ='Yearly Financials'!G7/F10 -> 0.068309564 | G58: ='Yearly Financials'!H7/G10 -> 0.062331363 | H58: ='Yearly Financials'!I7/H10 -> 0.053600407 | I58: ='Yearly Financials'!J7/I10 -> 0.050520429 | ... N58: ='Yearly Financials'!O7/N10 -> 0.02160273 | P58: ='Historical Prices'!$AK$21 -> 0 | Q58: ='Historical Prices'!$AL$9 -> 0 | R58: ='Historical Prices'!$AL$21 -> 0 | S58: ='Historical Prices'!$AL$33 -> 0 | T58: ='Historical Prices'!$AL$45 -> 0 | U58: ='Historical Prices'!$AL$56 -> 0
A59: SG&A+R&D Expenses Margin% | B59: =B57+B58 -> 0.14262936 | C59: =C57+C58 -> 0.14309717 | D59: =D57+D58 -> 0.13020886 | E59: =E57+E58 -> 0.11996982 | F59: =F57+F58 -> 0.14085933 | G59: =G57+G58 -> 0.13245751 | H59: =H57+H58 -> 0.11649692 | I59: =I57+I58 -> 0.11709432 | ... N59: =N57+N58 -> 0.085752805 | P59: Percentage to Revenue | Q59: ='Historical Prices'!$AM$9 -> 0 | R59: ='Historical Prices'!$AM$21 -> 0 | S59: ='Historical Prices'!$AM$33 -> 0 | T59: ='Historical Prices'!$AM$45 -> 0 | U59: ='Historical Prices'!$AM$56 -> 0
A60: Effective Tax Rate % | B60: ='Yearly Financials'!C20/B40 -> 0.15141539 | C60: ='Yearly Financials'!D20/C40 -> 0.15168346 | D60: ='Yearly Financials'!E20/D40 -> 0.1656567 | E60: ='Yearly Financials'!F20/E40 -> 0.13665525 | F60: ='Yearly Financials'!G20/F40 -> 0.15264527 | G60: ='Yearly Financials'!H20/G40 -> 0.17365875 | H60: ='Yearly Financials'!I20/H40 -> 0.19764108 | I60: ='Yearly Financials'!J20/I40 -> 0.26665085 | ... N60: ='Yearly Financials'!O20/N40 -> 0.25160052
A61: Free Cash Flow Per Share | B61: ='Yearly Financials'!C99/'Yearly Financials'!C24 -> 6.8904341 | C61: ='Yearly Financials'!D99/'Yearly Financials'!D24 -> 6.3251104 | D61: ='Yearly Financials'!E99/'Yearly Financials'!E24 -> 6.8724256 | E61: ='Yearly Financials'!F99/'Yearly Financials'!F24 -> 5.565624 | F61: ='Yearly Financials'!G99/'Yearly Financials'!G24 -> 4.2280139 | G61: ='Yearly Financials'!H99/'Yearly Financials'!H24 -> 3.1885079 | H61: ='Yearly Financials'!I99/'Yearly Financials'!I24 -> 3.2349204 | I61: ='Yearly Financials'!J99/'Yearly Financials'!J24 -> 2.4343801 | ... N61: ='Yearly Financials'!O99/'Yearly Financials'!O24 -> 1.5837307 | P61: Geographic Revenues | Q61: ='Historical Prices'!$AL$1 -> 2022 | R61: ='Historical Prices'!$AL$13 -> 2021 | S61: ='Historical Prices'!$AL$25 -> 2020 | T61: ='Historical Prices'!$AL$37 -> 2019 | U61: ='Historical Prices'!$AL$49 -> 2018
A62: Free Cash Flow Yield % | B62: =B61/B3 -> 0.041284806 | C62: =C61/C3 -> 0.036242897 | D62: =D61/D3 -> 0.053023884 | E62: =E61/E3 -> 0.07828983 | F62: =F61/F3 -> 0.1123874 | G62: =G61/G3 -> 0.080173695 | H62: =H61/H3 -> 0.12075104 | I62: =I61/I3 -> 0.10224192 | ... N62: =N61/N3 -> 0.16310306 | P62: ='Historical Prices'!$AO$15 -> Americas Segment | Q62: ='Historical Prices'!$AP$3 -> 169658000000 | R62: ='Historical Prices'!$AP$15 -> 153306000000 | S62: ='Historical Prices'!$AP$27 -> 124556000000 | T62: ='Historical Prices'!$AP$39 -> 116914000000 | U62: ='Historical Prices'!$AP$51 -> 112093000000
A63: Operating Cash Flow Per Share | B63: ='Yearly Financials'!C97/'Yearly Financials'!C24 -> 7.507078 | C63: ='Yearly Financials'!D97/'Yearly Financials'!D24 -> 7.0211749 | D63: ='Yearly Financials'!E97/'Yearly Financials'!E24 -> 7.5327626 | E63: ='Yearly Financials'!F97/'Yearly Financials'!F24 -> 6.2293459 | F63: ='Yearly Financials'!G97/'Yearly Financials'!G24 -> 4.6492304 | G63: ='Yearly Financials'!H97/'Yearly Financials'!H24 -> 3.7566855 | H63: ='Yearly Financials'!I97/'Yearly Financials'!I24 -> 3.9065645 | I63: ='Yearly Financials'!J97/'Yearly Financials'!J24 -> 3.0474914 | ... N63: ='Yearly Financials'!O97/'Yearly Financials'!O24 -> 1.9429298 | P63: Percentage to Revenue | Q63: ='Historical Prices'!$AQ$3 -> 0.43024589 | R63: ='Historical Prices'!$AQ$15 -> 0.41907839 | S63: ='Historical Prices'!$AQ$27 -> 0.45373113 | T63: ='Historical Prices'!$AQ$39 -> 0.4493685 | U63: ='Historical Prices'!$AQ$51 -> 0.42204484
A64: Cash Flow Yield % | B64: =B63/B3 -> 0.044979496 | C64: =C63/C3 -> 0.040231348 | D64: =D63/D3 -> 0.058118684 | E64: =E63/E3 -> 0.087626191 | F64: =F63/F3 -> 0.12358401 | G64: =G63/G3 -> 0.094460284 | H64: =H63/H3 -> 0.14582174 | I64: =I63/I3 -> 0.12799208 | ... N64: =N63/N3 -> 0.20009575 | P64: ='Historical Prices'!$AO$16 -> Europe Segment | Q64: ='Historical Prices'!$AP$4 -> 95118000000 | R64: ='Historical Prices'!$AP$16 -> 89307000000 | S64: ='Historical Prices'!$AP$28 -> 68640000000 | T64: ='Historical Prices'!$AP$40 -> 60288000000 | U64: ='Historical Prices'!$AP$52 -> 62420000000
A65: Dividend Per Share | B65: ='Historical Prices'!$AD$4 -> 1.02 | C65: ='Historical Prices'!$AD$5 -> 0.98 | D65: ='Historical Prices'!$AD$6 -> 0.94 | E65: ='Historical Prices'!$AD$7 -> 0.9 | F65: ='Historical Prices'!$AD$8 -> 0.85 | G65: ='Historical Prices'!$AD$9 -> 0.795 | H65: ='Historical Prices'!$AD$10 -> 0.75 | I65: ='Historical Prices'!$AD$11 -> 0.68 | J65: ='Historical Prices'!$AD$12 -> 0.6 | K65: ='Historical Prices'!$AD$13 -> 0.545 | L65: ='Historical Prices'!$AD$14 -> 0 | M65: ='Historical Prices'!$AD$15 -> 0 | N65: ='Historical Prices'!$AD$16 -> 0 | P65: Percentage to Revenue | Q65: ='Historical Prices'!$AQ$4 -> 0.24121543 | R65: ='Historical Prices'!$AQ$16 -> 0.24413026 | S65: ='Historical Prices'!$AQ$28 -> 0.25004098 | T65: ='Historical Prices'!$AQ$40 -> 0.23172185 | U65: ='Historical Prices'!$AQ$52 -> 0.23501948
P66: ='Historical Prices'!$AO$17 -> Greater China Segment | Q66: ='Historical Prices'!$AP$5 -> 74200000000 | R66: ='Historical Prices'!$AP$17 -> 68366000000 | S66: ='Historical Prices'!$AP$29 -> 40308000000 | T66: ='Historical Prices'!$AP$41 -> 43678000000 | U66: ='Historical Prices'!$AP$53 -> 51942000000
P67: Percentage to Revenue | Q67: ='Historical Prices'!$AQ$5 -> 0.18816823 | R67: ='Historical Prices'!$AQ$17 -> 0.18688579 | S67: ='Historical Prices'!$AQ$29 -> 0.14683351 | T67: ='Historical Prices'!$AQ$41 -> 0.16787996 | U67: ='Historical Prices'!$AQ$53 -> 0.19556844
P68: ='Historical Prices'!$AO$18 -> Japan Segment | Q68: ='Historical Prices'!$AP$6 -> 25977000000 | R68: ='Historical Prices'!$AP$18 -> 28482000000 | S68: ='Historical Prices'!$AP$30 -> 21418000000 | T68: ='Historical Prices'!$AP$42 -> 21506000000 | U68: ='Historical Prices'!$AP$54 -> 21733000000
P69: Percentage to Revenue | Q69: ='Historical Prices'!$AQ$6 -> 0.065876631 | R69: ='Historical Prices'!$AQ$18 -> 0.077858601 | S69: ='Historical Prices'!$AQ$30 -> 0.078021237 | T69: ='Historical Prices'!$AQ$42 -> 0.082660066 | U69: ='Historical Prices'!$AQ$54 -> 0.081827595
A82: Data for Calculating "Return on Capital Employed (ROCE)"
A83: Capital Employed | B83: ='Yearly Financials'!C44-'Yearly Financials'!C50 -> 219541000000 | C83: ='Yearly Financials'!D44-'Yearly Financials'!D50 -> 207275000000 | D83: ='Yearly Financials'!E44-'Yearly Financials'!E50 -> 198773000000 | E83: ='Yearly Financials'!F44-'Yearly Financials'!F50 -> 225521000000 | F83: ='Yearly Financials'!G44-'Yearly Financials'!G50 -> 218496000000 | G83: ='Yearly Financials'!H44-'Yearly Financials'!H50 -> 232798000000 | H83: ='Yearly Financials'!I44-'Yearly Financials'!I50 -> 248859000000 | I83: ='Yearly Financials'!J44-'Yearly Financials'!J50 -> 274505000000 | ... N83: ='Yearly Financials'!O44-'Yearly Financials'!O50 -> 137522000000
A85: Data for Calculating "WACC"
A86: Book Value of Debt | B86: =AVERAGE('Yearly Financials'!C66+'Yearly Financials'!D66)/2 -> 109564000000 | C86: =AVERAGE('Yearly Financials'!D66+'Yearly Financials'!E66)/2 -> 115578500000 | D86: =AVERAGE('Yearly Financials'!E66+'Yearly Financials'!F66)/2 -> 122394000000 | E86: =AVERAGE('Yearly Financials'!F66+'Yearly Financials'!G66)/2 -> 118577500000 | F86: =AVERAGE('Yearly Financials'!G66+'Yearly Financials'!H66)/2 -> 110241500000 | G86: =AVERAGE('Yearly Financials'!H66+'Yearly Financials'!I66)/2 -> 111265000000 | H86: =AVERAGE('Yearly Financials'!I66+'Yearly Financials'!J66)/2 -> 115081500000 | I86: =AVERAGE('Yearly Financials'!J66+'Yearly Financials'!K66)/2 -> 101356000000 | ... K86: =AVERAGE('Yearly Financials'!L66+'Yearly Financials'!M66)/2 -> 49878500000
A87: Weight of Equity | B87: =B4/(B4+B86) -> 0.95939282 | C87: =C4/(C4+C86) -> 0.95963397 | D87: =D4/(D4+D86) -> 0.94497031 | E87: =E4/(E4+E86) -> 0.90919662 | F87: =F4/(F4+F86) -> 0.85552107 | G87: =G4/(G4+G86) -> 0.86846088 | H87: =H4/(H4+H86) -> 0.82188275 | I87: =I4/(I4+I86) -> 0.83057809 | ... K87: =K4/(K4+K86) -> 0.88957542
A88: Weight of Debt | B88: =B86/(B4+B86) -> 0.040607181 | C88: =C86/(C4+C86) -> 0.040366027 | D88: =D86/(D4+D86) -> 0.055029686 | E88: =E86/(E4+E86) -> 0.090803385 | F88: =F86/(F4+F86) -> 0.14447893 | G88: =G86/(G4+G86) -> 0.13153912 | H88: =H86/(H4+H86) -> 0.17811725 | I88: =I86/(I4+I86) -> 0.16942191 | ... K88: =K86/(K4+K86) -> 0.11042458
A89: Risk Free Rate (10yr Treasury Yield) | B89: ='Historical Prices'!$S4 -> 4.33 | C89: ='Historical Prices'!$S6 -> 1.51 | D89: ='Historical Prices'!$S7 -> 0.917 | E89: ='Historical Prices'!$S8 -> 1.92 | F89: ='Historical Prices'!$S9 -> 2.69 | G89: ='Historical Prices'!$S10 -> 2.4 | H89: ='Historical Prices'!$S11 -> 2.45 | I89: ='Historical Prices'!$S12 -> 2.27 | J89: ='Historical Prices'!$S13 -> 2.17 | K89: ='Historical Prices'!$S14 -> 3.03 | L89: ='Historical Prices'!$S15 -> 1.76 | M89: ='Historical Prices'!$S16 -> 1.87 | N89: ='Historical Prices'!$S17 -> 3.31
A90: Beta | B90: ='Historical Prices'!$AH$2 -> 1.165 | C90: ='Historical Prices'!$AH$2 -> 1.165 | D90: ='Historical Prices'!$AH$2 -> 1.165 | E90: ='Historical Prices'!$AH$2 -> 1.165 | F90: ='Historical Prices'!$AH$2 -> 1.165 | G90: ='Historical Prices'!$AH$2 -> 1.165 | H90: ='Historical Prices'!$AH$2 -> 1.165 | I90: ='Historical Prices'!$AH$2 -> 1.165 | ... N90: ='Historical Prices'!$AH$2 -> 1.165
A91: Market Premium | B91: 0.06 | C91: 0.06 | D91: 0.06 | E91: 0.06 | F91: 0.06 | G91: 0.06 | H91: 0.06 | I91: 0.06 | J91: 0.06 | K91: 0.06 | L91: 0.06 | M91: 0.06 | N91: 0.06
A92: Cost of equity | B92: =B89%+B90*B91 -> 0.1132 | C92: =C89%+C90*C91 -> 0.085 | D92: =D89%+D90*D91 -> 0.07907 | E92: =E89%+E90*E91 -> 0.0891 | F92: =F89%+F90*F91 -> 0.0968 | G92: =G89%+G90*G91 -> 0.0939 | H92: =H89%+H90*H91 -> 0.0944 | I92: =I89%+I90*I91 -> 0.0926 | ... N92: =N89%+N90*N91 -> 0.103
A93: Cost of Debt | B93: ='Yearly Financials'!C15/B86 -> 0.026742361 | C93: ='Yearly Financials'!D15/C86 -> 0.03402882 | D93: ='Yearly Financials'!E15/D86 -> 0.023947252 | E93: ='Yearly Financials'!F15/E86 -> 0.022306087 | F93: ='Yearly Financials'!G15/F86 -> 0.026060966 | G93: ='Yearly Financials'!H15/G86 -> 0.032139487 | H93: ='Yearly Financials'!I15/H86 -> 0.02815396 | I93: ='Yearly Financials'!J15/I86 -> 0.022919215 | ... K93: ='Yearly Financials'!L15/K86 -> 0.014695711
A95: Data for Calculating "ROIC"
A96: Net Operating Profit After Tax (NOPAT) | B96: =B41*(1-B60) -> 1.0069135e+11 | C96: =C41*(1-C60) -> 9.6963429e+10 | D96: =D41*(1-D60) -> 9.965146e+10 | E96: =E41*(1-E60) -> 9.4060547e+10 | F96: =F41*(1-F60) -> 5.616945e+10 | G96: =G41*(1-G60) -> 5.2827996e+10 | H96: =H41*(1-H60) -> 5.6885643e+10 | I96: =I41*(1-I60) -> 4.498657e+10 | ... N96: =N41*(1-N60) -> 4.1342335e+10
A97: invested capital | B97: ='Yearly Financials'!C44-'Yearly Financials'!C45-('Yearly Financials'!C30-MAX(0,'Yearly Financials'!C50-'Yearly Financials'!C34+'Yearly Financials'!C30)) -> 285649000000 | C97: ='Yearly Financials'!D44-'Yearly Financials'!D45-('Yearly Financials'!D30-MAX(0,'Yearly Financials'!D50-'Yearly Financials'!D34+'Yearly Financials'!D30)) -> 291714000000 | D97: ='Yearly Financials'!E44-'Yearly Financials'!E45-('Yearly Financials'!E30-MAX(0,'Yearly Financials'!E50-'Yearly Financials'!E34+'Yearly Financials'!E30)) -> 307217000000 | E97: ='Yearly Financials'!F44-'Yearly Financials'!F45-('Yearly Financials'!F30-MAX(0,'Yearly Financials'!F50-'Yearly Financials'!F34+'Yearly Financials'!F30)) -> 286884000000 | F97: ='Yearly Financials'!G44-'Yearly Financials'!G45-('Yearly Financials'!G30-MAX(0,'Yearly Financials'!G50-'Yearly Financials'!G34+'Yearly Financials'!G30)) -> 243271000000 | G97: ='Yearly Financials'!H44-'Yearly Financials'!H45-('Yearly Financials'!H30-MAX(0,'Yearly Financials'!H50-'Yearly Financials'!H34+'Yearly Financials'!H30)) -> 235179000000 | H97: ='Yearly Financials'!I44-'Yearly Financials'!I45-('Yearly Financials'!I30-MAX(0,'Yearly Financials'!I50-'Yearly Financials'!I34+'Yearly Financials'!I30)) -> 295364000000 | I97: ='Yearly Financials'!J44-'Yearly Financials'!J45-('Yearly Financials'!J30-MAX(0,'Yearly Financials'!J50-'Yearly Financials'!J34+'Yearly Financials'!J30)) -> 298439000000 | ... N97: ='Yearly Financials'!O44-'Yearly Financials'!O45-('Yearly Financials'!O30-MAX(0,'Yearly Financials'!O50-'Yearly Financials'!O34+'Yearly Financials'!O30)) -> 135778000000
A99: Data for Calculating "Working Capital to Total Assets Ratio"
A100: Net Working Capital | B100: ='Yearly Financials'!C34-'Yearly Financials'!C50 -> 9719000000 | C100: ='Yearly Financials'!D34-'Yearly Financials'!D50 -> -1742000000 | D100: ='Yearly Financials'!E34-'Yearly Financials'!E50 -> -18577000000 | E100: ='Yearly Financials'!F34-'Yearly Financials'!F50 -> 9355000000 | F100: ='Yearly Financials'!G34-'Yearly Financials'!G50 -> 38321000000 | G100: ='Yearly Financials'!H34-'Yearly Financials'!H50 -> 57101000000 | H100: ='Yearly Financials'!I34-'Yearly Financials'!I50 -> 14473000000 | I100: ='Yearly Financials'!J34-'Yearly Financials'!J50 -> 27831000000 | ... N100: ='Yearly Financials'!O34-'Yearly Financials'!O50 -> 19111000000

Sheet QoQ Ratios
A1: ='YoY Ratios'!$A$1 -> AAPL | B1: Month of Fiscal Yr End | D1: =VLOOKUP(A1,'Screener 16.12.2022'!B:AC,MATCH(B1,'Screener 16.12.2022'!B6:AC6,),) -> 9
A2: DATE (End of the Year Calculation) | B2: ='Quarterly Financials'!C2 -> LQ | C2: ='Quarterly Financials'!D2 -> LQ-1 | D2: ='Quarterly Financials'!E2 -> LQ-2 | E2: ='Quarterly Financials'!F2 -> LQ-3 | F2: ='Quarterly Financials'!G2 -> LQ-4 | G2: ='Quarterly Financials'!H2 -> LQ-5 | H2: ='Quarterly Financials'!I2 -> LQ-6 | I2: ='Quarterly Financials'!J2 -> LQ-7 | ... L2: ='Quarterly Financials'!M2 -> LQ-10
A3: Price | B3: =R4 -> 166.9 | C3: ='Historical Prices'!$M5 -> 136.39 | D3: ='Historical Prices'!$M6 -> 134.74 | E3: ='Historical Prices'!$M7 -> 171.83 | F3: ='Historical Prices'!$M8 -> 174.52 | G3: ='Historical Prices'!$M9 -> 138.86 | H3: ='Historical Prices'!$M10 -> 134.21 | I3: ='Historical Prices'!$M11 -> 119.49 | J3: ='Historical Prices'!$M12 -> 129.61 | K3: ='Historical Prices'!$M13 -> 112.93 | L3: ='Historical Prices'!$M14 -> 88.77 | N3: Company Description | Q3: Company Prices Description
A4: Market Cap | B4: =B3*'Quarterly Financials'!C24 -> 2588579444700 | C4: =C3*'Quarterly Financials'!D24 -> 2.1276068e+12 | D4: =D3*'Quarterly Financials'!E24 -> 2.1150965e+12 | E4: =E3*'Quarterly Financials'!F24 -> 2712706671820 | F4: =F3*'Quarterly Financials'!G24 -> 2773598017960 | G4: =G3*'Quarterly Financials'!H24 -> 2225978844520 | H4: =H3*'Quarterly Financials'!I24 -> 2.1692288e+12 | I4: =I3*'Quarterly Financials'!J24 -> 1945154050980 | ... L4: =L3*'Quarterly Financials'!M24 -> 1476189263670 | N4: Ticker | O4: ='YoY Ratios'!$A$1 -> AAPL | Q4: Price | R4: {=_xldudf_WISEPRICE($A$1,Q4:Q6)} -> 166.9
A5: Enterprise Value (EV) | B5: =B4+'Quarterly Financials'!C66-'Quarterly Financials'!C30 -> 2623519444700 | C5: =C4+'Quarterly Financials'!D66-'Quarterly Financials'!D30 -> 2177139803260 | D5: =D4+'Quarterly Financials'!E66-'Quarterly Financials'!E30 -> 2161894510360 | E5: =E4+'Quarterly Financials'!F66-'Quarterly Financials'!F30 -> 2766449671820 | F5: =F4+'Quarterly Financials'!G66-'Quarterly Financials'!G30 -> 2833353017960 | G5: =G4+'Quarterly Financials'!H66-'Quarterly Financials'!H30 -> 2297743844520 | H5: =H4+'Quarterly Financials'!I66-'Quarterly Financials'!I30 -> 2240688848450 | I5: =I4+'Quarterly Financials'!J66-'Quarterly Financials'!J30 -> 2013624050980 | ... L5: =L4+'Quarterly Financials'!M66-'Quarterly Financials'!M30 -> 1536284263670 | N5: Company Name | O5: {=_xldudf_WISEPRICE($A$1,N5:N14)} -> Unavailable | Q5: Year High | R5: 199.62
A6: Dividend Yield % | B6: =B65/B3 -> 0.006111444 | C6: =C65/C3 -> 0.0071852775 | D6: =D65/D3 -> 0.006976399 | E6: =E65/E3 -> 0.005237735 | F6: =F65/F3 -> 0.0048705019 | G6: =G65/G3 -> 0.0057251908 | H6: =H65/H3 -> 0.0055882572 | I6: =I65/I3 -> 0.0056908528 | ... K6: =K65/K3 -> 0.0048259984 | N6: Website | O6: https://www.apple.com | Q6: Year Low | R6: 162.8
A7: Shares Buyback Ratio% | B7: =('Quarterly Financials'!D24-'Quarterly Financials'!C24)/'Quarterly Financials'!D24 -> 0.0057483496 | C7: =('Quarterly Financials'!E24-'Quarterly Financials'!D24)/'Quarterly Financials'!E24 -> 0.0062544537 | D7: =('Quarterly Financials'!F24-'Quarterly Financials'!E24)/'Quarterly Financials'!F24 -> 0.0056716999 | E7: =('Quarterly Financials'!G24-'Quarterly Financials'!F24)/'Quarterly Financials'!G24 -> 0.0066425999 | F7: =('Quarterly Financials'!H24-'Quarterly Financials'!G24)/'Quarterly Financials'!H24 -> 0.0085873811 | G7: =('Quarterly Financials'!I24-'Quarterly Financials'!H24)/'Quarterly Financials'!I24 -> 0.0082016613 | H7: =('Quarterly Financials'!J24-'Quarterly Financials'!I24)/'Quarterly Financials'!J24 -> 0.0071170471 | I7: =('Quarterly Financials'!K24-'Quarterly Financials'!J24)/'Quarterly Financials'!K24 -> 0.0068889642 | ... K7: =('Quarterly Financials'!M24-'Quarterly Financials'!L24)/'Quarterly Financials'!M24 -> 0.0085541419 | N7: CEO | O7: Mr. Timothy D. Cook | Q7: YTD Change % | R7: =(R4-'Historical Prices'!C245)/'Historical Prices'!C245 -> -0.24914522
A8: Earnings per Share (EPS Basic) | B8: ='Quarterly Financials'!C21/'Quarterly Financials'!C24 -> 2.1867517 | C8: ='Quarterly Financials'!D21/'Quarterly Financials'!D24 -> 1.4715919 | D8: ='Quarterly Financials'!E21/'Quarterly Financials'!E24 -> 1.2664982 | E8: ='Quarterly Financials'!F21/'Quarterly Financials'!F24 -> 1.5303582 | F8: ='Quarterly Financials'!G21/'Quarterly Financials'!G24 -> 1.8875305 | G8: ='Quarterly Financials'!H21/'Quarterly Financials'!H24 -> 1.292608 | H8: ='Quarterly Financials'!I21/'Quarterly Financials'!I24 -> 1.2028748 | I8: ='Quarterly Financials'!J21/'Quarterly Financials'!J24 -> 1.5363538 | ... L8: ='Quarterly Financials'!M21/'Quarterly Financials'!M24 -> 1.307566 | N8: Country | O8: US | Q8: BETA | R8: {=_xldudf_WISEPRICE($A$1,Q8)} -> 1.276
A9: Revenue per Share (RPS) | B9: =B10/'Quarterly Financials'!C24 -> 7.70966 | C9: =C10/'Quarterly Financials'!D24 -> 5.7372594 | D9: =D10/'Quarterly Financials'!E24 -> 5.2107919 | E9: =E10/'Quarterly Financials'!F24 -> 6.0071625 | F9: =F10/'Quarterly Financials'!G24 -> 7.3715499 | G9: =G10/'Quarterly Financials'!H24 -> 5.6234468 | H9: =H10/'Quarterly Financials'!I24 -> 5.1326661 | I9: =I10/'Quarterly Financials'!J24 -> 5.9757469 | ... L9: =L10/'Quarterly Financials'!M24 -> 4.8969982 | N9: Currency | O9: USD | Q9: Dividend Yield | R9: =$B$6 -> 0.006111444
A10: Revenue | B10: ='Quarterly Financials'!C4 -> 119575000000 | C10: ='Quarterly Financials'!D4 -> 89498000000 | D10: ='Quarterly Financials'!E4 -> 81797000000 | E10: ='Quarterly Financials'!F4 -> 94836000000 | F10: ='Quarterly Financials'!G4 -> 117154000000 | G10: ='Quarterly Financials'!H4 -> 90146000000 | H10: ='Quarterly Financials'!I4 -> 82959000000 | I10: ='Quarterly Financials'!J4 -> 97278000000 | ... L10: ='Quarterly Financials'!M4 -> 81434000000 | N10: Exchange Short Name | O10: NASDAQ | Q10: Market Cap | R10: =$B$4 -> 2588579444700
A11: Gross Profit | B11: ='Quarterly Financials'!C6 -> 54855000000 | C11: ='Quarterly Financials'!D6 -> 40427000000 | D11: ='Quarterly Financials'!E6 -> 36413000000 | E11: ='Quarterly Financials'!F6 -> 41976000000 | F11: ='Quarterly Financials'!G6 -> 50332000000 | G11: ='Quarterly Financials'!H6 -> 38095000000 | H11: ='Quarterly Financials'!I6 -> 35885000000 | I11: ='Quarterly Financials'!J6 -> 42559000000 | ... L11: ='Quarterly Financials'!M6 -> 35255000000 | N11: Sector | O11: Technology | Q11: EV | R11: =$B$5 -> 2623519444700
A12: Revenue Growth% | B12: =(B10/C10)-1 -> 0.33606338 | C12: =(C10/D10)-1 -> 0.094147707 | D12: =(D10/E10)-1 -> -0.13748998 | E12: =(E10/F10)-1 -> -0.19050139 | F12: =(F10/G10)-1 -> 0.29960287 | G12: =(G10/H10)-1 -> 0.086633156 | H12: =(H10/I10)-1 -> -0.14719669 | I12: =(I10/J10)-1 -> -0.21515188 | ... K12: =(K10/L10)-1 -> 0.023651055 | N12: Industry | O12: Consumer Electronics
A13: EPS Basic Growth% | B13: =(B8/C8)-1 -> 0.48597701 | C13: =(C8/D8)-1 -> 0.16193757 | D13: =(D8/E8)-1 -> -0.17241713 | E13: =(E8/F8)-1 -> -0.18922734 | F13: =(F8/G8)-1 -> 0.46024977 | G13: =(G8/H8)-1 -> 0.074598909 | H13: =(H8/I8)-1 -> -0.21705872 | I13: =(I8/J8)-1 -> -0.27278406 | ... K13: =(K8/L8)-1 -> -0.046711142 | N13: Full Time Employees | O13: 161000
A14: EBITDA Growth% | B14: =(B42/C42)-1 -> 0.45908446 | C14: =(C42/D42)-1 -> 0.13712092 | D14: =(D42/E42)-1 -> -0.16549206 | E14: =(E42/F42)-1 -> -0.19819172 | F14: =(F42/G42)-1 -> 0.40250009 | G14: =(G42/H42)-1 -> 0.072562884 | H14: =(H42/I42)-1 -> -0.20891918 | I14: =(I42/J42)-1 -> -0.25956773 | ... K14: =(K42/L42)-1 -> -0.0067883374 | N14: Description | O14: Apple Inc. designs, manufactures, and markets smartphones, personal computers, tablets, wearables, and accessories worldwide. The company offers iPhone, a line of smartphones; Mac, a line of personal computers; iPad, a line of multi-purpose tablets; and wearables, home, and accessories comprising AirPods, Apple TV, Apple Watch, Beats products, and HomePod. It also provides AppleCare support and cloud services; and operates various platforms, including the App Store that allow customers to discover and download applications and digital content, such as books, music, video, games, and podcasts. In addition, the company offers various services, such as Apple Arcade, a game subscription service; Apple Fitness+, a personalized fitness service; Apple Music, which offers users a curated listening experience with on-demand radio stations; Apple News+, a subscription news and magazine service; Apple TV+, which offers exclusive original content; Apple Card, a co-branded credit card; and Apple Pay, a cashless payment service, as well as licenses its intellectual property. The company serves consumers, and small and mid-sized businesses; and the education, enterprise, and government markets. It distributes third-party applications for its products through the App Store. The company also sells its products through its retail and online stores, and direct sales force; and third-party cellular network carriers, wholesalers, retailers, and resellers. Apple Inc. was incorporated in 1977 and is headquartered in Cupertino, California.
A15: Price per Share Ratio (PE) | B15: =B3/B8 -> 76.323253 | C15: =C3/C8 -> 92.681948 | D15: =D3/D8 -> 106.38783 | E15: =E3/E8 -> 112.28091 | F15: =F3/F8 -> 92.459431 | G15: =G3/G8 -> 107.42623 | H15: =H3/H8 -> 111.57437 | I15: =I3/I8 -> 77.775052 | ... L15: =L3/L8 -> 67.889499 | N15: Next Earnings Announcement | O15: =VLOOKUP($A$1,'Screener 16.12.2022'!B:T,MATCH($N$15,'Screener 16.12.2022'!B5:T5)) -> 20230126
A16: Price per Earnings Growth per Share (PEG) | B16: =B15/B13/100 -> 1.5705116 | C16: =C15/C13/100 -> 5.7233134 | D16: =D15/D13/100 -> -6.1703751 | E16: =E15/E13/100 -> -5.9336514 | F16: =F15/F13/100 -> 2.0088968 | G16: =G15/G13/100 -> 14.400509 | H16: =H15/H13/100 -> -5.140285 | I16: =I15/I13/100 -> -2.8511583 | ... K16: =K15/K13/100 -> -19.395488
A17: Price per Revenue Per share (PPRPS) | B17: =B3/B9 -> 21.648166 | C17: =C3/C9 -> 23.772674 | D17: =D3/D9 -> 25.857874 | E17: =E3/E9 -> 28.604187 | F17: =F3/F9 -> 23.674804 | G17: =G3/G9 -> 24.693041 | H17: =H3/H9 -> 26.148204 | I17: =I3/I9 -> 19.995827 | ... L17: =L3/L9 -> 18.127432
A18: Price per EBITDA Growth per Share | B18: =B15/B14/100 -> 1.66251 | C18: =C15/C14/100 -> 6.7591398 | D18: =D15/D14/100 -> -6.4285765 | E18: =E15/E14/100 -> -5.6652672 | F18: =F15/F14/100 -> 2.2971282 | G18: =G15/G14/100 -> 14.80457 | H18: =H15/H14/100 -> -5.3405516 | I18: =I15/I14/100 -> -2.9963298 | ... K18: =K15/K14/100 -> -133.46204 | O18: Always check the cells values to correct it after i change ticker!
A19: Price per Book Value per Share | B19: =B3/B21 -> 34.933596 | C19: =C3/C21 -> 34.235619 | D19: =D3/D21 -> 35.091358 | E19: =E3/E21 -> 43.642116 | F19: =F3/F21 -> 48.89379 | G19: =G3/G21 -> 43.929169 | H19: =H3/H21 -> 37.331627 | I19: =I3/I21 -> 28.860281 | ... L19: =L3/L21 -> 22.964985
A20: Price per Free Cash Flow per Share | B20: =B3/B61 -> 69.023263 | C20: =C3/C61 -> 109.47295 | D20: =D3/D61 -> 87.087599 | E20: =E3/E61 -> 105.78329 | F20: =F3/F61 -> 91.786287 | G20: =G3/G61 -> 106.82306 | H20: =H3/H61 -> 104.34001 | I20: =I3/I61 -> 75.828553 | ... L20: =L3/L61 -> 77.690083 | N20: Segment revenues | O20: ='Historical Prices'!$AT$1 -> LQ | P20: ='Historical Prices'!$AT$13 -> LQ-1 | Q20: ='Historical Prices'!$AT$25 -> LQ-2 | R20: ='Historical Prices'!$AT$37 -> LQ-3 | S20: ='Historical Prices'!$AT$49 -> LQ-4
A21: Book Value Per Share | B21: =('Quarterly Financials'!C63-'Quarterly Financials'!C59)/'Quarterly Financials'!C24 -> 4.7776359 | C21: =('Quarterly Financials'!D63-'Quarterly Financials'!D59)/'Quarterly Financials'!D24 -> 3.9838625 | D21: =('Quarterly Financials'!E63-'Quarterly Financials'!E59)/'Quarterly Financials'!E24 -> 3.8396918 | E21: =('Quarterly Financials'!F63-'Quarterly Financials'!F59)/'Quarterly Financials'!F24 -> 3.9372518 | F21: =('Quarterly Financials'!G63-'Quarterly Financials'!G59)/'Quarterly Financials'!G24 -> 3.5693695 | G21: =('Quarterly Financials'!H63-'Quarterly Financials'!H59)/'Quarterly Financials'!H24 -> 3.1609977 | H21: =('Quarterly Financials'!I63-'Quarterly Financials'!I59)/'Quarterly Financials'!I24 -> 3.595075 | I21: =('Quarterly Financials'!J63-'Quarterly Financials'!J59)/'Quarterly Financials'!J24 -> 4.1402924 | ... L21: =('Quarterly Financials'!M63-'Quarterly Financials'!M59)/'Quarterly Financials'!M24 -> 3.8654499 | N21: ='Historical Prices'!$AK$15 -> Mac | O21: ='Historical Prices'!$AT$3 -> 8046000000 | P21: ='Historical Prices'!$AT$15 -> 7949000000 | Q21: ='Historical Prices'!$AT$27 -> 8987000000 | R21: ='Historical Prices'!$AT$39 -> 7744000000 | S21: ='Historical Prices'!$AT$51 -> 7009000000
A22: Price to Operating Cash Flow per Share | B22: =B3/B63 -> 64.884809 | C22: =C3/C63 -> 98.509436 | D22: =D3/D63 -> 80.178033 | E22: =E3/E63 -> 94.982727 | F22: =F3/F63 -> 81.564418 | G22: =G3/G63 -> 92.260905 | H22: =H3/H63 -> 94.759254 | I22: =I3/I63 -> 69.060358 | ... L22: =L3/L63 -> 69.981476 | N22: Percentage to Revenue | O22: ='Historical Prices'!$AU$3 -> 0.085562976 | P22: ='Historical Prices'!$AU$15 -> 0.083358676 | Q22: ='Historical Prices'!$AU$27 -> 0.072300885 | R22: ='Historical Prices'!$AU$39 -> 0.081575898 | S22: ='Historical Prices'!$AU$51 -> 0.081711881
A23: Market Cap/Revenue Multiples (PS ratio) | B23: =B4/B10 -> 21.648166 | C23: =C4/C10 -> 23.772674 | D23: =D4/D10 -> 25.857874 | E23: =E4/E10 -> 28.604187 | F23: =F4/F10 -> 23.674804 | G23: =G4/G10 -> 24.693041 | H23: =H4/H10 -> 26.148204 | I23: =I4/I10 -> 19.995827 | ... L23: =L4/L10 -> 18.127432 | N23: ='Historical Prices'!$AK$16 -> Service | O23: ='Historical Prices'!$AT$4 -> 27423000000 | P23: ='Historical Prices'!$AT$16 -> 26645000000 | Q23: ='Historical Prices'!$AT$28 -> 26340000000 | R23: ='Historical Prices'!$AT$40 -> 24972000000 | S23: ='Historical Prices'!$AT$52 -> 24213000000
A24: EV/Revenue Multiples | B24: =B5/B10 -> 21.940368 | C24: =C5/C10 -> 24.326128 | D24: =D5/D10 -> 26.429998 | E24: =E5/E10 -> 29.170881 | F24: =F5/F10 -> 24.184859 | G24: =G5/G10 -> 25.489138 | H24: =H5/H10 -> 27.009593 | I24: =I5/I10 -> 20.699686 | ... L24: =L5/L10 -> 18.865391 | N24: Percentage to Revenue | O24: ='Historical Prices'!$AU$4 -> 0.29162236 | P24: ='Historical Prices'!$AU$16 -> 0.27941778 | Q24: ='Historical Prices'!$AU$28 -> 0.21190668 | R24: ='Historical Prices'!$AU$40 -> 0.26305699 | S24: ='Historical Prices'!$AU$52 -> 0.28227847
A25: EV/EBIT | B25: =B5/B41 -> 64.982029 | C25: =C5/C41 -> 80.727495 | D25: =D5/D41 -> 94.003588 | E25: =E5/E41 -> 97.692269 | F25: =F5/F41 -> 78.669286 | G25: =G5/G41 -> 92.30111 | H25: =H5/H41 -> 97.100401 | I25: =I5/I41 -> 67.167819 | ... L25: =L5/L41 -> 63.677537 | N25: ='Historical Prices'!$AK$17 -> Wearables, Home and Accessories | O25: ='Historical Prices'!$AT$5 -> 7404000000 | P25: ='Historical Prices'!$AT$17 -> 7522000000 | Q25: ='Historical Prices'!$AT$29 -> 11747000000 | R25: ='Historical Prices'!$AT$41 -> 9042000000 | S25: ='Historical Prices'!$AT$53 -> 8097000000
A26: EV/EBITDA | B26: =B5/B42 -> 60.70011 | C26: =C5/C42 -> 73.497394 | D26: =D5/D42 -> 82.990192 | E26: =E5/E42 -> 88.622811 | F26: =F5/F42 -> 72.776971 | G26: =G5/G42 -> 82.774734 | H26: =H5/H42 -> 86.576595 | I26: =I5/I42 -> 61.548602 | ... L26: =L5/L42 -> 56.988065 | N26: Percentage to Revenue | O26: ='Historical Prices'!$AU$5 -> 0.078735803 | P26: ='Historical Prices'!$AU$17 -> 0.078880861 | Q26: ='Historical Prices'!$AU$29 -> 0.094505229 | R26: ='Historical Prices'!$AU$41 -> 0.095249131 | S26: ='Historical Prices'!$AU$53 -> 0.094395934
A27: Gross Margin % | B27: =B11/B10 -> 0.45874974 | C27: =C11/C10 -> 0.45170842 | D27: =D11/D10 -> 0.44516303 | E27: =E11/E10 -> 0.44261673 | F27: =F11/F10 -> 0.42962255 | G27: =G11/G10 -> 0.42259224 | H27: =H11/H10 -> 0.43256307 | I27: =I11/I10 -> 0.43749872 | ... L27: =L11/L10 -> 0.43292728 | N27: ='Historical Prices'!$AK$18 -> iPad | O27: ='Historical Prices'!$AT$6 -> 6581000000 | P27: ='Historical Prices'!$AT$18 -> 6402000000 | Q27: ='Historical Prices'!$AT$30 -> 8088000000 | R27: ='Historical Prices'!$AT$42 -> 6950000000 | S27: ='Historical Prices'!$AT$54 -> 7162000000
A28: Net Margin % | B28: ='Quarterly Financials'!C21/B10 -> 0.28363788 | C28: ='Quarterly Financials'!D21/C10 -> 0.25649735 | D28: ='Quarterly Financials'!E21/D10 -> 0.24305292 | E28: ='Quarterly Financials'!F21/E10 -> 0.25475558 | F28: ='Quarterly Financials'!G21/F10 -> 0.25605613 | G28: ='Quarterly Financials'!H21/G10 -> 0.22986045 | H28: ='Quarterly Financials'!I21/H10 -> 0.23435673 | I28: ='Quarterly Financials'!J21/I10 -> 0.25709821 | ... L28: ='Quarterly Financials'!M21/L10 -> 0.26701378 | N28: Percentage to Revenue | O28: ='Historical Prices'!$AU$6 -> 0.069983836 | P28: ='Historical Prices'!$AU$18 -> 0.067135771 | Q28: ='Historical Prices'!$AU$30 -> 0.065068383 | R28: ='Historical Prices'!$AU$42 -> 0.07321184 | S28: ='Historical Prices'!$AU$54 -> 0.083495576
A29: FCF Margin % | B29: ='Quarterly Financials'!C99/B10 -> 0.31363579 | C29: ='Quarterly Financials'!D99/C10 -> 0.21715569 | D29: ='Quarterly Financials'!E99/D10 -> 0.29691798 | E29: ='Quarterly Financials'!F99/E10 -> 0.27040364 | F29: ='Quarterly Financials'!G99/F10 -> 0.257934 | G29: ='Quarterly Financials'!H99/G10 -> 0.23115834 | H29: ='Quarterly Financials'!I99/H10 -> 0.25060572 | I29: ='Quarterly Financials'!J99/I10 -> 0.26369786 | ... L29: ='Quarterly Financials'!M99/L10 -> 0.23333006 | N29: ='Historical Prices'!$AK$19 -> iPhone | O29: ='Historical Prices'!$AT$7 -> 44582000000 | P29: ='Historical Prices'!$AT$19 -> 46841000000 | Q29: ='Historical Prices'!$AT$31 -> 69138000000 | R29: ='Historical Prices'!$AT$43 -> 46222000000 | S29: ='Historical Prices'!$AT$55 -> 39296000000
A30: Pretax profit/EBT Margin% | B30: =B40/B10 -> 0.33763747 | C30: =C40/C10 -> 0.29014056 | D30: =D40/D10 -> 0.26895852 | E30: =E40/E10 -> 0.28879329 | F30: =F40/F10 -> 0.29886303 | G30: =G40/G10 -> 0.26697801 | H30: =H40/H10 -> 0.26949457 | I30: =I40/I10 -> 0.30107527 | ... L30: =L40/L10 -> 0.28809834 | N30: Percentage to Revenue | O30: ='Historical Prices'!$AU$7 -> 0.47409503 | P30: ='Historical Prices'!$AU$19 -> 0.49120691 | Q30: ='Historical Prices'!$AU$31 -> 0.55621883 | R30: ='Historical Prices'!$AU$43 -> 0.48690614 | S30: ='Historical Prices'!$AU$55 -> 0.45811814
A31: Operating/EBIT Margin % | B31: =B41/B10 -> 0.33763747 | C31: =C41/C10 -> 0.30133634 | D31: =D41/D10 -> 0.28115946 | E31: =E41/E10 -> 0.29859969 | F31: =F41/F10 -> 0.30742442 | G31: =G41/G10 -> 0.27615202 | H31: =H41/H10 -> 0.2781615 | I31: =I41/I10 -> 0.30817862 | ... L31: =L41/L10 -> 0.29626446 | N31: ='Historical Prices'!$AK$20 -> 0 | O31: ='Historical Prices'!$AT$8 -> 0 | P31: ='Historical Prices'!$AT$20 -> 0 | Q31: ='Historical Prices'!$AT$32 -> 0 | R31: ='Historical Prices'!$AT$44 -> 0 | S31: ='Historical Prices'!$AT$56 -> 0
A32: EBITDA Margin% | B32: =B42/B10 -> 0.36145515 | C32: =C42/C10 -> 0.33097946 | D32: =D42/D10 -> 0.31847134 | E32: =E42/E10 -> 0.3291577 | F32: =F42/F10 -> 0.33231473 | G32: =G42/G10 -> 0.3079338 | H32: =H42/H10 -> 0.31197338 | I32: =I42/I10 -> 0.33631448 | ... L32: =L42/L10 -> 0.33104109 | N32: Percentage to Revenue | O32: ='Historical Prices'!$AU$8 -> 0 | P32: ='Historical Prices'!$AU$20 -> 0 | Q32: ='Historical Prices'!$AU$32 -> 0 | R32: ='Historical Prices'!$AU$44 -> 0 | S32: ='Historical Prices'!$AU$56 -> 0
A33: Sales to Assets Ratio | B33: =B10/'Quarterly Financials'!C44 -> 0.33824686 | C33: =C10/'Quarterly Financials'!D44 -> 0.25383527 | D33: =D10/'Quarterly Financials'!E44 -> 0.24414246 | E33: =E10/'Quarterly Financials'!F44 -> 0.28551301 | F33: =F10/'Quarterly Financials'!G44 -> 0.33786594 | G33: =G10/'Quarterly Financials'!H44 -> 0.25554847 | H33: =H10/'Quarterly Financials'!I44 -> 0.24667493 | I33: =I10/'Quarterly Financials'!J44 -> 0.27741244 | ... L33: =L10/'Quarterly Financials'!M44 -> 0.2468894 | N33: ='Historical Prices'!$AK$21 -> 0 | O33: ='Historical Prices'!$AT$9 -> 0 | P33: ='Historical Prices'!$AT$21 -> 0 | Q33: ='Historical Prices'!$AT$33 -> 0 | R33: ='Historical Prices'!$AT$45 -> 0 | S33: ='Historical Prices'!$AT$57 -> 0
A34: Return on Assets (ROA) % | B34: ='Quarterly Financials'!C21/'Quarterly Financials'!C44 -> 0.095939623 | C34: ='Quarterly Financials'!D21/'Quarterly Financials'!D44 -> 0.065108074 | D34: ='Quarterly Financials'!E21/'Quarterly Financials'!E44 -> 0.059339538 | E34: ='Quarterly Financials'!F21/'Quarterly Financials'!F44 -> 0.072736031 | F34: ='Quarterly Financials'!G21/'Quarterly Financials'!G44 -> 0.086512645 | G34: ='Quarterly Financials'!H21/'Quarterly Financials'!H44 -> 0.058740486 | H34: ='Quarterly Financials'!I21/'Quarterly Financials'!I44 -> 0.057809931 | I34: ='Quarterly Financials'!J21/'Quarterly Financials'!J44 -> 0.071322242 | ... L34: ='Quarterly Financials'!M21/'Quarterly Financials'!M44 -> 0.065922872 | N34: Percentage to Revenue | O34: ='Historical Prices'!$AU$9 -> 0 | P34: ='Historical Prices'!$AU$21 -> 0 | Q34: ='Historical Prices'!$AU$33 -> 0 | R34: ='Historical Prices'!$AU$45 -> 0 | S34: ='Historical Prices'!$AU$57 -> 0
A35: Return on Equity (ROE) % | B35: ='Quarterly Financials'!C21/'Quarterly Financials'!C63 -> 0.4577058 | C35: ='Quarterly Financials'!D21/'Quarterly Financials'!D63 -> 0.36938821 | D35: ='Quarterly Financials'!E21/'Quarterly Financials'!E63 -> 0.32984371 | E35: ='Quarterly Financials'!F21/'Quarterly Financials'!F63 -> 0.38868689 | F35: ='Quarterly Financials'!G21/'Quarterly Financials'!G63 -> 0.52881344 | G35: ='Quarterly Financials'!H21/'Quarterly Financials'!H63 -> 0.40892406 | H35: ='Quarterly Financials'!I21/'Quarterly Financials'!I63 -> 0.33458964 | I35: ='Quarterly Financials'!J21/'Quarterly Financials'!J63 -> 0.37107375 | ... L35: ='Quarterly Financials'!M21/'Quarterly Financials'!M63 -> 0.33827007
A36: Return on Capital Employed (ROCE)% | B36: =B41/B83 -> 0.18389731 | C36: =C41/C83 -> 0.13011217 | D36: =D41/D83 -> 0.10947519 | E36: =E41/E83 -> 0.13352194 | F36: =F41/F83 -> 0.17194609 | G36: =G41/G83 -> 0.12523834 | H36: =H41/H83 -> 0.11178283 | I36: =I41/I83 -> 0.1343422 | ... L36: =L41/L83 -> 0.10863359 | N36: Geographic Revenues | O36: =O20 -> LQ | P36: =P20 -> LQ-1 | Q36: =Q20 -> LQ-2 | R36: =R20 -> LQ-3 | S36: =S20 -> LQ-4
A37: WACC % | B37: =B87*B92+B88*B93*(1-B60) -> 0.10860327 | C37: =C87*C92+C88*C93*(1-C60) -> 0.081192848 | D37: =D87*D92+D88*D93*(1-D60) -> 0.075570231 | E37: =E87*E92+E88*E93*(1-E60) -> 0.085895451 | F37: =F87*F92+F88*F93*(1-F60) -> 0.093218647 | G37: =G87*G92+G88*G93*(1-G60) -> 0.089396326 | H37: =H87*H92+H88*H93*(1-H60) -> 0.089721205 | I37: =I87*I92+I88*I93*(1-I60) -> 0.087436461 | ... L37: =L87*L92+L88*L93*(1-L60) -> 0.084417697 | N37: ='Historical Prices'!$AW$15 -> Americas Segment | O37: ='Historical Prices'!$AX$3 -> 41198000000 | P37: ='Historical Prices'!$AX$15 -> 40315000000 | Q37: ='Historical Prices'!$AX$27 -> 52648000000 | R37: ='Historical Prices'!$AX$39 -> 41664000000 | S37: ='Historical Prices'!$AX$51 -> 37678000000
A38: Return on Invested Capital(ROIC) % | B38: =B96/('Quarterly Financials'!C66+'Quarterly Financials'!C63) -> 0.18648293 | C38: =C96/('Quarterly Financials'!D66+'Quarterly Financials'!D63) -> 0.13144665 | D38: =D96/('Quarterly Financials'!E66+'Quarterly Financials'!E63) -> 0.11805456 | E38: =E96/('Quarterly Financials'!F66+'Quarterly Financials'!F63) -> 0.13944354 | F38: =F96/('Quarterly Financials'!G66+'Quarterly Financials'!G63) -> 0.18011442 | G38: =G96/('Quarterly Financials'!H66+'Quarterly Financials'!H63) -> 0.12195518 | H38: =H96/('Quarterly Financials'!I66+'Quarterly Financials'!I63) -> 0.10874955 | I38: =I96/('Quarterly Financials'!J66+'Quarterly Financials'!J63) -> 0.13197241 | ... L38: =L96/('Quarterly Financials'!M66+'Quarterly Financials'!M63) -> 0.11515279 | N38: Percentage to Revenue | O38: ='Historical Prices'!$AY$3 -> 0.43810881 | P38: ='Historical Prices'!$AY$15 -> 0.42277079 | Q38: ='Historical Prices'!$AY$27 -> 0.42355591 | R38: ='Historical Prices'!$AY$39 -> 0.43889182 | S38: ='Historical Prices'!$AY$51 -> 0.43925528
A39: Return on Invested Capital(ROIC) % | B39: =B96/((C97+B97)/2) -> 0.11765908 | C39: =C96/((D97+C97)/2) -> 0.078202991 | D39: =D96/((E97+D97)/2) -> 0.068197414 | E39: =E96/((F97+E97)/2) -> 0.080687319 | F39: =F96/((G97+F97)/2) -> 0.10000699 | G39: =G96/((H97+G97)/2) -> 0.067963358 | H39: =H96/((I97+H97)/2) -> 0.063099599 | I39: =I96/((J97+I97)/2) -> 0.081270908 | ... K39: =K96/((L97+K97)/2) -> 0.073767179 | N39: ='Historical Prices'!$AW$16 -> Europe Segment | O39: ='Historical Prices'!$AX$4 -> 24014000000 | P39: ='Historical Prices'!$AX$16 -> 24454000000 | Q39: ='Historical Prices'!$AX$28 -> 33861000000 | R39: ='Historical Prices'!$AX$40 -> 24924000000 | S39: ='Historical Prices'!$AX$52 -> 21884000000
A40: EBT | B40: =B41-'Quarterly Financials'!C15 -> 40373000000 | C40: =C41-'Quarterly Financials'!D15 -> 25967000000 | D40: =D41-'Quarterly Financials'!E15 -> 22000000000 | E40: =E41-'Quarterly Financials'!F15 -> 27388000000 | F40: =F41-'Quarterly Financials'!G15 -> 35013000000 | G40: =G41-'Quarterly Financials'!H15 -> 24067000000 | H40: =H41-'Quarterly Financials'!I15 -> 22357000000 | I40: =I41-'Quarterly Financials'!J15 -> 29288000000 | ... L40: =L41-'Quarterly Financials'!M15 -> 23461000000 | N40: Percentage to Revenue | O40: ='Historical Prices'!$AY$4 -> 0.25537028 | P40: ='Historical Prices'!$AY$16 -> 0.25644145 | Q40: ='Historical Prices'!$AY$28 -> 0.27241352 | R40: ='Historical Prices'!$AY$40 -> 0.26255135 | S40: ='Historical Prices'!$AY$52 -> 0.25512667
A41: EBIT | B41: =B10-'Quarterly Financials'!C5-'Quarterly Financials'!C12 -> 40373000000 | C41: =C10-'Quarterly Financials'!D5-'Quarterly Financials'!D12 -> 26969000000 | D41: =D10-'Quarterly Financials'!E5-'Quarterly Financials'!E12 -> 22998000000 | E41: =E10-'Quarterly Financials'!F5-'Quarterly Financials'!F12 -> 28318000000 | F41: =F10-'Quarterly Financials'!G5-'Quarterly Financials'!G12 -> 36016000000 | G41: =G10-'Quarterly Financials'!H5-'Quarterly Financials'!H12 -> 24894000000 | H41: =H10-'Quarterly Financials'!I5-'Quarterly Financials'!I12 -> 23076000000 | I41: =I10-'Quarterly Financials'!J5-'Quarterly Financials'!J12 -> 29979000000 | ... L41: =L10-'Quarterly Financials'!M5-'Quarterly Financials'!M12 -> 24126000000 | N41: ='Historical Prices'!$AW$17 -> Greater China Segment | O41: ='Historical Prices'!$AX$5 -> 15369000000 | P41: ='Historical Prices'!$AX$17 -> 16002000000 | Q41: ='Historical Prices'!$AX$29 -> 18513000000 | R41: ='Historical Prices'!$AX$41 -> 15033000000 | S41: ='Historical Prices'!$AX$53 -> 14728000000
A42: EBITDA | B42: =B41+'Quarterly Financials'!C16 -> 43221000000 | C42: =C41+'Quarterly Financials'!D16 -> 29622000000 | D42: =D41+'Quarterly Financials'!E16 -> 26050000000 | E42: =E41+'Quarterly Financials'!F16 -> 31216000000 | F42: =F41+'Quarterly Financials'!G16 -> 38932000000 | G42: =G41+'Quarterly Financials'!H16 -> 27759000000 | H42: =H41+'Quarterly Financials'!I16 -> 25881000000 | I42: =I41+'Quarterly Financials'!J16 -> 32716000000 | ... L42: =L41+'Quarterly Financials'!M16 -> 26958000000 | N42: Percentage to Revenue | O42: ='Historical Prices'!$AY$5 -> 0.16343741 | P42: ='Historical Prices'!$AY$17 -> 0.16780797 | Q42: ='Historical Prices'!$AY$29 -> 0.14893805 | R42: ='Historical Prices'!$AY$41 -> 0.15835879 | S42: ='Historical Prices'!$AY$53 -> 0.17170104
A43: EBIT/EV% | B43: =B41/B5 -> 0.01538887 | C43: =C41/C5 -> 0.012387353 | D43: =D41/D5 -> 0.010637892 | E43: =E41/E5 -> 0.010236225 | F43: =F41/F5 -> 0.012711441 | G43: =G41/G5 -> 0.010834106 | H43: =H41/H5 -> 0.010298619 | I43: =I41/I5 -> 0.014888082 | ... L43: =L41/L5 -> 0.015704125 | N43: ='Historical Prices'!$AW$18 -> Japan Segment | O43: ='Historical Prices'!$AX$6 -> 5782000000 | P43: ='Historical Prices'!$AX$18 -> 7298000000 | Q43: ='Historical Prices'!$AX$30 -> 8987000000 | R43: ='Historical Prices'!$AX$42 -> 5926000000 | S43: ='Historical Prices'!$AX$54 -> 5097000000
A44: EBITDA/EV% | B44: =B42/B5 -> 0.016474435 | C44: =C42/C5 -> 0.013605925 | D44: =D42/D5 -> 0.012049617 | E44: =E42/E5 -> 0.011283777 | F44: =F42/F5 -> 0.01374061 | G44: =G42/G5 -> 0.012080981 | H44: =H42/H5 -> 0.011550466 | I44: =I42/I5 -> 0.016247323 | ... L44: =L42/L5 -> 0.017547534 | N44: Percentage to Revenue | O44: ='Historical Prices'!$AY$6 -> 0.06148709 | P44: ='Historical Prices'!$AY$18 -> 0.076531843 | Q44: ='Historical Prices'!$AY$30 -> 0.072300885 | R44: ='Historical Prices'!$AY$42 -> 0.062424945 | S44: ='Historical Prices'!$AY$54 -> 0.059421523
A45: Debt/EBITDA | B45: ='Quarterly Financials'!C66/B42 -> 2.4997108 | C45: ='Quarterly Financials'!D66/C42 -> 3.7501857 | D45: ='Quarterly Financials'!E66/D42 -> 4.1950096 | E45: ='Quarterly Financials'!F66/E42 -> 3.5115005 | F45: ='Quarterly Financials'!G66/F42 -> 2.8539505 | G45: ='Quarterly Financials'!H66/G42 -> 4.325408 | H45: ='Quarterly Financials'!I66/H42 -> 4.6246667 | I45: ='Quarterly Financials'!J66/I42 -> 3.6673493 | ... L45: ='Quarterly Financials'!M66/L42 -> 4.5178055 | N45: ='Historical Prices'!$AW$19 -> Rest of Asia Pacific Segment | O45: ='Historical Prices'!$AX$7 -> 7673000000 | P45: ='Historical Prices'!$AX$19 -> 7290000000 | Q45: ='Historical Prices'!$AX$31 -> 10291000000 | R45: ='Historical Prices'!$AX$43 -> 7383000000 | S45: ='Historical Prices'!$AX$55 -> 6390000000
A46: Net Debt/EBITDA | B46: ='Quarterly Financials'!C67/B42 -> 1.5566507 | C46: ='Quarterly Financials'!D67/C42 -> 2.7386064 | D46: ='Quarterly Financials'!E67/D42 -> 3.1044914 | E46: ='Quarterly Financials'!F67/E42 -> 2.7206561 | F46: ='Quarterly Financials'!G67/F42 -> 2.3264923 | G46: ='Quarterly Financials'!H67/G42 -> 3.4735761 | H46: ='Quarterly Financials'!I67/H42 -> 3.5620339 | I46: ='Quarterly Financials'!J67/I42 -> 2.8085035 | ... L46: ='Quarterly Financials'!M67/L42 -> 3.2547296 | N46: Percentage to Revenue | O46: ='Historical Prices'!$AY$7 -> 0.08159641 | P46: ='Historical Prices'!$AY$19 -> 0.076447949 | Q46: ='Historical Prices'!$AY$31 -> 0.082791633 | R46: ='Historical Prices'!$AY$43 -> 0.077773096 | S46: ='Historical Prices'!$AY$55 -> 0.074495494
A47: Debt/Equity Ratio | B47: ='Quarterly Financials'!C66/'Quarterly Financials'!C63 -> 1.4580297 | C47: ='Quarterly Financials'!D66/'Quarterly Financials'!D63 -> 1.7875326 | D47: ='Quarterly Financials'!E66/'Quarterly Financials'!E63 -> 1.8130537 | E47: ='Quarterly Financials'!F66/'Quarterly Financials'!F63 -> 1.7634898 | F47: ='Quarterly Financials'!G66/'Quarterly Financials'!G63 -> 1.9586793 | G47: ='Quarterly Financials'!H66/'Quarterly Financials'!H63 -> 2.3695335 | H47: ='Quarterly Financials'!I66/'Quarterly Financials'!I63 -> 2.0598379 | I47: ='Quarterly Financials'!J66/'Quarterly Financials'!J63 -> 1.7801599 | ... L47: ='Quarterly Financials'!M66/'Quarterly Financials'!M63 -> 1.8946951
A48: Debt/Total Assets Ratio | B48: ='Quarterly Financials'!C66/'Quarterly Financials'!C44 -> 0.30561732 | C48: ='Quarterly Financials'!D66/'Quarterly Financials'!D44 -> 0.31506908 | D48: ='Quarterly Financials'!E66/'Quarterly Financials'!E44 -> 0.32617196 | E48: ='Quarterly Financials'!F66/'Quarterly Financials'!F44 -> 0.33000662 | F48: ='Quarterly Financials'!G66/'Quarterly Financials'!G44 -> 0.32043536 | G48: ='Quarterly Financials'!H66/'Quarterly Financials'!H44 -> 0.34037505 | H48: ='Quarterly Financials'!I66/'Quarterly Financials'!I44 -> 0.35589592 | I48: ='Quarterly Financials'!J66/'Quarterly Financials'!J44 -> 0.34215569 | ... L48: ='Quarterly Financials'!M66/'Quarterly Financials'!M44 -> 0.36924266
A49: Cash Ratio | B49: ='Quarterly Financials'!C30/'Quarterly Financials'!C50 -> 0.54563233 | C49: ='Quarterly Financials'!D30/'Quarterly Financials'!D50 -> 0.42361742 | D49: ='Quarterly Financials'!E30/'Quarterly Financials'!E50 -> 0.500004 | E49: ='Quarterly Financials'!F30/'Quarterly Financials'!F50 -> 0.46530918 | F49: ='Quarterly Financials'!G30/'Quarterly Financials'!G50 -> 0.3740731 | G49: ='Quarterly Financials'!H30/'Quarterly Financials'!H50 -> 0.313699 | H49: ='Quarterly Financials'!I30/'Quarterly Financials'!I50 -> 0.37137049 | I49: ='Quarterly Financials'!J30/'Quarterly Financials'!J50 -> 0.4039825 | ... L49: ='Quarterly Financials'!M30/'Quarterly Financials'!M50 -> 0.57256343
A50: Current Ratio | B50: ='Quarterly Financials'!C34/'Quarterly Financials'!C50 -> 1.0725445 | C50: ='Quarterly Financials'!D34/'Quarterly Financials'!D50 -> 0.98801167 | D50: ='Quarterly Financials'!E34/'Quarterly Financials'!E50 -> 0.98156254 | E50: ='Quarterly Financials'!F34/'Quarterly Financials'!F50 -> 0.94035395 | F50: ='Quarterly Financials'!G34/'Quarterly Financials'!G50 -> 0.9380199 | G50: ='Quarterly Financials'!H34/'Quarterly Financials'!H50 -> 0.87935603 | H50: ='Quarterly Financials'!I34/'Quarterly Financials'!I50 -> 0.86462929 | I50: ='Quarterly Financials'!J34/'Quarterly Financials'!J50 -> 0.92684381 | ... L50: ='Quarterly Financials'!M34/'Quarterly Financials'!M50 -> 1.061891
A51: Quick Ratio | B51: =('Quarterly Financials'!C34-'Quarterly Financials'!C32)/'Quarterly Financials'!C50 -> 1.0239451 | C51: =('Quarterly Financials'!D34-'Quarterly Financials'!D32)/'Quarterly Financials'!D50 -> 0.94444215 | D51: =('Quarterly Financials'!E34-'Quarterly Financials'!E32)/'Quarterly Financials'!E50 -> 0.92273713 | E51: =('Quarterly Financials'!F34-'Quarterly Financials'!F32)/'Quarterly Financials'!F50 -> 0.87804289 | F51: =('Quarterly Financials'!G34-'Quarterly Financials'!G32)/'Quarterly Financials'!G50 -> 0.88834258 | G51: =('Quarterly Financials'!H34-'Quarterly Financials'!H32)/'Quarterly Financials'!H50 -> 0.84723539 | H51: =('Quarterly Financials'!I34-'Quarterly Financials'!I32)/'Quarterly Financials'!I50 -> 0.82279612 | I51: =('Quarterly Financials'!J34-'Quarterly Financials'!J32)/'Quarterly Financials'!J50 -> 0.88402296 | ... L51: =('Quarterly Financials'!M34-'Quarterly Financials'!M32)/'Quarterly Financials'!M50 -> 1.0138371
A52: Interest Coverage Ratio | B52: =B41/'Quarterly Financials'!C15 -> #DIV/0! | C52: =C41/'Quarterly Financials'!D15 -> 26.91517 | D52: =D41/'Quarterly Financials'!E15 -> 23.044088 | E52: =E41/'Quarterly Financials'!F15 -> 30.449462 | F52: =F41/'Quarterly Financials'!G15 -> 35.908275 | G52: =G41/'Quarterly Financials'!H15 -> 30.101572 | H52: =H41/'Quarterly Financials'!I15 -> 32.094576 | I52: =I41/'Quarterly Financials'!J15 -> 43.384949 | ... L52: =L41/'Quarterly Financials'!M15 -> 36.279699
A53: Working Capital to Total Assets Ratio% | B53: =B100/'Quarterly Financials'!C44 -> 0.027492546 | C53: =C100/'Quarterly Financials'!D44 -> -0.0049406806 | D53: =D100/'Quarterly Financials'!E44 -> -0.0068768319 | E53: =E100/'Quarterly Financials'!F44 -> -0.021561898 | F53: =F100/'Quarterly Financials'!G44 -> -0.024539506 | G53: =G100/'Quarterly Financials'!H44 -> -0.052662613 | H53: =H100/'Quarterly Financials'!I44 -> -0.052276329 | I53: =I100/'Quarterly Financials'!J44 -> -0.026601114 | ... L53: =L100/'Quarterly Financials'!M44 -> 0.020218894
A54: Capex/Cash Flow% | B54: ='Quarterly Financials'!C98/(-'Quarterly Financials'!C97) -> 0.059957388 | C54: ='Quarterly Financials'!D98/(-'Quarterly Financials'!D97) -> 0.10014816 | D54: ='Quarterly Financials'!E98/(-'Quarterly Financials'!E97) -> 0.079340409 | E54: ='Quarterly Financials'!F98/(-'Quarterly Financials'!F97) -> 0.10210084 | F54: ='Quarterly Financials'!G98/(-'Quarterly Financials'!G97) -> 0.11136598 | G54: ='Quarterly Financials'!H98/(-'Quarterly Financials'!H97) -> 0.13632031 | H54: ='Quarterly Financials'!I98/(-'Quarterly Financials'!I97) -> 0.091822471 | I54: ='Quarterly Financials'!J98/(-'Quarterly Financials'!J97) -> 0.08925655 | ... L54: ='Quarterly Financials'!M98/(-'Quarterly Financials'!M97) -> 0.099222528
A55: Cash Flow/Capex | B55: ='Quarterly Financials'!C97/(-'Quarterly Financials'!C98) -> 16.678512 | C55: ='Quarterly Financials'!D97/(-'Quarterly Financials'!D98) -> 9.9852057 | D55: ='Quarterly Financials'!E97/(-'Quarterly Financials'!E98) -> 12.603918 | E55: ='Quarterly Financials'!F97/(-'Quarterly Financials'!F98) -> 9.7942387 | F55: ='Quarterly Financials'!G97/(-'Quarterly Financials'!G98) -> 8.9794032 | G55: ='Quarterly Financials'!H97/(-'Quarterly Financials'!H98) -> 7.3356643 | H55: ='Quarterly Financials'!I97/(-'Quarterly Financials'!I98) -> 10.89058 | I55: ='Quarterly Financials'!J97/(-'Quarterly Financials'!J98) -> 11.20366 | ... L55: ='Quarterly Financials'!M97/(-'Quarterly Financials'!M98) -> 10.078356
A56: Capex/Revenue% | B56: =(-'Quarterly Financials'!C98)/B10 -> 0.020004181 | C56: =(-'Quarterly Financials'!D98)/C10 -> 0.024168138 | D56: =(-'Quarterly Financials'!E98)/D10 -> 0.025587735 | E56: =(-'Quarterly Financials'!F98)/E10 -> 0.030747817 | F56: =(-'Quarterly Financials'!G98)/F10 -> 0.032324974 | G56: =(-'Quarterly Financials'!H98)/G10 -> 0.036485257 | H56: =(-'Quarterly Financials'!I98)/H10 -> 0.025337817 | I56: =(-'Quarterly Financials'!J98)/I10 -> 0.025843459 | ... L56: =(-'Quarterly Financials'!M98)/L10 -> 0.025701795
A57: SG&A Expenses Margin% | B57: ='Quarterly Financials'!C8/B10 -> 0.056750993 | C57: ='Quarterly Financials'!D8/C10 -> 0.068727793 | D57: ='Quarterly Financials'!E8/D10 -> 0.073022238 | E57: ='Quarterly Financials'!F8/E10 -> 0.065386562 | F57: ='Quarterly Financials'!G8/F10 -> 0.056395855 | G57: ='Quarterly Financials'!H8/G10 -> 0.071439665 | H57: ='Quarterly Financials'!I8/H10 -> 0.072469533 | I57: ='Quarterly Financials'!J8/I10 -> 0.063662904 | ... L57: ='Quarterly Financials'!M8/L10 -> 0.066458727
A58: R&D Expenses Margin% | B58: ='Quarterly Financials'!C7/B10 -> 0.06436128 | C58: ='Quarterly Financials'!D7/C10 -> 0.081644283 | D58: ='Quarterly Financials'!E7/D10 -> 0.090981332 | E58: ='Quarterly Financials'!F7/E10 -> 0.078630478 | F58: ='Quarterly Financials'!G7/F10 -> 0.065802277 | G58: ='Quarterly Financials'!H7/G10 -> 0.075000555 | H58: ='Quarterly Financials'!I7/H10 -> 0.081932039 | I58: ='Quarterly Financials'!J7/I10 -> 0.065657189 | ... L58: ='Quarterly Financials'!M7/L10 -> 0.070204092
A59: SG&A+R&D Expenses Margin% | B59: =B57+B58 -> 0.12111227 | C59: =C57+C58 -> 0.15037208 | D59: =D57+D58 -> 0.16400357 | E59: =E57+E58 -> 0.14401704 | F59: =F57+F58 -> 0.12219813 | G59: =G57+G58 -> 0.14644022 | H59: =H57+H58 -> 0.15440157 | I59: =I57+I58 -> 0.12932009 | ... L59: =L57+L58 -> 0.13666282
A60: Effective Tax Rate % | B60: ='Quarterly Financials'!C20/B40 -> 0.15869517 | C60: ='Quarterly Financials'!D20/C40 -> 0.15565911 | D60: ='Quarterly Financials'!E20/D40 -> 0.12963636 | E60: ='Quarterly Financials'!F20/E40 -> 0.1541551 | F60: ='Quarterly Financials'!G20/F40 -> 0.16065461 | G60: ='Quarterly Financials'!H20/G40 -> 0.16354344 | H60: ='Quarterly Financials'!I20/H40 -> 0.16209688 | I60: ='Quarterly Financials'!J20/I40 -> 0.17512292 | ... L60: ='Quarterly Financials'!M20/L40 -> 0.11188781
A61: Free Cash Flow Per Share | B61: ='Quarterly Financials'!C99/'Quarterly Financials'!C24 -> 2.4180253 | C61: ='Quarterly Financials'!D99/'Quarterly Financials'!D24 -> 1.2458785 | D61: ='Quarterly Financials'!E99/'Quarterly Financials'!E24 -> 1.5471778 | E61: ='Quarterly Financials'!F99/'Quarterly Financials'!F24 -> 1.6243586 | F61: ='Quarterly Financials'!G99/'Quarterly Financials'!G24 -> 1.9013734 | G61: ='Quarterly Financials'!H99/'Quarterly Financials'!H24 -> 1.2999066 | H61: ='Quarterly Financials'!I99/'Quarterly Financials'!I24 -> 1.2862755 | I61: ='Quarterly Financials'!J99/'Quarterly Financials'!J24 -> 1.5757916 | ... L61: ='Quarterly Financials'!M99/'Quarterly Financials'!M24 -> 1.1426169
A62: Free Cash Flow Yield % | B62: =B61/B3 -> 0.014487869 | C62: =C61/C3 -> 0.0091346766 | D62: =D61/D3 -> 0.011482691 | E62: =E61/E3 -> 0.0094532889 | F62: =F61/F3 -> 0.010894874 | G62: =G61/G3 -> 0.009361275 | H62: =H61/H3 -> 0.009584051 | I62: =I61/I3 -> 0.013187644 | ... L62: =L61/L3 -> 0.012871656
A63: Operating Cash Flow Per Share | B63: ='Quarterly Financials'!C97/'Quarterly Financials'!C24 -> 2.5722508 | C63: ='Quarterly Financials'!D97/'Quarterly Financials'!D24 -> 1.3845374 | D63: ='Quarterly Financials'!E97/'Quarterly Financials'!E24 -> 1.6805102 | E63: ='Quarterly Financials'!F97/'Quarterly Financials'!F24 -> 1.8090658 | F63: ='Quarterly Financials'!G97/'Quarterly Financials'!G24 -> 2.1396585 | G63: ='Quarterly Financials'!H97/'Quarterly Financials'!H24 -> 1.5050795 | H63: ='Quarterly Financials'!I97/'Quarterly Financials'!I24 -> 1.416326 | I63: ='Quarterly Financials'!J97/'Quarterly Financials'!J24 -> 1.7302256 | ... L63: ='Quarterly Financials'!M97/'Quarterly Financials'!M24 -> 1.2684785
A64: Cash Flow Yield % | B64: =B63/B3 -> 0.015411928 | C64: =C63/C3 -> 0.010151312 | D64: =D63/D3 -> 0.012472244 | E64: =E63/E3 -> 0.01052823 | F64: =F63/F3 -> 0.012260248 | G64: =G63/G3 -> 0.010838827 | H64: =H63/H3 -> 0.010553059 | I64: =I63/I3 -> 0.014480087 | ... L64: =L63/L3 -> 0.014289496
A65: Dividend Per Share | B65: ='Historical Prices'!$AD$4 -> 1.02 | C65: ='Historical Prices'!$AD$5 -> 0.98 | D65: ='Historical Prices'!$AD$6 -> 0.94 | E65: ='Historical Prices'!$AD$7 -> 0.9 | F65: ='Historical Prices'!$AD$8 -> 0.85 | G65: ='Historical Prices'!$AD$9 -> 0.795 | H65: ='Historical Prices'!$AD$10 -> 0.75 | I65: ='Historical Prices'!$AD$11 -> 0.68 | J65: ='Historical Prices'!$AD$12 -> 0.6 | K65: ='Historical Prices'!$AD$13 -> 0.545
A82: Data for Calculating "Return on Capital Employed (ROCE)"
A83: Capital Employed | B83: ='Quarterly Financials'!C44-'Quarterly Financials'!C50 -> 219541000000 | C83: ='Quarterly Financials'!D44-'Quarterly Financials'!D50 -> 207275000000 | D83: ='Quarterly Financials'!E44-'Quarterly Financials'!E50 -> 210075000000 | E83: ='Quarterly Financials'!F44-'Quarterly Financials'!F50 -> 212085000000 | F83: ='Quarterly Financials'!G44-'Quarterly Financials'!G50 -> 209461000000 | G83: ='Quarterly Financials'!H44-'Quarterly Financials'!H50 -> 198773000000 | H83: ='Quarterly Financials'!I44-'Quarterly Financials'!I50 -> 206436000000 | I83: ='Quarterly Financials'!J44-'Quarterly Financials'!J50 -> 223154000000 | ... L83: ='Quarterly Financials'!M44-'Quarterly Financials'!M50 -> 222086000000
A85: Data for Calculating "WACC"
A86: Book Value of Debt | B86: =AVERAGE('Quarterly Financials'!C66+'Quarterly Financials'!D66)/2 -> 109564000000 | C86: =AVERAGE('Quarterly Financials'!D66+'Quarterly Financials'!E66)/2 -> 110184000000 | D86: =AVERAGE('Quarterly Financials'!E66+'Quarterly Financials'!F66)/2 -> 109447500000 | E86: =AVERAGE('Quarterly Financials'!F66+'Quarterly Financials'!G66)/2 -> 110362500000 | F86: =AVERAGE('Quarterly Financials'!G66+'Quarterly Financials'!H66)/2 -> 115589500000 | G86: =AVERAGE('Quarterly Financials'!H66+'Quarterly Financials'!I66)/2 -> 119880000000 | H86: =AVERAGE('Quarterly Financials'!I66+'Quarterly Financials'!J66)/2 -> 119836000000 | I86: =AVERAGE('Quarterly Financials'!J66+'Quarterly Financials'!K66)/2 -> 121389500000 | ... L86: =AVERAGE('Quarterly Financials'!M66+'Quarterly Financials'!N66)/2 -> 60895500000
A87: Weight of Equity | B87: =B4/(B4+B86) -> 0.95939282 | C87: =C4/(C4+C86) -> 0.95076215 | D87: =D4/(D4+D86) -> 0.95080003 | E87: =E4/(E4+E86) -> 0.96090691 | F87: =F4/(F4+F86) -> 0.95999239 | G87: =G4/(G4+G86) -> 0.94889718 | H87: =H4/(H4+H86) -> 0.94764849 | I87: =I4/(I4+I86) -> 0.94125965 | ... L87: =L4/(L4+L86) -> 0.96038247
A88: Weight of Debt | B88: =B86/(B4+B86) -> 0.040607181 | C88: =C86/(C4+C86) -> 0.049237846 | D88: =D86/(D4+D86) -> 0.049199971 | E88: =E86/(E4+E86) -> 0.039093091 | F88: =F86/(F4+F86) -> 0.040007614 | G88: =G86/(G4+G86) -> 0.051102819 | H88: =H86/(H4+H86) -> 0.052351509 | I88: =I86/(I4+I86) -> 0.058740354 | ... L88: =L86/(L4+L86) -> 0.039617529
A89: Risk Free Rate (10yr Treasury Yield) | B89: ='Historical Prices'!$S4 -> 4.33 | C89: ='Historical Prices'!$S6 -> 1.51 | D89: ='Historical Prices'!$S7 -> 0.917 | E89: ='Historical Prices'!$S8 -> 1.92 | F89: ='Historical Prices'!$S9 -> 2.69 | G89: ='Historical Prices'!$S10 -> 2.4 | H89: ='Historical Prices'!$S11 -> 2.45 | I89: ='Historical Prices'!$S12 -> 2.27 | J89: ='Historical Prices'!$S13 -> 2.17 | K89: ='Historical Prices'!$S14 -> 3.03 | L89: ='Historical Prices'!$S15 -> 1.76
A90: Beta | B90: ='Historical Prices'!$AH$2 -> 1.165 | C90: ='Historical Prices'!$AH$2 -> 1.165 | D90: ='Historical Prices'!$AH$2 -> 1.165 | E90: ='Historical Prices'!$AH$2 -> 1.165 | F90: ='Historical Prices'!$AH$2 -> 1.165 | G90: ='Historical Prices'!$AH$2 -> 1.165 | H90: ='Historical Prices'!$AH$2 -> 1.165 | I90: ='Historical Prices'!$AH$2 -> 1.165 | ... L90: ='Historical Prices'!$AH$2 -> 1.165
A91: Market Premium | B91: 0.06 | C91: 0.06 | D91: 0.06 | E91: 0.06 | F91: 0.06 | G91: 0.06 | H91: 0.06 | I91: 0.06 | J91: 0.06 | K91: 0.06 | L91: 0.06
A92: Cost of equity | B92: =B89%+B90*B91 -> 0.1132 | C92: =C89%+C90*C91 -> 0.085 | D92: =D89%+D90*D91 -> 0.07907 | E92: =E89%+E90*E91 -> 0.0891 | F92: =F89%+F90*F91 -> 0.0968 | G92: =G89%+G90*G91 -> 0.0939 | H92: =H89%+H90*H91 -> 0.0944 | I92: =I89%+I90*I91 -> 0.0926 | ... L92: =L89%+L90*L91 -> 0.0875
A93: Cost of Debt | B93: ='Quarterly Financials'!C15/B86 -> 0 | C93: ='Quarterly Financials'!D15/C86 -> 0.0090938793 | D93: ='Quarterly Financials'!E15/D86 -> 0.0091185271 | E93: ='Quarterly Financials'!F15/E86 -> 0.0084267754 | F93: ='Quarterly Financials'!G15/F86 -> 0.0086772587 | G93: ='Quarterly Financials'!H15/G86 -> 0.0068985652 | H93: ='Quarterly Financials'!I15/H86 -> 0.0059998665 | I93: ='Quarterly Financials'!J15/I86 -> 0.0056924199 | ... L93: ='Quarterly Financials'!M15/L86 -> 0.010920347
A95: Data for Calculating "ROIC"
A96: Net Operating Profit After Tax (NOPAT) | B96: =B41*(1-B60) -> 33966000000 | C96: =C41*(1-C60) -> 2.277103e+10 | D96: =D41*(1-D60) -> 2.0016623e+10 | E96: =E41*(1-E60) -> 2.3952636e+10 | F96: =F41*(1-F60) -> 3.0229863e+10 | G96: =G41*(1-G60) -> 2.082275e+10 | H96: =H41*(1-H60) -> 1.9335452e+10 | I96: =I41*(1-I60) -> 2.472899e+10 | ... L96: =L41*(1-L60) -> 2.1426595e+10
A97: invested capital | B97: ='Quarterly Financials'!C44-'Quarterly Financials'!C45-('Quarterly Financials'!C30-MAX(0,'Quarterly Financials'!C50-'Quarterly Financials'!C34+'Quarterly Financials'!C30)) -> 285649000000 | C97: ='Quarterly Financials'!D44-'Quarterly Financials'!D45-('Quarterly Financials'!D30-MAX(0,'Quarterly Financials'!D50-'Quarterly Financials'!D34+'Quarterly Financials'!D30)) -> 291714000000 | D97: ='Quarterly Financials'!E44-'Quarterly Financials'!E45-('Quarterly Financials'!E30-MAX(0,'Quarterly Financials'!E50-'Quarterly Financials'!E34+'Quarterly Financials'!E30)) -> 290643000000 | E97: ='Quarterly Financials'!F44-'Quarterly Financials'!F45-('Quarterly Financials'!F30-MAX(0,'Quarterly Financials'!F50-'Quarterly Financials'!F34+'Quarterly Financials'!F30)) -> 296377000000 | F97: ='Quarterly Financials'!G44-'Quarterly Financials'!G45-('Quarterly Financials'!G30-MAX(0,'Quarterly Financials'!G50-'Quarterly Financials'!G34+'Quarterly Financials'!G30)) -> 297338000000 | G97: ='Quarterly Financials'!H44-'Quarterly Financials'!H45-('Quarterly Financials'!H30-MAX(0,'Quarterly Financials'!H50-'Quarterly Financials'!H34+'Quarterly Financials'!H30)) -> 307217000000 | H97: ='Quarterly Financials'!I44-'Quarterly Financials'!I45-('Quarterly Financials'!I30-MAX(0,'Quarterly Financials'!I50-'Quarterly Financials'!I34+'Quarterly Financials'!I30)) -> 305547000000 | I97: ='Quarterly Financials'!J44-'Quarterly Financials'!J45-('Quarterly Financials'!J30-MAX(0,'Quarterly Financials'!J50-'Quarterly Financials'!J34+'Quarterly Financials'!J30)) -> 307308000000 | ... L97: ='Quarterly Financials'!M44-'Quarterly Financials'!M45-('Quarterly Financials'!M30-MAX(0,'Quarterly Financials'!M50-'Quarterly Financials'!M34+'Quarterly Financials'!M30)) -> 282762000000
A99: Data for Calculating "Working Capital to Total Assets Ratio"
A100: Net Working Capital | B100: ='Quarterly Financials'!C34-'Quarterly Financials'!C50 -> 9719000000 | C100: ='Quarterly Financials'!D34-'Quarterly Financials'!D50 -> -1742000000 | D100: ='Quarterly Financials'!E34-'Quarterly Financials'!E50 -> -2304000000 | E100: ='Quarterly Financials'!F34-'Quarterly Financials'!F50 -> -7162000000 | F100: ='Quarterly Financials'!G34-'Quarterly Financials'!G50 -> -8509000000 | G100: ='Quarterly Financials'!H34-'Quarterly Financials'!H50 -> -18577000000 | H100: ='Quarterly Financials'!I34-'Quarterly Financials'!I50 -> -17581000000 | I100: ='Quarterly Financials'!J34-'Quarterly Financials'!J50 -> -9328000000 | ... L100: ='Quarterly Financials'!M34-'Quarterly Financials'!M50 -> 6669000000

Sheet Yearly Financials
A1: =A2&": Yearly" -> AAPL: Yearly | C1: After January change 2021 to 2022, 2020 to 2021, etc. etc. Because most companies report on January, and until then 2022 date is not valid.
A2: ='YoY Ratios'!$A$1 -> AAPL | C2: TTM | D2: 2023 | E2: =D2-1 -> 2022 | F2: =E2-1 -> 2021 | G2: =F2-1 -> 2020 | H2: =G2-1 -> 2019 | I2: =H2-1 -> 2018 | J2: =I2-1 -> 2017 | K2: =J2-1 -> 2016 | L2: =K2-1 -> 2015 | ... O2: =N2-1 -> 2012
A3: Income Statement
A4: Revenue | C4: {=_xldudf_WISE($A$2,A4:A25,$C$2:$O$2)} -> 385706000000 | D4: 383285000000 | E4: 394328000000 | F4: 365817000000 | G4: 274515000000 | H4: 260174000000 | I4: 265595000000 | J4: 229234000000 | K4: 215639000000 | L4: 233715000000 | M4: 182795000000 | N4: 170910000000 | O4: 156508000000
A5: Cost Of Revenue | C5: 212035000000 | D5: 214137000000 | E5: 223546000000 | F5: 212981000000 | G5: 169559000000 | H5: 161782000000 | I5: 163756000000 | J5: 141048000000 | K5: 131376000000 | L5: 140089000000 | M5: 112258000000 | N5: 106606000000 | O5: 87846000000
A6: Gross Profit | C6: 173671000000 | D6: 169148000000 | E6: 170782000000 | F6: 152836000000 | G6: 104956000000 | H6: 98392000000 | I6: 101839000000 | J6: 88186000000 | K6: 84263000000 | L6: 93626000000 | M6: 70537000000 | N6: 64304000000 | O6: 68662000000
A7: Research And Development Expenses | C7: 29902000000 | D7: 29915000000 | E7: 26251000000 | F7: 21914000000 | G7: 18752000000 | H7: 16217000000 | I7: 14236000000 | J7: 11581000000 | K7: 10045000000 | L7: 8067000000 | M7: 6041000000 | N7: 4475000000 | O7: 3381000000
A8: Selling General And Administrative Expenses | C8: 25111000000 | D8: 24932000000 | E8: 25094000000 | F8: 21973000000 | G8: 19916000000 | H8: 18245000000 | I8: 16705000000 | J8: 15261000000 | K8: 14194000000 | L8: 14329000000 | M8: 11993000000 | N8: 10830000000 | O8: 10040000000
A9: General And Administrative Expenses | C9: 0 | D9: 0 | E9: 0 | F9: 0 | G9: 0 | H9: 0 | I9: 0 | J9: 0 | K9: 0 | L9: 0 | M9: 0 | N9: 0 | O9: 0
A10: Selling And Marketing Expenses | C10: 0 | D10: 0 | E10: 0 | F10: 0 | G10: 0 | H10: 0 | I10: 0 | J10: 0 | K10: 0 | L10: 0 | M10: 0 | N10: 0 | O10: 0
A11: Other Expenses | C11: -222000000 | D11: -565000000 | E11: -334000000 | F11: 258000000 | G11: 803000000 | H11: 1807000000 | I11: 2005000000 | J11: 2745000000 | K11: 1348000000 | L11: 1285000000 | M11: -431000000 | N11: 1156000000 | O11: 522000000
A12: Operating Expenses | C12: 55013000000 | D12: 54847000000 | E12: 51345000000 | F12: 43887000000 | G12: 38668000000 | H12: 34462000000 | I12: 30941000000 | J12: 26842000000 | K12: 24239000000 | L12: 22396000000 | M12: 18034000000 | N12: 15305000000 | O12: 13421000000
A13: Cost And Expenses | C13: 267048000000 | D13: 268984000000 | E13: 274891000000 | F13: 256868000000 | G13: 208227000000 | H13: 196244000000 | I13: 194697000000 | J13: 167890000000 | K13: 155615000000 | L13: 162485000000 | M13: 130292000000 | N13: 121911000000 | O13: 101267000000
A14: Ebitda | C14: 130109000000 | D14: 125820000000 | E14: 130541000000 | F14: 120233000000 | G14: 77344000000 | H14: 76477000000 | I14: 81801000000 | J14: 71501000000 | K14: 70529000000 | L14: 82487000000 | M14: 61813000000 | N14: 55756000000 | O14: 58518000000
A15: Interest Expense | C15: 2930000000 | D15: 3933000000 | E15: 2931000000 | F15: 2645000000 | G15: 2873000000 | H15: 3576000000 | I15: 3240000000 | J15: 2323000000 | K15: 1456000000 | L15: 733000000 | M15: 384000000 | N15: 136000000 | O15: -522000000
A16: Depreciation And Amortization | C16: 11451000000 | D16: 11519000000 | E16: 11104000000 | F16: 11284000000 | G16: 11056000000 | H16: 12547000000 | I16: 10903000000 | J16: 10157000000 | K16: 10505000000 | L16: 11257000000 | M16: 7946000000 | N16: 6757000000 | O16: 3277000000
... A25: Weighted Average Shs Out Dil | C25: 15576641000 | D25: 15812547000 | E25: 16325819000 | F25: 16864919000 | G25: 17528214000 | H25: 18595652000 | I25: 20000436000 | J25: 21006768000 | K25: 22001124000 | L25: 23172276000 | M25: 24490652000 | N25: 26086536000 | O25: 26469940000
A27: Balance Sheet
A28: Cash And Cash Equivalents | C28: {=_xldudf_WISE($A$2,A28:A67,$C$2:$O$2)} -> 40760000000 | D28: 29965000000 | E28: 23646000000 | F28: 34940000000 | G28: 38016000000 | H28: 48844000000 | I28: 25913000000 | J28: 20289000000 | K28: 20484000000 | L28: 21120000000 | M28: 13844000000 | N28: 14259000000 | O28: 10746000000
A29: Short Term Investments | C29: 32340000000 | D29: 31590000000 | E29: 24658000000 | F29: 27699000000 | G29: 52927000000 | H29: 51713000000 | I29: 40388000000 | J29: 53892000000 | K29: 46671000000 | L29: 20481000000 | M29: 11233000000 | N29: 26287000000 | O29: 18383000000
A30: Cash And Short Term Investments | C30: 73100000000 | D30: 61555000000 | E30: 48304000000 | F30: 62639000000 | G30: 90943000000 | H30: 100557000000 | I30: 66301000000 | J30: 74181000000 | K30: 67155000000 | L30: 41601000000 | M30: 25077000000 | N30: 40546000000 | O30: 29129000000
A31: Net Receivables | C31: 50102000000 | D31: 60985000000 | E31: 60932000000 | F31: 51506000000 | G31: 37445000000 | H31: 45804000000 | I31: 48995000000 | J31: 35673000000 | K31: 29299000000 | L31: 30343000000 | M31: 27219000000 | N31: 20641000000 | O31: 18692000000
A32: Inventory | C32: 6511000000 | D32: 6331000000 | E32: 4946000000 | F32: 6580000000 | G32: 4061000000 | H32: 4106000000 | I32: 3956000000 | J32: 4855000000 | K32: 2132000000 | L32: 2349000000 | M32: 2111000000 | N32: 1764000000 | O32: 791000000
A33: Other Current Assets | C33: 13979000000 | D33: 14695000000 | E33: 21223000000 | F33: 14111000000 | G33: 11264000000 | H33: 12352000000 | I33: 12087000000 | J33: 13936000000 | K33: 8283000000 | L33: 9539000000 | M33: 9806000000 | N33: 6882000000 | O33: 6458000000
A34: Total Current Assets | C34: 143692000000 | D34: 143566000000 | E34: 135405000000 | F34: 134836000000 | G34: 143713000000 | H34: 162819000000 | I34: 131339000000 | J34: 128645000000 | K34: 106869000000 | L34: 89378000000 | M34: 68531000000 | N34: 73286000000 | O34: 57653000000
A35: Property Plant Equipment Net | C35: 43666000000 | D35: 43715000000 | E35: 42117000000 | F35: 39440000000 | G35: 36766000000 | H35: 37378000000 | I35: 41304000000 | J35: 33783000000 | K35: 27010000000 | L35: 22471000000 | M35: 20624000000 | N35: 16597000000 | O35: 15452000000
A36: Goodwill | C36: 0 | D36: 0 | E36: 0 | F36: 0 | G36: 0 | H36: 0 | I36: 0 | J36: 5717000000 | K36: 5414000000 | L36: 5116000000 | M36: 4616000000 | N36: 1577000000 | O36: 1135000000
A37: Intangible Assets | C37: 0 | D37: 0 | E37: 0 | F37: 0 | G37: 0 | H37: 0 | I37: 0 | J37: 2298000000 | K37: 3206000000 | L37: 3893000000 | M37: 4142000000 | N37: 4179000000 | O37: 4224000000
A38: Goodwill And Intangible Assets | C38: 0 | D38: -17852000000 | E38: -15375000000 | F38: 0 | G38: 0 | H38: 0 | I38: 0 | J38: 8015000000 | K38: 8620000000 | L38: 9009000000 | M38: 8758000000 | N38: 5756000000 | O38: 5359000000
A39: Long Term Investments | C39: 99475000000 | D39: 100544000000 | E39: 120805000000 | F39: 127877000000 | G39: 100887000000 | H39: 105341000000 | I39: 170799000000 | J39: 194714000000 | K39: 170430000000 | L39: 164065000000 | M39: 130162000000 | N39: 106215000000 | O39: 92122000000
A40: Tax Assets | C40: 0 | D40: 17852000000 | E40: 15375000000 | F40: 0 | G40: 0 | H40: 0 | I40: 0 | J40: 0 | K40: 0 | L40: 5546000000 | M40: 4318000000 | N40: 3453000000 | O40: 2583000000
... A67: Net Debt | C67: 67280000000 | D67: 81123000000 | E67: 96423000000 | F67: 89779000000 | G67: 74420000000 | H67: 59203000000 | I67: 88570000000 | J67: 95391000000 | K67: 66548000000 | L67: 43342000000 | M67: 21451000000 | N67: 2701000000 | O67: -10746000000
A69: Cash Flow
A70: Net Income | C70: {=_xldudf_WISE($A$2,A70:A99,$C$2:$O$2)} -> 100913000000 | D70: 96995000000 | E70: 99803000000 | F70: 94680000000 | G70: 57411000000 | H70: 55256000000 | I70: 59531000000 | J70: 48351000000 | K70: 45687000000 | L70: 53394000000 | M70: 39510000000 | N70: 37037000000 | O70: 41733000000
A71: Depreciation And Amortization | C71: 11451000000 | D71: 11519000000 | E71: 11104000000 | F71: 11284000000 | G71: 11056000000 | H71: 12547000000 | I71: 10903000000 | J71: 10157000000 | K71: 10505000000 | L71: 11257000000 | M71: 7946000000 | N71: 6757000000 | O71: 3277000000
A72: Deferred Income Tax | C72: -1876000000 | D72: 5195000000 | E72: 895000000 | F72: -4774000000 | G72: -215000000 | H72: -340000000 | I72: -32590000000 | J72: 5966000000 | K72: 4938000000 | L72: 1382000000 | M72: 2347000000 | N72: 1141000000 | O72: 4405000000
A73: Stock Based Compensation | C73: 10925000000 | D73: 10833000000 | E73: 9038000000 | F73: 7906000000 | G73: 6829000000 | H73: 6068000000 | I73: 5340000000 | J73: 4840000000 | K73: 4210000000 | L73: 3586000000 | M73: 2863000000 | N73: 2253000000 | O73: 1740000000
A74: Change In Working Capital | C74: -5962000000 | D74: -6577000000 | E74: 1200000000 | F74: -4911000000 | G74: 5690000000 | H74: -3488000000 | I74: 34694000000 | J74: -5550000000 | K74: 484000000 | L74: 11647000000 | M74: 7047000000 | N74: 6478000000 | O74: -299000000
A75: Accounts Receivables | C75: 592000000 | D75: -1688000000 | E75: -1823000000 | F75: -10125000000 | G75: 6917000000 | H75: 245000000 | I75: -5322000000 | J75: -2093000000 | K75: 1095000000 | L75: 611000000 | M75: -4232000000 | N75: -2172000000 | O75: -5551000000
A76: Inventory | C76: 6511000000 | D76: 6331000000 | E76: 4946000000 | F76: 6580000000 | G76: 4061000000 | H76: 4106000000 | I76: 3956000000 | J76: 4855000000 | K76: 2132000000 | L76: 2349000000 | M76: 2111000000 | N76: 1764000000 | O76: 791000000
A77: Accounts Payables | C77: -356000000 | D77: -1889000000 | E77: 9448000000 | F77: 12326000000 | G77: -4062000000 | H77: -1923000000 | I77: 9175000000 | J77: 9618000000 | K77: 1791000000 | L77: 5400000000 | M77: 5938000000 | N77: 2340000000 | O77: 4467000000
A78: Other Working Capital | C78: -8126000000 | D78: 5195000000 | E78: -7909000000 | F78: -4470000000 | G78: 2962000000 | H78: -1521000000 | I78: 30013000000 | J78: -10352000000 | K78: -2619000000 | L78: 5874000000 | M78: 5417000000 | N78: 7283000000 | O78: 800000000
A79: Other Non Cash Items | C79: 982000000 | D79: -7422000000 | E79: 111000000 | F79: -147000000 | G79: -97000000 | H79: -652000000 | I79: -444000000 | J79: -166000000 | K79: 0 | L79: 0 | M79: 0 | N79: 0 | O79: 0
A80: Net Cash Provided By Operating Activities | C80: 116433000000 | D80: 110543000000 | E80: 122151000000 | F80: 104038000000 | G80: 80674000000 | H80: 69391000000 | I80: 77434000000 | J80: 63598000000 | K80: 65824000000 | L80: 81266000000 | M80: 59713000000 | N80: 53666000000 | O80: 50856000000
A81: Investments In Property Plant And Equipment | C81: -9564000000 | D81: -10959000000 | E81: -10708000000 | F81: -11085000000 | G81: -7309000000 | H81: -10495000000 | I81: -13313000000 | J81: -12795000000 | K81: -13548000000 | L81: -11488000000 | M81: -9813000000 | N81: -9076000000 | O81: -9402000000
A82: Acquisitions Net | C82: 0 | D82: 0 | E82: -306000000 | F82: -33000000 | G82: -1524000000 | H82: -624000000 | I82: -721000000 | J82: -329000000 | K82: -297000000 | L82: -343000000 | M82: -3765000000 | N82: -496000000 | O82: -350000000
... A99: Free Cash Flow | C99: 106869000000 | D99: 99584000000 | E99: 111443000000 | F99: 92953000000 | G99: 73365000000 | H99: 58896000000 | I99: 64121000000 | J99: 50803000000 | K99: 52276000000 | L99: 69778000000 | M99: 49900000000 | N99: 44590000000 | O99: 41454000000

Sheet Quarterly Financials
A1: =A2&": Quarterly" -> AAPL: Quarterly
A2: ='YoY Ratios'!A1 -> AAPL | C2: LQ | D2: LQ-1 | E2: LQ-2 | F2: LQ-3 | G2: LQ-4 | H2: LQ-5 | I2: LQ-6 | J2: LQ-7 | K2: LQ-8 | L2: LQ-9 | M2: LQ-10
A3: Income Statement
A4: Revenue | C4: {=_xldudf_WISE($A$2,A4:A25,$C$2:$M$2)} -> 119575000000 | D4: 89498000000 | E4: 81797000000 | F4: 94836000000 | G4: 117154000000 | H4: 90146000000 | I4: 82959000000 | J4: 97278000000 | K4: 123945000000 | L4: 83360000000 | M4: 81434000000
A5: Cost Of Revenue | C5: 64720000000 | D5: 49071000000 | E5: 45384000000 | F5: 52860000000 | G5: 66822000000 | H5: 52051000000 | I5: 47074000000 | J5: 54719000000 | K5: 69702000000 | L5: 48186000000 | M5: 46179000000
A6: Gross Profit | C6: 54855000000 | D6: 40427000000 | E6: 36413000000 | F6: 41976000000 | G6: 50332000000 | H6: 38095000000 | I6: 35885000000 | J6: 42559000000 | K6: 54243000000 | L6: 35174000000 | M6: 35255000000
A7: Research And Development Expenses | C7: 7696000000 | D7: 7307000000 | E7: 7442000000 | F7: 7457000000 | G7: 7709000000 | H7: 6761000000 | I7: 6797000000 | J7: 6387000000 | K7: 6306000000 | L7: 5772000000 | M7: 5717000000
A8: Selling General And Administrative Expenses | C8: 6786000000 | D8: 6151000000 | E8: 5973000000 | F8: 6201000000 | G8: 6607000000 | H8: 6440000000 | I8: 6012000000 | J8: 6193000000 | K8: 6449000000 | L8: 5616000000 | M8: 5412000000
A9: General And Administrative Expenses | C9: 0 | D9: 0 | E9: 0 | F9: 0 | G9: 0 | H9: 0 | I9: 0 | J9: 0 | K9: 0 | L9: 0 | M9: 0
A10: Selling And Marketing Expenses | C10: 0 | D10: 0 | E10: 0 | F10: 0 | G10: 0 | H10: 0 | I10: 0 | J10: 0 | K10: 0 | L10: 0 | M10: 0
A11: Other Expenses | C11: -50000000 | D11: 29000000 | E11: -265000000 | F11: 64000000 | G11: -393000000 | H11: -237000000 | I11: -10000000 | J11: 160000000 | K11: -247000000 | L11: -538000000 | M11: 243000000
A12: Operating Expenses | C12: 14482000000 | D12: 13458000000 | E12: 13415000000 | F12: 13658000000 | G12: 14316000000 | H12: 13201000000 | I12: 12809000000 | J12: 12580000000 | K12: 12755000000 | L12: 11388000000 | M12: 11129000000
A13: Cost And Expenses | C13: 79202000000 | D13: 62529000000 | E13: 58799000000 | F13: 66518000000 | G13: 81138000000 | H13: 65252000000 | I13: 59883000000 | J13: 67299000000 | K13: 82457000000 | L13: 59574000000 | M13: 57308000000
A14: Ebitda | C14: 43221000000 | D14: 29622000000 | E14: 26050000000 | F14: 31216000000 | G14: 38932000000 | H14: 27759000000 | I14: 25881000000 | J14: 32716000000 | K14: 44185000000 | L14: 26775000000 | M14: 26958000000
A15: Interest Expense | C15: 0 | D15: 1002000000 | E15: 998000000 | F15: 930000000 | G15: 1003000000 | H15: 827000000 | I15: 719000000 | J15: 691000000 | K15: 694000000 | L15: 672000000 | M15: 665000000
A16: Depreciation And Amortization | C16: 2848000000 | D16: 2653000000 | E16: 3052000000 | F16: 2898000000 | G16: 2916000000 | H16: 2865000000 | I16: 2805000000 | J16: 2737000000 | K16: 2697000000 | L16: 2989000000 | M16: 2832000000
... A25: Weighted Average Shs Out Dil | C25: 15576641000 | D25: 15672400000 | E25: 15775021000 | F25: 15847050000 | G25: 15955718000 | H25: 16118465000 | I25: 16262203000 | J25: 16403316000 | K25: 16519291000 | L25: 16635097000 | M25: 16781735000
A27: Balance Sheet
A28: Cash And Cash Equivalents | C28: {=_xldudf_WISE($A$2,A28:A67,$C$2:$M$2)} -> 40760000000 | D28: 29965000000 | E28: 28408000000 | F28: 24687000000 | G28: 20535000000 | H28: 23646000000 | I28: 27502000000 | J28: 28098000000 | K28: 37119000000 | L28: 34940000000 | M28: 34050000000
A29: Short Term Investments | C29: 32340000000 | D29: 31590000000 | E29: 34074000000 | F29: 31185000000 | G29: 30820000000 | H29: 24658000000 | I29: 20729000000 | J29: 23413000000 | K29: 26794000000 | L29: 27699000000 | M29: 27646000000
A30: Cash And Short Term Investments | C30: 73100000000 | D30: 61555000000 | E30: 62482000000 | F30: 55872000000 | G30: 51355000000 | H30: 48304000000 | I30: 48231000000 | J30: 51511000000 | K30: 63913000000 | L30: 62639000000 | M30: 61696000000
A31: Net Receivables | C31: 50102000000 | D31: 60985000000 | E31: 39186000000 | F31: 35899000000 | G31: 54180000000 | H31: 60932000000 | I31: 42242000000 | J31: 45400000000 | K31: 65253000000 | L31: 51506000000 | M31: 33908000000
A32: Inventory | C32: 6511000000 | D32: 6331000000 | E32: 7351000000 | F32: 7482000000 | G32: 6820000000 | H32: 4946000000 | I32: 5433000000 | J32: 5460000000 | K32: 5876000000 | L32: 6580000000 | M32: 5178000000
A33: Other Current Assets | C33: 13979000000 | D33: 14695000000 | E33: 13640000000 | F33: 13660000000 | G33: 16422000000 | H33: 21223000000 | I33: 16386000000 | J33: 15809000000 | K33: 18112000000 | L33: 14111000000 | M33: 13641000000
A34: Total Current Assets | C34: 143692000000 | D34: 143566000000 | E34: 122659000000 | F34: 112913000000 | G34: 128777000000 | H34: 135405000000 | I34: 112292000000 | J34: 118180000000 | K34: 153154000000 | L34: 134836000000 | M34: 114423000000
A35: Property Plant Equipment Net | C35: 43666000000 | D35: 43715000000 | E35: 43550000000 | F35: 43398000000 | G35: 42951000000 | H35: 42117000000 | I35: 40335000000 | J35: 39304000000 | K35: 39245000000 | L35: 39440000000 | M35: 38615000000
A36: Goodwill | C36: 0 | D36: 0 | E36: 0 | F36: 0 | G36: 0 | H36: 0 | I36: 0 | J36: 0 | K36: 0 | L36: 0 | M36: 0
A37: Intangible Assets | C37: 0 | D37: 0 | E37: 0 | F37: 0 | G37: 0 | H37: 0 | I37: 0 | J37: 0 | K37: 0 | L37: 0 | M37: 0
A38: Goodwill And Intangible Assets | C38: 0 | D38: -17852000000 | E38: 0 | F38: 0 | G38: 0 | H38: -15375000000 | I38: 0 | J38: 0 | K38: 0 | L38: 0 | M38: 0
A39: Long Term Investments | C39: 99475000000 | D39: 100544000000 | E39: 104061000000 | F39: 110461000000 | G39: 114095000000 | H39: 120805000000 | I39: 131077000000 | J39: 141219000000 | K39: 138683000000 | L39: 127877000000 | M39: 131948000000
A40: Tax Assets | C40: 0 | D40: 17852000000 | E40: 0 | F40: 0 | G40: 0 | H40: 15375000000 | I40: 0 | J40: 0 | K40: 0 | L40: 0 | M40: 0
... A67: Net Debt | C67: 67280000000 | D67: 81123000000 | E67: 80872000000 | F67: 84928000000 | G67: 90575000000 | H67: 96423000000 | I67: 92189000000 | J67: 91883000000 | K67: 85679000000 | L67: 89779000000 | M67: 87741000000
A69: Cash Flow
A70: Net Income | C70: {=_xldudf_WISE($A$2,A70:A99,$C$2:$M$2)} -> 33916000000 | D70: 22956000000 | E70: 19881000000 | F70: 24160000000 | G70: 29998000000 | H70: 20721000000 | I70: 19442000000 | J70: 25010000000 | K70: 34630000000 | L70: 20551000000 | M70: 21744000000
A71: Depreciation And Amortization | C71: 2848000000 | D71: 2653000000 | E71: 3052000000 | F71: 2898000000 | G71: 2916000000 | H71: 2865000000 | I71: 2805000000 | J71: 2737000000 | K71: 2697000000 | L71: 2989000000 | M71: 2832000000
A72: Deferred Income Tax | C72: -1876000000 | D72: 608000000 | E72: -608000000 | F72: 0 | G72: 0 | H72: -1861000000 | I72: 1668000000 | J72: 406000000 | K72: 682000000 | L72: -4037000000 | M72: -530000000
A73: Stock Based Compensation | C73: 2997000000 | D73: 2625000000 | E73: 2617000000 | F73: 2686000000 | G73: 2905000000 | H73: 2278000000 | I73: 2243000000 | J73: 2252000000 | K73: 2265000000 | L73: 1945000000 | M73: 1960000000
A74: Change In Working Capital | C74: 1876000000 | D74: -6060000000 | E74: -2009000000 | F74: 231000000 | G74: -1497000000 | H74: -48000000 | I74: -3225000000 | J74: -2052000000 | K74: 6525000000 | L74: -1790000000 | M74: -4697000000
A75: Accounts Receivables | C75: 6555000000 | D75: -9297000000 | E75: -1987000000 | F75: 5321000000 | G75: 4275000000 | H75: -6384000000 | I75: -981000000 | J75: 9476000000 | K75: -3934000000 | L75: -8809000000 | M75: 1031000000
A76: Inventory | C76: 6511000000 | D76: 6331000000 | E76: 7351000000 | F76: 7482000000 | G76: 6820000000 | H76: 4946000000 | I76: 5433000000 | J76: 5460000000 | K76: 5876000000 | L76: 6580000000 | M76: 5178000000
A77: Accounts Payables | C77: -4542000000 | D77: 14901000000 | E77: 3974000000 | F77: -14689000000 | G77: -6075000000 | H77: 15556000000 | I77: -4358000000 | J77: -21563000000 | K77: 19813000000 | L77: 14112000000 | M77: 211000000
A78: Other Working Capital | C78: -1876000000 | D78: -12616000000 | E78: -3974000000 | F78: 10340000000 | G78: 2110000000 | H78: -9655000000 | I78: 2130000000 | J78: 9651000000 | K78: -10035000000 | L78: -5664000000 | M78: -5952000000
A79: Other Non Cash Items | C79: 134000000 | D79: -1184000000 | E79: 3447000000 | F79: -1415000000 | G79: -317000000 | H79: 172000000 | I79: -41000000 | J79: -187000000 | K79: 167000000 | L79: 542000000 | M79: -215000000
A80: Net Cash Provided By Operating Activities | C80: 39895000000 | D80: 21598000000 | E80: 26380000000 | F80: 28560000000 | G80: 34005000000 | H80: 24127000000 | I80: 22892000000 | J80: 28166000000 | K80: 46966000000 | L80: 20200000000 | M80: 21094000000
A81: Investments In Property Plant And Equipment | C81: -2392000000 | D81: -2163000000 | E81: -2093000000 | F81: -2916000000 | G81: -3787000000 | H81: -3289000000 | I81: -2102000000 | J81: -2514000000 | K81: -2803000000 | L81: -3223000000 | M81: -2093000000
A82: Acquisitions Net | C82: 0 | D82: 0 | E82: 0 | F82: 0 | G82: 0 | H82: -137000000 | I82: -2000000 | J82: 0 | K82: 0 | L82: -20000000 | M82: -4000000
... A99: Free Cash Flow | C99: 37503000000 | D99: 19435000000 | E99: 24287000000 | F99: 25644000000 | G99: 30218000000 | H99: 20838000000 | I99: 20790000000 | J99: 25652000000 | K99: 44163000000 | L99: 16977000000 | M99: 19001000000

Sheet Historical Prices
B1: ='YoY Ratios'!$A$1& " Historical Price" -> AAPL Historical Price | H1: ='YoY Ratios'!$A$1& " Volume" -> AAPL Volume | J1: vlookup function | L1: vlookup function | O1: 10 Year Treasury Yield | R1: vlookup function | T1: vlookup function | W1: {=_xldudf_WISEPRICE('YoY Ratios'!$A$1,"dividend")} -> Date | X1: Dividend | Y1: Adjusted Dividend | Z1: Payment Date | AA1: Declaration Date | AE1: QUARTERLY END | AH1: ='YoY Ratios'!$A$1&" Beta" -> AAPL Beta | AK1: Segment revenues | AL1: 2022 | AM1: Revenue Per Product | AO1: Geographic Revenues | AP1: 2022 | AQ1: Revenue Per Country | AS1: Segment revenues | AT1: LQ | AU1: Revenue Per Product | AW1: Geographic Revenues | AX1: LQ | AY1: Revenue Per Country
B2: {=_xldudf_WISEPRICE('YoY Ratios'!$A$1, "Adjclose", , "2010-01-01", TODAY())} -> 2025-08-22 | C2: 227.32 | D2: 20 SMA | E2: 60 SMA | F2: 120 SMA | G2: 250 SMA | H2: {=_xldudf_WISEPRICE('Yearly Financials'!$A$2, "Volume", , "2010-01-01", TODAY())} -> 2025-08-22 | I2: 16274150 | J2: Yearly | L2: Quarterly | O2: {=_xldudf_WISEPRICE("^tnx", "Adjclose", , "2010-01-01", TODAY())} -> 2025-08-22 | P2: 4.258 | R2: Yearly | T2: Quarterly | W2: 2025-08-11 | X2: 0.26 | Y2: 0.26 | Z2: 2025-08-14 | AA2: 2025-07-31 | AE2: VlookUp Function | AH2: {=_xldudf_WISEPRICE('Yearly Financials'!A2,"beta")} -> 1.165 | AK2: {=_xldudf_WISE('YoY Ratios'!$A$1,$AK$1,AL1)} | AL2: 2022-09-24 | AO2: {=_xldudf_WISE('YoY Ratios'!$A$1,$AO$1,AP1)} | AP2: 2022-09-24 | AS2: {=_xldudf_WISE('YoY Ratios'!$A$1,$AK$1,AT1)} | AT2: 2025-06-28 | AW2: {=_xldudf_WISE('YoY Ratios'!$A$1,$AO$1,AX1)} | AX2: 2025-06-28
B3: 2025-08-21 | C3: 224.9 | D3: =AVERAGE(C3:C22) -> 219.6995 | E3: =AVERAGE(C3:C62) -> 210.01183 | F3: =AVERAGE(C3:C122) -> 209.86658 | G3: =AVERAGE(C3:C252) -> 222.05748 | H3: 2025-08-21 | I3: 30389868 | J3: Date | K3: =C2 -> 227.32 | L3: Date | M3: =C2 -> 227.32 | O3: 2025-08-21 | P3: 4.33 | R3: Date | S3: Adjclose | T3: Date | U3: Adjclose | W3: 2025-05-12 | X3: 0.26 | Y3: 0.26 | Z3: 2025-05-15 | AA3: 2025-05-01 | AE3: Date | AF3: Adjusted Dividend | AK3: Mac | AL3: 40177000000 | AM3: =AL3/$AL$11 -> 0.10188726 | AO3: Americas Segment | AP3: 169658000000 | AQ3: =AP3/$AP$11 -> 0.43024589 | AS3: Mac | AT3: 8046000000 | AU3: =AT3/$AT$11 -> 0.085562976 | AW3: Americas Segment | AX3: 41198000000 | AY3: =AX3/$AX$11 -> 0.43810881
B4: 2025-08-20 | C4: 226.01 | D4: =AVERAGE(C4:C23) -> 219.1425 | E4: =AVERAGE(C4:C63) -> 209.60033 | F4: =AVERAGE(C4:C123) -> 210.00775 | G4: =AVERAGE(C4:C253) -> 222.06148 | H4: 2025-08-20 | I4: 42145912 | J4: =B3 -> 2025-08-21 | K4: =VLOOKUP(J4,$B:$I,MATCH($K$3,$B$2:$I$2,),) -> 224.9 | L4: =B4 -> 2025-08-20 | M4: =VLOOKUP(L4,$B:$I,MATCH($M$3,$B$2:$I$2,),) -> 226.01 | O4: 2025-08-20 | P4: 4.296 | R4: =O3 -> 2025-08-21 | S4: =VLOOKUP(R4,$O$3:$P$3932,2,FALSE) -> 4.33 | T4: =R4 -> 2025-08-21 | U4: =VLOOKUP(T4,$O$2:$P$3931,2,FALSE) -> 4.33 | W4: 2025-02-10 | X4: 0.25 | Y4: 0.25 | Z4: 2025-02-13 | AA4: 2025-01-30 | AC4: TTM | AD4: =SUM(Y2:Y5) -> 1.02 | AE4: =W2 -> 2025-08-11 | AF4: =VLOOKUP(AE4,$W:$AA,MATCH($AF$3,$W$1:$AA$1,),) -> 0.26 | AK4: Service | AL4: 78129000000 | AM4: =AL4/$AL$11 -> 0.19813201 | AO4: Europe Segment | AP4: 95118000000 | AQ4: =AP4/$AP$11 -> 0.24121543 | AS4: Service | AT4: 27423000000 | AU4: =AT4/$AT$11 -> 0.29162236 | AW4: Europe Segment | AX4: 24014000000 | AY4: =AX4/$AX$11 -> 0.25537028
B5: 2025-08-19 | C5: 230.56 | D5: =AVERAGE(C5:C24) -> 218.5495 | E5: =AVERAGE(C5:C64) -> 209.088 | F5: =AVERAGE(C5:C124) -> 210.10183 | G5: =AVERAGE(C5:C254) -> 222.06148 | H5: 2025-08-19 | I5: 36804727 | J5: 2022-12-30 | K5: =VLOOKUP(J5,$B:$I,MATCH($K$3,$B$2:$I$2,),) -> 128.44 | L5: 2022-09-30 | M5: =VLOOKUP(L5,$B:$I,MATCH($M$3,$B$2:$I$2,),) -> 136.39 | O5: 2025-08-19 | P5: 4.3 | R5: 2022-12-30 | S5: =VLOOKUP(R5,$O$3:$P$3932,2,FALSE) -> 3.88 | T5: 2022-09-30 | U5: =VLOOKUP(T5,$O$2:$P$3931,2,FALSE) -> 3.8 | W5: 2024-11-08 | X5: 0.25 | Y5: 0.25 | Z5: 2024-11-14 | AA5: 2024-10-31 | AC5: 2021 | AD5: =SUM(Y6:Y9) -> 0.98 | AE5: 2022-05-06 | AF5: =VLOOKUP(AE5,$W:$AA,MATCH($AF$3,$W$1:$AA$1,),) -> 0.23 | AK5: Wearables, Home and Accessories | AL5: 41241000000 | AM5: =AL5/$AL$11 -> 0.10458552 | AO5: Greater China Segment | AP5: 74200000000 | AQ5: =AP5/$AP$11 -> 0.18816823 | AS5: Wearables, Home and Accessories | AT5: 7404000000 | AU5: =AT5/$AT$11 -> 0.078735803 | AW5: Greater China Segment | AX5: 15369000000 | AY5: =AX5/$AX$11 -> 0.16343741
B6: 2025-08-18 | C6: 230.89 | D6: =AVERAGE(C6:C25) -> 217.7415 | E6: =AVERAGE(C6:C65) -> 208.60133 | F6: =AVERAGE(C6:C125) -> 210.1835 | G6: =AVERAGE(C6:C255) -> 222.0408 | H6: 2025-08-18 | I6: 37451700 | J6: 2021-12-31 | K6: =VLOOKUP(J6,$B:$I,MATCH($K$3,$B$2:$I$2,),) -> 174.52 | L6: 2022-06-30 | M6: =VLOOKUP(L6,$B:$I,MATCH($M$3,$B$2:$I$2,),) -> 134.74 | O6: 2025-08-18 | P6: 4.34 | R6: 2021-12-31 | S6: =VLOOKUP(R6,$O$3:$P$3932,2,FALSE) -> 1.51 | T6: 2022-06-30 | U6: =VLOOKUP(T6,$O$2:$P$3931,2,FALSE) -> 2.97 | W6: 2024-08-12 | X6: 0.25 | Y6: 0.25 | Z6: 2024-08-15 | AA6: 2024-08-01 | AC6: 2020 | AD6: =SUM(Y10:Y13) -> 0.94 | AE6: 2022-05-06 | AF6: =VLOOKUP(AE6,$W:$AA,MATCH($AF$3,$W$1:$AA$1,),) -> 0.23 | AK6: iPad | AL6: 29292000000 | AM6: =AL6/$AL$11 -> 0.074283338 | AO6: Japan Segment | AP6: 25977000000 | AQ6: =AP6/$AP$11 -> 0.065876631 | AS6: iPad | AT6: 6581000000 | AU6: =AT6/$AT$11 -> 0.069983836 | AW6: Japan Segment | AX6: 5782000000 | AY6: =AX6/$AX$11 -> 0.06148709
B7: 2025-08-15 | C7: 231.59 | D7: =AVERAGE(C7:C26) -> 216.821 | E7: =AVERAGE(C7:C66) -> 208.12133 | F7: =AVERAGE(C7:C126) -> 210.31808 | G7: =AVERAGE(C7:C256) -> 222.01944 | H7: 2025-08-15 | I7: 54864147 | J7: 2020-12-31 | K7: =VLOOKUP(J7,$B:$I,MATCH($K$3,$B$2:$I$2,),) -> 129.61 | L7: 2022-03-31 | M7: =VLOOKUP(L7,$B:$I,MATCH($M$3,$B$2:$I$2,),) -> 171.83 | O7: 2025-08-15 | P7: 4.33 | R7: 2020-12-31 | S7: =VLOOKUP(R7,$O$3:$P$3932,2,FALSE) -> 0.917 | T7: 2022-03-31 | U7: =VLOOKUP(T7,$O$2:$P$3931,2,FALSE) -> 2.33 | W7: 2024-05-10 | X7: 0.25 | Y7: 0.25 | Z7: 2024-05-16 | AA7: 2024-05-02 | AC7: 2019 | AD7: =SUM(Y14:Y17) -> 0.9 | AE7: 2022-02-04 | AF7: =VLOOKUP(AE7,$W:$AA,MATCH($AF$3,$W$1:$AA$1,),) -> 0.22 | AK7: iPhone | AL7: 205489000000 | AM7: =AL7/$AL$11 -> 0.52111187 | AO7: Rest of Asia Pacific Segment | AP7: 29375000000 | AQ7: =AP7/$AP$11 -> 0.074493822 | AS7: iPhone | AT7: 44582000000 | AU7: =AT7/$AT$11 -> 0.47409503 | AW7: Rest of Asia Pacific Segment | AX7: 7673000000 | AY7: =AX7/$AX$11 -> 0.08159641
B8: 2025-08-14 | C8: 232.78 | D8: =AVERAGE(C8:C27) -> 215.8005 | E8: =AVERAGE(C8:C67) -> 207.70917 | F8: =AVERAGE(C8:C127) -> 210.44733 | G8: =AVERAGE(C8:C257) -> 221.99 | H8: 2025-08-14 | I8: 49379782 | J8: 2019-12-31 | K8: =VLOOKUP(J8,$B:$I,MATCH($K$3,$B$2:$I$2,),) -> 71.09 | L8: 2021-12-31 | M8: =VLOOKUP(L8,$B:$I,MATCH($M$3,$B$2:$I$2,),) -> 174.52 | O8: 2025-08-14 | P8: 4.29 | R8: 2019-12-31 | S8: =VLOOKUP(R8,$O$3:$P$3932,2,FALSE) -> 1.92 | T8: 2021-12-31 | U8: =VLOOKUP(T8,$O$2:$P$3931,2,FALSE) -> 1.51 | W8: 2024-02-09 | X8: 0.24 | Y8: 0.24 | Z8: 2024-02-15 | AA8: 2024-02-01 | AC8: 2018 | AD8: =SUM(Y18:Y21) -> 0.85 | AE8: 2021-11-05 | AF8: =VLOOKUP(AE8,$W:$AA,MATCH($AF$3,$W$1:$AA$1,),) -> 0.22 | AM8: =AL8/$AL$11 -> 0 | AQ8: =AP8/$AP$11 -> 0 | AU8: =AT8/$AT$11 -> 0 | AY8: =AX8/$AX$11 -> 0
B9: 2025-08-13 | C9: 233.33 | D9: =AVERAGE(C9:C28) -> 214.6625 | E9: =AVERAGE(C9:C68) -> 207.30917 | F9: =AVERAGE(C9:C128) -> 210.55375 | G9: =AVERAGE(C9:C258) -> 221.9438 | H9: 2025-08-13 | I9: 69878546 | J9: 2018-12-31 | K9: =VLOOKUP(J9,$B:$I,MATCH($K$3,$B$2:$I$2,),) -> 37.62 | L9: 2021-09-30 | M9: =VLOOKUP(L9,$B:$I,MATCH($M$3,$B$2:$I$2,),) -> 138.86 | O9: 2025-08-13 | P9: 4.24 | R9: 2018-12-31 | S9: =VLOOKUP(R9,$O$3:$P$3932,2,FALSE) -> 2.69 | T9: 2021-09-30 | U9: =VLOOKUP(T9,$O$2:$P$3931,2,FALSE) -> 1.53 | W9: 2023-11-10 | X9: 0.24 | Y9: 0.24 | Z9: 2023-11-16 | AA9: 2023-11-02 | AC9: 2017 | AD9: =SUM(Y22:Y25) -> 0.795 | AE9: 2021-08-06 | AF9: =VLOOKUP(AE9,$W:$AA,MATCH($AF$3,$W$1:$AA$1,),) -> 0.22 | AM9: =AL9/$AL$11 -> 0 | AQ9: =AP9/$AP$11 -> 0 | AU9: =AT9/$AT$11 -> 0 | AY9: =AX9/$AX$11 -> 0
B10: 2025-08-12 | C10: 229.65 | D10: =AVERAGE(C10:C29) -> 213.504 | E10: =AVERAGE(C10:C69) -> 206.94117 | F10: =AVERAGE(C10:C129) -> 210.65792 | G10: =AVERAGE(C10:C259) -> 221.8936 | H10: 2025-08-12 | I10: 54917651 | J10: 2017-12-29 | K10: =VLOOKUP(J10,$B:$I,MATCH($K$3,$B$2:$I$2,),) -> 39.77 | L10: 2021-06-30 | M10: =VLOOKUP(L10,$B:$I,MATCH($M$3,$B$2:$I$2,),) -> 134.21 | O10: 2025-08-12 | P10: 4.29 | R10: 2017-12-29 | S10: =VLOOKUP(R10,$O$3:$P$3932,2,FALSE) -> 2.4 | T10: 2021-06-30 | U10: =VLOOKUP(T10,$O$2:$P$3931,2,FALSE) -> 1.44 | W10: 2023-08-11 | X10: 0.24 | Y10: 0.24 | Z10: 2023-08-17 | AA10: 2023-08-03 | AC10: 2016 | AD10: =SUM(Y26:Y29) -> 0.75 | AE10: 2021-05-07 | AF10: =VLOOKUP(AE10,$W:$AA,MATCH($AF$3,$W$1:$AA$1,),) -> 0.22 | AM10: =AL10/$AL$11 -> 0 | AQ10: =AP10/$AP$11 -> 0 | AU10: =AT10/$AT$11 -> 0 | AY10: =AX10/$AX$11 -> 0
B11: 2025-08-11 | C11: 227.18 | D11: =AVERAGE(C11:C30) -> 212.477 | E11: =AVERAGE(C11:C70) -> 206.63783 | F11: =AVERAGE(C11:C130) -> 210.78475 | G11: =AVERAGE(C11:C260) -> 221.8432 | H11: 2025-08-11 | I11: 60533346 | J11: 2016-12-30 | K11: =VLOOKUP(J11,$B:$I,MATCH($K$3,$B$2:$I$2,),) -> 26.79 | L11: 2021-03-31 | M11: =VLOOKUP(L11,$B:$I,MATCH($M$3,$B$2:$I$2,),) -> 119.49 | O11: 2025-08-11 | P11: 4.27 | R11: 2016-12-30 | S11: =VLOOKUP(R11,$O$3:$P$3932,2,FALSE) -> 2.45 | T11: 2021-03-31 | U11: =VLOOKUP(T11,$O$2:$P$3931,2,FALSE) -> 1.75 | W11: 2023-05-12 | X11: 0.24 | Y11: 0.24 | Z11: 2023-05-18 | AA11: 2023-05-04 | AC11: 2015 | AD11: =SUM(Y30:Y33) -> 0.68 | AE11: 2021-02-05 | AF11: =VLOOKUP(AE11,$W:$AA,MATCH($AF$3,$W$1:$AA$1,),) -> 0.205 | AL11: =SUM(AL3:AL10) -> 394328000000 | AP11: =SUM(AP3:AP10) -> 394328000000 | AT11: =SUM(AT3:AT10) -> 94036000000 | AX11: =SUM(AX3:AX10) -> 94036000000
B12: 2025-08-08 | C12: 229.35 | D12: =AVERAGE(C12:C31) -> 211.549 | E12: =AVERAGE(C12:C71) -> 206.39033 | F12: =AVERAGE(C12:C131) -> 210.92883 | G12: =AVERAGE(C12:C261) -> 221.79656 | H12: 2025-08-08 | I12: 110755700 | J12: 2015-12-31 | K12: =VLOOKUP(J12,$B:$I,MATCH($K$3,$B$2:$I$2,),) -> 23.81 | L12: 2020-12-31 | M12: =VLOOKUP(L12,$B:$I,MATCH($M$3,$B$2:$I$2,),) -> 129.61 | O12: 2025-08-08 | P12: 4.28 | R12: 2015-12-31 | S12: =VLOOKUP(R12,$O$3:$P$3932,2,FALSE) -> 2.27 | T12: 2020-12-31 | U12: =VLOOKUP(T12,$O$2:$P$3931,2,FALSE) -> 0.917 | W12: 2023-02-10 | X12: 0.23 | Y12: 0.23 | Z12: 2023-02-16 | AA12: 2023-02-02 | AC12: 2014 | AD12: =SUM(Y34:Y37) -> 0.6 | AE12: 2020-11-06 | AF12: =VLOOKUP(AE12,$W:$AA,MATCH($AF$3,$W$1:$AA$1,),) -> 0.205
B13: 2025-08-07 | C13: 220.03 | D13: =AVERAGE(C13:C32) -> 210.6395 | E13: =AVERAGE(C13:C72) -> 206.11667 | F13: =AVERAGE(C13:C132) -> 211.05592 | G13: =AVERAGE(C13:C262) -> 221.72956 | H13: 2025-08-07 | I13: 88216381 | J13: 2014-12-31 | K13: =VLOOKUP(J13,$B:$I,MATCH($K$3,$B$2:$I$2,),) -> 24.55 | L13: 2020-09-30 | M13: =VLOOKUP(L13,$B:$I,MATCH($M$3,$B$2:$I$2,),) -> 112.93 | O13: 2025-08-07 | P13: 4.24 | R13: 2014-12-31 | S13: =VLOOKUP(R13,$O$3:$P$3932,2,FALSE) -> 2.17 | T13: 2020-09-30 | U13: =VLOOKUP(T13,$O$2:$P$3931,2,FALSE) -> 0.677 | W13: 2022-11-04 | X13: 0.23 | Y13: 0.23 | Z13: 2022-11-10 | AA13: 2022-10-27 | AC13: 2013 | AD13: =SUM(Y38:Y41) -> 0.545 | AE13: 2020-08-07 | AF13: =VLOOKUP(AE13,$W:$AA,MATCH($AF$3,$W$1:$AA$1,),) -> 0.205 | AK13: Segment revenues | AL13: 2021 | AM13: Revenue Per Product | AO13: Geographic Revenues | AP13: 2021 | AQ13: Revenue Per Country | AS13: Segment revenues | AT13: LQ-1 | AU13: Revenue Per Product | AW13: Geographic Revenues | AX13: LQ-1 | AY13: Revenue Per Country
B14: 2025-08-06 | C14: 213.25 | D14: =AVERAGE(C14:C33) -> 210.2585 | E14: =AVERAGE(C14:C73) -> 205.96267 | F14: =AVERAGE(C14:C133) -> 211.23508 | G14: =AVERAGE(C14:C263) -> 221.68592 | H14: 2025-08-06 | I14: 108483103 | J14: 2013-12-31 | K14: =VLOOKUP(J14,$B:$I,MATCH($K$3,$B$2:$I$2,),) -> 17.46 | L14: 2020-06-30 | M14: =VLOOKUP(L14,$B:$I,MATCH($M$3,$B$2:$I$2,),) -> 88.77 | O14: 2025-08-06 | P14: 4.22 | R14: 2013-12-31 | S14: =VLOOKUP(R14,$O$3:$P$3932,2,FALSE) -> 3.03 | T14: 2020-06-30 | U14: =VLOOKUP(T14,$O$2:$P$3931,2,FALSE) -> 0.653 | W14: 2022-08-05 | X14: 0.23 | Y14: 0.23 | Z14: 2022-08-11 | AA14: 2022-07-28 | AE14: 2020-05-08 | AF14: =VLOOKUP(AE14,$W:$AA,MATCH($AF$3,$W$1:$AA$1,),) -> 0.205 | AK14: {=_xldudf_WISE('YoY Ratios'!$A$1,$AK$1,AL13)} | AL14: 2021-09-25 | AO14: {=_xldudf_WISE('YoY Ratios'!$A$1,$AO$1,AP13)} | AP14: 2021-09-25 | AS14: {=_xldudf_WISE('YoY Ratios'!$A$1,$AK$1,AT13)} | AT14: 2025-03-29 | AW14: {=_xldudf_WISE('YoY Ratios'!$A$1,$AO$1,AX13)} | AX14: 2025-03-29
B15: 2025-08-05 | C15: 202.92 | D15: =AVERAGE(C15:C34) -> 210.153 | E15: =AVERAGE(C15:C74) -> 205.71733 | F15: =AVERAGE(C15:C134) -> 211.43192 | G15: =AVERAGE(C15:C264) -> 221.65908 | H15: 2025-08-05 | I15: 44155079 | J15: 2012-12-31 | K15: =VLOOKUP(J15,$B:$I,MATCH($K$3,$B$2:$I$2,),) -> 16.16 | L15: 2020-03-31 | M15: =VLOOKUP(L15,$B:$I,MATCH($M$3,$B$2:$I$2,),) -> 61.71 | O15: 2025-08-05 | P15: 4.2 | R15: 2012-12-31 | S15: =VLOOKUP(R15,$O$3:$P$3932,2,FALSE) -> 1.76 | T15: 2020-03-31 | U15: =VLOOKUP(T15,$O$2:$P$3931,2,FALSE) -> 0.698 | W15: 2022-05-06 | X15: 0.23 | Y15: 0.23 | Z15: 2022-05-12 | AA15: 2022-04-28 | AE15: 2020-02-07 | AF15: =VLOOKUP(AE15,$W:$AA,MATCH($AF$3,$W$1:$AA$1,),) -> 0.1925 | AK15: Mac | AL15: 35190000000 | AM15: =AL15/$AL$23 -> 0.096195639 | AO15: Americas Segment | AP15: 153306000000 | AQ15: =AP15/$AP$23 -> 0.41907839 | AS15: Mac | AT15: 7949000000 | AU15: =AT15/$AT$23 -> 0.083358676 | AW15: Americas Segment | AX15: 40315000000 | AY15: =AX15/$AX$23 -> 0.42277079
B16: 2025-08-04 | C16: 203.35 | D16: =AVERAGE(C16:C35) -> 210.5075 | E16: =AVERAGE(C16:C75) -> 205.62683 | F16: =AVERAGE(C16:C135) -> 211.67942 | G16: =AVERAGE(C16:C265) -> 221.68168 | H16: 2025-08-04 | I16: 75109298 | J16: 2011-12-30 | K16: =VLOOKUP(J16,$B:$I,MATCH($K$3,$B$2:$I$2,),) -> 12.19 | L16: 2019-12-31 | M16: =VLOOKUP(L16,$B:$I,MATCH($M$3,$B$2:$I$2,),) -> 71.09 | O16: 2025-08-04 | P16: 4.2 | R16: 2011-12-30 | S16: =VLOOKUP(R16,$O$3:$P$3932,2,FALSE) -> 1.87 | T16: 2019-12-31 | U16: =VLOOKUP(T16,$O$2:$P$3931,2,FALSE) -> 1.92 | W16: 2022-02-04 | X16: 0.22 | Y16: 0.22 | Z16: 2022-02-10 | AA16: 2022-01-27 | AK16: Service | AL16: 68425000000 | AM16: =AL16/$AL$23 -> 0.18704708 | AO16: Europe Segment | AP16: 89307000000 | AQ16: =AP16/$AP$23 -> 0.24413026 | AS16: Service | AT16: 26645000000 | AU16: =AT16/$AT$23 -> 0.27941778 | AW16: Europe Segment | AX16: 24454000000 | AY16: =AX16/$AX$23 -> 0.25644145
B17: 2025-08-01 | C17: 202.38 | D17: =AVERAGE(C17:C36) -> 210.8375 | E17: =AVERAGE(C17:C76) -> 205.5085 | F17: =AVERAGE(C17:C136) -> 211.88192 | G17: =AVERAGE(C17:C266) -> 221.74476 | H17: 2025-08-01 | I17: 104434473 | J17: 2010-12-31 | K17: =VLOOKUP(J17,$B:$I,MATCH($K$3,$B$2:$I$2,),) -> 9.71 | L17: 2019-09-30 | M17: =VLOOKUP(L17,$B:$I,MATCH($M$3,$B$2:$I$2,),) -> 54.06 | O17: 2025-08-01 | P17: 4.22 | R17: 2010-12-31 | S17: =VLOOKUP(R17,$O$3:$P$3932,2,FALSE) -> 3.31 | T17: 2019-09-30 | U17: =VLOOKUP(T17,$O$2:$P$3931,2,FALSE) -> 1.68 | W17: 2021-11-05 | X17: 0.22 | Y17: 0.22 | Z17: 2021-11-11 | AA17: 2021-10-28 | AK17: Wearables, Home and Accessories | AL17: 38367000000 | AM17: =AL17/$AL$23 -> 0.10488031 | AO17: Greater China Segment | AP17: 68366000000 | AQ17: =AP17/$AP$23 -> 0.18688579 | AS17: Wearables, Home and Accessories | AT17: 7522000000 | AU17: =AT17/$AT$23 -> 0.078880861 | AW17: Greater China Segment | AX17: 16002000000 | AY17: =AX17/$AX$23 -> 0.16780797
B18: 2025-07-31 | C18: 207.57 | D18: =AVERAGE(C18:C37) -> 211.396 | E18: =AVERAGE(C18:C77) -> 205.444 | F18: =AVERAGE(C18:C137) -> 212.09025 | G18: =AVERAGE(C18:C267) -> 221.80576 | H18: 2025-07-31 | I18: 64700006 | L18: 2019-06-28 | M18: =VLOOKUP(L18,$B:$I,MATCH($M$3,$B$2:$I$2,),) -> 47.59 | O18: 2025-07-31 | P18: 4.36 | T18: 2019-06-28 | U18: =VLOOKUP(T18,$O$2:$P$3931,2,FALSE) -> 2 | W18: 2021-08-06 | X18: 0.22 | Y18: 0.22 | Z18: 2021-08-12 | AA18: 2021-07-27 | AK18: iPad | AL18: 31862000000 | AM18: =AL18/$AL$23 -> 0.087098194 | AO18: Japan Segment | AP18: 28482000000 | AQ18: =AP18/$AP$23 -> 0.077858601 | AS18: iPad | AT18: 6402000000 | AU18: =AT18/$AT$23 -> 0.067135771 | AW18: Japan Segment | AX18: 7298000000 | AY18: =AX18/$AX$23 -> 0.076531843
B19: 2025-07-30 | C19: 209.05 | D19: =AVERAGE(C19:C38) -> 211.6395 | E19: =AVERAGE(C19:C78) -> 205.29933 | F19: =AVERAGE(C19:C138) -> 212.30183 | G19: =AVERAGE(C19:C268) -> 221.86084 | H19: 2025-07-30 | I19: 43533667 | L19: 2019-03-29 | M19: =VLOOKUP(L19,$B:$I,MATCH($M$3,$B$2:$I$2,),) -> 45.5 | O19: 2025-07-30 | P19: 4.38 | T19: 2019-03-29 | U19: =VLOOKUP(T19,$O$2:$P$3931,2,FALSE) -> 2.41 | W19: 2021-05-07 | X19: 0.22 | Y19: 0.22 | Z19: 2021-05-13 | AA19: 2021-04-28 | AK19: iPhone | AL19: 191973000000 | AM19: =AL19/$AL$23 -> 0.52477878 | AO19: Rest of Asia Pacific Segment | AP19: 26356000000 | AQ19: =AP19/$AP$23 -> 0.072046952 | AS19: iPhone | AT19: 46841000000 | AU19: =AT19/$AT$23 -> 0.49120691 | AW19: Rest of Asia Pacific Segment | AX19: 7290000000 | AY19: =AX19/$AX$23 -> 0.076447949
B20: 2025-07-29 | C20: 211.27 | D20: =AVERAGE(C20:C39) -> 211.578 | E20: =AVERAGE(C20:C79) -> 205.23767 | F20: =AVERAGE(C20:C139) -> 212.49483 | G20: =AVERAGE(C20:C269) -> 221.89692 | H20: 2025-07-29 | I20: 51411723 | L20: 2018-12-31 | M20: =VLOOKUP(L20,$B:$I,MATCH($M$3,$B$2:$I$2,),) -> 37.62 | O20: 2025-07-29 | P20: 4.33 | T20: 2018-12-31 | U20: =VLOOKUP(T20,$O$2:$P$3931,2,FALSE) -> 2.69 | W20: 2021-02-05 | X20: 0.205 | Y20: 0.205 | Z20: 2021-02-11 | AA20: 2021-01-27 | AM20: =AL20/$AL$23 -> 0 | AQ20: =AP20/$AP$23 -> 0 | AU20: =AT20/$AT$23 -> 0 | AY20: =AX20/$AX$23 -> 0
B21: 2025-07-28 | C21: 214.05 | D21: =AVERAGE(C21:C40) -> 211.273 | E21: =AVERAGE(C21:C80) -> 205.27183 | F21: =AVERAGE(C21:C140) -> 212.67208 | G21: =AVERAGE(C21:C270) -> 221.92188 | H21: 2025-07-28 | I21: 36504158 | L21: 2018-09-28 | M21: =VLOOKUP(L21,$B:$I,MATCH($M$3,$B$2:$I$2,),) -> 53.66 | O21: 2025-07-28 | P21: 4.42 | T21: 2018-09-28 | U21: =VLOOKUP(T21,$O$2:$P$3931,2,FALSE) -> 3.06 | W21: 2020-11-06 | X21: 0.205 | Y21: 0.205 | Z21: 2020-11-12 | AA21: 2020-10-29 | AM21: =AL21/$AL$23 -> 0 | AQ21: =AP21/$AP$23 -> 0 | AU21: =AT21/$AT$23 -> 0 | AY21: =AX21/$AX$23 -> 0
B22: 2025-07-25 | C22: 213.88 | D22: =AVERAGE(C22:C41) -> 210.6245 | E22: =AVERAGE(C22:C81) -> 205.246 | F22: =AVERAGE(C22:C141) -> 212.78633 | G22: =AVERAGE(C22:C271) -> 221.9346 | H22: 2025-07-25 | I22: 38585030 | L22: 2018-06-29 | M22: =VLOOKUP(L22,$B:$I,MATCH($M$3,$B$2:$I$2,),) -> 43.85 | O22: 2025-07-25 | P22: 4.39 | T22: 2018-06-29 | U22: =VLOOKUP(T22,$O$2:$P$3931,2,FALSE) -> 2.85 | W22: 2020-08-07 | X22: 0.82 | Y22: 0.205 | Z22: 2020-08-13 | AA22: 2020-07-30 | AM22: =AL22/$AL$23 -> 0 | AQ22: =AP22/$AP$23 -> 0 | AU22: =AT22/$AT$23 -> 0 | AY22: =AX22/$AX$23 -> 0
B23: 2025-07-24 | C23: 213.76 | D23: =AVERAGE(C23:C42) -> 209.9805 | E23: =AVERAGE(C23:C82) -> 205.2015 | F23: =AVERAGE(C23:C142) -> 212.9685 | G23: =AVERAGE(C23:C272) -> 221.94612 | H23: 2025-07-24 | I23: 45773373 | L23: 2018-03-29 | M23: =VLOOKUP(L23,$B:$I,MATCH($M$3,$B$2:$I$2,),) -> 39.59 | O23: 2025-07-24 | P23: 4.41 | T23: 2018-03-29 | U23: =VLOOKUP(T23,$O$2:$P$3931,2,FALSE) -> 2.74 | W23: 2020-05-08 | X23: 0.82 | Y23: 0.205 | Z23: 2020-05-14 | AA23: 2020-04-30 | AL23: =SUM(AL15:AL22) -> 365817000000 | AP23: =SUM(AP15:AP22) -> 365817000000 | AT23: =SUM(AT15:AT22) -> 95359000000 | AX23: =SUM(AX15:AX22) -> 95359000000
B24: 2025-07-23 | C24: 214.15 | D24: =AVERAGE(C24:C43) -> 209.3705 | E24: =AVERAGE(C24:C83) -> 205.14117 | F24: =AVERAGE(C24:C143) -> 213.16492 | G24: =AVERAGE(C24:C273) -> 221.96232 | H24: 2025-07-23 | I24: 46989301 | L24: 2017-12-29 | M24: =VLOOKUP(L24,$B:$I,MATCH($M$3,$B$2:$I$2,),) -> 39.77 | O24: 2025-07-23 | P24: 4.39 | T24: 2017-12-29 | U24: =VLOOKUP(T24,$O$2:$P$3931,2,FALSE) -> 2.4 | W24: 2020-02-07 | X24: 0.77 | Y24: 0.1925 | Z24: 2020-02-13 | AA24: 2020-01-28
B25: 2025-07-22 | C25: 214.4 | D25: =AVERAGE(C25:C44) -> 208.678 | E25: =AVERAGE(C25:C84) -> 205.06 | F25: =AVERAGE(C25:C144) -> 213.37283 | G25: =AVERAGE(C25:C274) -> 222.00276 | H25: 2025-07-22 | I25: 44917713 | L25: 2017-09-29 | M25: =VLOOKUP(L25,$B:$I,MATCH($M$3,$B$2:$I$2,),) -> 36.09 | O25: 2025-07-22 | P25: 4.34 | T25: 2017-09-29 | U25: =VLOOKUP(T25,$O$2:$P$3931,2,FALSE) -> 2.33 | W25: 2019-11-07 | X25: 0.77 | Y25: 0.1925 | Z25: 2019-11-14 | AA25: 2019-10-30 | AK25: Segment revenues | AL25: 2020 | AM25: Revenue Per Product | AO25: Geographic Revenues | AP25: 2020 | AQ25: Revenue Per Country | AS25: Segment revenues | AT25: LQ-2 | AU25: Revenue Per Product | AW25: Geographic Revenues | AX25: LQ-2 | AY25: Revenue Per Country
B26: 2025-07-21 | C26: 212.48 | D26: =AVERAGE(C26:C45) -> 208.033 | E26: =AVERAGE(C26:C85) -> 204.9595 | F26: =AVERAGE(C26:C145) -> 213.5695 | G26: =AVERAGE(C26:C275) -> 222.038 | H26: 2025-07-21 | I26: 51064253 | L26: 2017-06-30 | M26: =VLOOKUP(L26,$B:$I,MATCH($M$3,$B$2:$I$2,),) -> 33.59 | O26: 2025-07-21 | P26: 4.37 | T26: 2017-06-30 | U26: =VLOOKUP(T26,$O$2:$P$3931,2,FALSE) -> 2.3 | W26: 2019-08-09 | X26: 0.77 | Y26: 0.1925 | Z26: 2019-08-15 | AA26: 2019-07-30 | AK26: {=_xldudf_WISE('YoY Ratios'!$A$1,$AK$1,AL25)} | AL26: 2020-09-26 | AO26: {=_xldudf_WISE('YoY Ratios'!$A$1,$AO$1,AP25)} | AP26: 2020-09-26 | AS26: {=_xldudf_WISE('YoY Ratios'!$A$1,$AK$1,AT25)} | AT26: 2024-12-28 | AW26: {=_xldudf_WISE('YoY Ratios'!$A$1,$AO$1,AX25)} | AX26: 2024-12-28
B27: 2025-07-18 | C27: 211.18 | D27: =AVERAGE(C27:C46) -> 207.459 | E27: =AVERAGE(C27:C86) -> 204.82817 | F27: =AVERAGE(C27:C146) -> 213.71225 | G27: =AVERAGE(C27:C276) -> 222.08232 | H27: 2025-07-18 | I27: 48317144 | L27: 2017-03-31 | M27: =VLOOKUP(L27,$B:$I,MATCH($M$3,$B$2:$I$2,),) -> 33.37 | O27: 2025-07-18 | P27: 4.432 | T27: 2017-03-31 | U27: =VLOOKUP(T27,$O$2:$P$3931,2,FALSE) -> 2.4 | W27: 2019-05-10 | X27: 0.77 | Y27: 0.1925 | Z27: 2019-05-16 | AA27: 2019-04-30 | AK27: Mac | AL27: 28622000000 | AM27: =AL27/$AL$35 -> 0.10426388 | AO27: Americas Segment | AP27: 124556000000 | AQ27: =AP27/$AP$35 -> 0.45373113 | AS27: Mac | AT27: 8987000000 | AU27: =AT27/$AT$35 -> 0.072300885 | AW27: Americas Segment | AX27: 52648000000 | AY27: =AX27/$AX$35 -> 0.42355591
B28: 2025-07-17 | C28: 210.02 | D28: =AVERAGE(C28:C47) -> 206.729 | E28: =AVERAGE(C28:C87) -> 204.6375 | F28: =AVERAGE(C28:C147) -> 213.80692 | G28: =AVERAGE(C28:C277) -> 222.13132 | H28: 2025-07-17 | I28: 48068141 | L28: 2016-12-30 | M28: =VLOOKUP(L28,$B:$I,MATCH($M$3,$B$2:$I$2,),) -> 26.79 | O28: 2025-07-17 | P28: 4.46 | T28: 2016-12-30 | U28: =VLOOKUP(T28,$O$2:$P$3931,2,FALSE) -> 2.45 | W28: 2019-02-08 | X28: 0.73 | Y28: 0.1825 | Z28: 2019-02-14 | AA28: 2019-01-29 | AK28: Service | AL28: 53768000000 | AM28: =AL28/$AL$35 -> 0.19586544 | AO28: Europe Segment | AP28: 68640000000 | AQ28: =AP28/$AP$35 -> 0.25004098 | AS28: Service | AT28: 26340000000 | AU28: =AT28/$AT$35 -> 0.21190668 | AW28: Europe Segment | AX28: 33861000000 | AY28: =AX28/$AX$35 -> 0.27241352
B29: 2025-07-16 | C29: 210.16 | D29: =AVERAGE(C29:C48) -> 206.01 | E29: =AVERAGE(C29:C88) -> 204.3565 | F29: =AVERAGE(C29:C148) -> 213.9185 | G29: =AVERAGE(C29:C278) -> 222.20368 | H29: 2025-07-16 | I29: 47148580 | L29: 2016-09-30 | M29: =VLOOKUP(L29,$B:$I,MATCH($M$3,$B$2:$I$2,),) -> 26.01 | O29: 2025-07-16 | P29: 4.45 | T29: 2016-09-30 | U29: =VLOOKUP(T29,$O$2:$P$3931,2,FALSE) -> 1.61 | W29: 2018-11-08 | X29: 0.73 | Y29: 0.1825 | Z29: 2018-11-15 | AA29: 2018-11-01 | AK29: Wearables, Home and Accessories | AL29: 30620000000 | AM29: =AL29/$AL$35 -> 0.11154217 | AO29: Greater China Segment | AP29: 40308000000 | AQ29: =AP29/$AP$35 -> 0.14683351 | AS29: Wearables, Home and Accessories | AT29: 11747000000 | AU29: =AT29/$AT$35 -> 0.094505229 | AW29: Greater China Segment | AX29: 18513000000 | AY29: =AX29/$AX$35 -> 0.14893805
B30: 2025-07-15 | C30: 209.11 | D30: =AVERAGE(C30:C49) -> 205.423 | E30: =AVERAGE(C30:C89) -> 204.13683 | F30: =AVERAGE(C30:C149) -> 214.03033 | G30: =AVERAGE(C30:C279) -> 222.29916 | H30: 2025-07-15 | I30: 42071894 | L30: 2016-06-30 | M30: =VLOOKUP(L30,$B:$I,MATCH($M$3,$B$2:$I$2,),) -> 21.88 | O30: 2025-07-15 | P30: 4.49 | T30: 2016-06-30 | U30: =VLOOKUP(T30,$O$2:$P$3931,2,FALSE) -> 1.49 | W30: 2018-08-10 | X30: 0.73 | Y30: 0.1825 | Z30: 2018-08-16 | AA30: 2018-07-31 | AK30: iPad | AL30: 23724000000 | AM30: =AL30/$AL$35 -> 0.086421507 | AO30: Japan Segment | AP30: 21418000000 | AQ30: =AP30/$AP$35 -> 0.078021237 | AS30: iPad | AT30: 8088000000 | AU30: =AT30/$AT$35 -> 0.065068383 | AW30: Japan Segment | AX30: 8987000000 | AY30: =AX30/$AX$35 -> 0.072300885
B31: 2025-07-14 | C31: 208.62 | D31: =AVERAGE(C31:C50) -> 204.79 | E31: =AVERAGE(C31:C90) -> 203.8895 | F31: =AVERAGE(C31:C150) -> 214.14108 | G31: =AVERAGE(C31:C280) -> 222.39716 | H31: 2025-07-14 | I31: 37683849 | L31: 2016-03-31 | M31: =VLOOKUP(L31,$B:$I,MATCH($M$3,$B$2:$I$2,),) -> 24.79 | O31: 2025-07-14 | P31: 4.427 | T31: 2016-03-31 | U31: =VLOOKUP(T31,$O$2:$P$3931,2,FALSE) -> 1.79 | W31: 2018-05-11 | X31: 0.73 | Y31: 0.1825 | Z31: 2018-05-17 | AA31: 2018-05-01 | AK31: iPhone | AL31: 137781000000 | AM31: =AL31/$AL$35 -> 0.501907 | AO31: Rest of Asia Pacific Segment | AP31: 19593000000 | AQ31: =AP31/$AP$35 -> 0.071373149 | AS31: iPhone | AT31: 69138000000 | AU31: =AT31/$AT$35 -> 0.55621883 | AW31: Rest of Asia Pacific Segment | AX31: 10291000000 | AY31: =AX31/$AX$35 -> 0.082791633
B32: 2025-07-11 | C32: 211.16 | D32: =AVERAGE(C32:C51) -> 204.319 | E32: =AVERAGE(C32:C91) -> 203.7815 | F32: =AVERAGE(C32:C151) -> 214.317 | G32: =AVERAGE(C32:C281) -> 222.48176 | H32: 2025-07-11 | I32: 39765812 | L32: 2015-12-31 | M32: =VLOOKUP(L32,$B:$I,MATCH($M$3,$B$2:$I$2,),) -> 23.81 | O32: 2025-07-11 | P32: 4.42 | T32: 2015-12-31 | U32: =VLOOKUP(T32,$O$2:$P$3931,2,FALSE) -> 2.27 | W32: 2018-02-09 | X32: 0.63 | Y32: 0.1575 | Z32: 2018-02-15 | AA32: 2018-02-01 | AM32: =AL32/$AL$35 -> 0 | AQ32: =AP32/$AP$35 -> 0 | AU32: =AT32/$AT$35 -> 0 | AY32: =AX32/$AX$35 -> 0
B33: 2025-07-10 | C33: 212.41 | D33: =AVERAGE(C33:C52) -> 203.7 | E33: =AVERAGE(C33:C92) -> 203.6375 | F33: =AVERAGE(C33:C152) -> 214.45742 | G33: =AVERAGE(C33:C282) -> 222.54436 | H33: 2025-07-10 | I33: 44443635 | L33: 2015-09-30 | M33: =VLOOKUP(L33,$B:$I,MATCH($M$3,$B$2:$I$2,),) -> 24.85 | O33: 2025-07-10 | P33: 4.35 | T33: 2015-09-30 | U33: =VLOOKUP(T33,$O$2:$P$3931,2,FALSE) -> 2.06 | W33: 2017-11-10 | X33: 0.63 | Y33: 0.1575 | Z33: 2017-11-16 | AA33: 2017-11-02 | AM33: =AL33/$AL$35 -> 0 | AQ33: =AP33/$AP$35 -> 0 | AU33: =AT33/$AT$35 -> 0 | AY33: =AX33/$AX$35 -> 0
B34: 2025-07-09 | C34: 211.14 | D34: =AVERAGE(C34:C53) -> 203.213 | E34: =AVERAGE(C34:C93) -> 203.39983 | F34: =AVERAGE(C34:C153) -> 214.66742 | G34: =AVERAGE(C34:C283) -> 222.62352 | H34: 2025-07-09 | I34: 48408519 | L34: 2015-06-30 | M34: =VLOOKUP(L34,$B:$I,MATCH($M$3,$B$2:$I$2,),) -> 28.13 | O34: 2025-07-09 | P34: 4.34 | T34: 2015-06-30 | U34: =VLOOKUP(T34,$O$2:$P$3931,2,FALSE) -> 2.34 | W34: 2017-08-10 | X34: 0.63 | Y34: 0.1575 | Z34: 2017-08-17 | AA34: 2017-08-01 | AM34: =AL34/$AL$35 -> 0 | AQ34: =AP34/$AP$35 -> 0 | AU34: =AT34/$AT$35 -> 0 | AY34: =AX34/$AX$35 -> 0
B35: 2025-07-08 | C35: 210.01 | D35: =AVERAGE(C35:C54) -> 202.7285 | E35: =AVERAGE(C35:C94) -> 203.0545 | F35: =AVERAGE(C35:C154) -> 214.84975 | G35: =AVERAGE(C35:C284) -> 222.6906 | H35: 2025-07-08 | I35: 42036884 | L35: 2015-03-31 | M35: =VLOOKUP(L35,$B:$I,MATCH($M$3,$B$2:$I$2,),) -> 27.79 | O35: 2025-07-08 | P35: 4.41 | T35: 2015-03-31 | U35: =VLOOKUP(T35,$O$2:$P$3931,2,FALSE) -> 1.93 | W35: 2017-05-11 | X35: 0.63 | Y35: 0.1575 | Z35: 2017-05-18 | AA35: 2017-05-03 | AL35: =SUM(AL27:AL34) -> 274515000000 | AP35: =SUM(AP27:AP34) -> 274515000000 | AT35: =SUM(AT27:AT34) -> 124300000000 | AX35: =SUM(AX27:AX34) -> 124300000000
B36: 2025-07-07 | C36: 209.95 | D36: =AVERAGE(C36:C55) -> 202.424 | E36: =AVERAGE(C36:C95) -> 202.8685 | F36: =AVERAGE(C36:C155) -> 215.05083 | G36: =AVERAGE(C36:C285) -> 222.7588 | H36: 2025-07-07 | I36: 49905104 | L36: 2014-12-31 | M36: =VLOOKUP(L36,$B:$I,MATCH($M$3,$B$2:$I$2,),) -> 24.55 | O36: 2025-07-07 | P36: 4.39 | T36: 2014-12-31 | U36: =VLOOKUP(T36,$O$2:$P$3931,2,FALSE) -> 2.17 | W36: 2017-02-09 | X36: 0.57 | Y36: 0.1425 | Z36: 2017-02-16 | AA36: 2017-01-31
B37: 2025-07-03 | C37: 213.55 | D37: =AVERAGE(C37:C56) -> 201.958 | E37: =AVERAGE(C37:C96) -> 202.243 | F37: =AVERAGE(C37:C156) -> 215.27283 | G37: =AVERAGE(C37:C286) -> 222.82132 | H37: 2025-07-03 | I37: 34955836 | L37: 2014-09-30 | M37: =VLOOKUP(L37,$B:$I,MATCH($M$3,$B$2:$I$2,),) -> 22.32 | O37: 2025-07-03 | P37: 4.35 | T37: 2014-09-30 | U37: =VLOOKUP(T37,$O$2:$P$3931,2,FALSE) -> 2.51 | W37: 2016-11-03 | X37: 0.57 | Y37: 0.1425 | Z37: 2016-11-10 | AA37: 2016-10-25 | AK37: Segment revenues | AL37: 2019 | AM37: Revenue Per Product | AO37: Geographic Revenues | AP37: 2019 | AQ37: Revenue Per Country | AS37: Segment revenues | AT37: LQ-3 | AU37: Revenue Per Product | AW37: Geographic Revenues | AX37: LQ-3 | AY37: Revenue Per Country
B38: 2025-07-02 | C38: 212.44 | D38: =AVERAGE(C38:C57) -> 201.4215 | E38: =AVERAGE(C38:C97) -> 201.70817 | F38: =AVERAGE(C38:C157) -> 215.5135 | G38: =AVERAGE(C38:C287) -> 222.85036 | H38: 2025-07-02 | I38: 67834447 | L38: 2014-06-30 | M38: =VLOOKUP(L38,$B:$I,MATCH($M$3,$B$2:$I$2,),) -> 20.48 | O38: 2025-07-02 | P38: 4.29 | T38: 2014-06-30 | U38: =VLOOKUP(T38,$O$2:$P$3931,2,FALSE) -> 2.52 | W38: 2016-08-04 | X38: 0.57 | Y38: 0.1425 | Z38: 2016-08-11 | AA38: 2016-07-26 | AK38: {=_xldudf_WISE('YoY Ratios'!$A$1,$AK$1,AL37)} | AL38: 2019-09-28 | AO38: {=_xldudf_WISE('YoY Ratios'!$A$1,$AO$1,AP37)} | AP38: 2019-09-28 | AS38: {=_xldudf_WISE('YoY Ratios'!$A$1,$AK$1,AT37)} | AT38: 2024-09-28 | AW38: {=_xldudf_WISE('YoY Ratios'!$A$1,$AO$1,AX37)} | AX38: 2024-09-28
B39: 2025-07-01 | C39: 207.82 | D39: =AVERAGE(C39:C58) -> 200.963 | E39: =AVERAGE(C39:C98) -> 201.30717 | F39: =AVERAGE(C39:C158) -> 215.75933 | G39: =AVERAGE(C39:C288) -> 222.87872 | H39: 2025-07-01 | I39: 78788867 | L39: 2014-03-31 | M39: =VLOOKUP(L39,$B:$I,MATCH($M$3,$B$2:$I$2,),) -> 16.81 | O39: 2025-07-01 | P39: 4.25 | T39: 2014-03-31 | U39: =VLOOKUP(T39,$O$2:$P$3931,2,FALSE) -> 2.72 | W39: 2016-05-05 | X39: 0.57 | Y39: 0.1425 | Z39: 2016-05-12 | AA39: 2016-04-26 | AK39: Mac | AL39: 25740000000 | AM39: =AL39/$AL$47 -> 0.09893379 | AO39: Americas Segment | AP39: 116914000000 | AQ39: =AP39/$AP$47 -> 0.4493685 | AS39: Mac | AT39: 7744000000 | AU39: =AT39/$AT$47 -> 0.081575898 | AW39: Americas Segment | AX39: 41664000000 | AY39: =AX39/$AX$47 -> 0.43889182
B40: 2025-06-30 | C40: 205.17 | D40: =AVERAGE(C40:C59) -> 200.657 | E40: =AVERAGE(C40:C99) -> 201.23 | F40: =AVERAGE(C40:C159) -> 216.06692 | G40: =AVERAGE(C40:C289) -> 222.91152 | H40: 2025-06-30 | I40: 91912816 | L40: 2013-12-31 | M40: =VLOOKUP(L40,$B:$I,MATCH($M$3,$B$2:$I$2,),) -> 17.46 | O40: 2025-06-30 | P40: 4.23 | T40: 2013-12-31 | U40: =VLOOKUP(T40,$O$2:$P$3931,2,FALSE) -> 3.03 | W40: 2016-02-04 | X40: 0.52 | Y40: 0.13 | Z40: 2016-02-11 | AA40: 2016-01-26 | AK40: Service | AL40: 46291000000 | AM40: =AL40/$AL$47 -> 0.17792324 | AO40: Europe Segment | AP40: 60288000000 | AQ40: =AP40/$AP$47 -> 0.23172185 | AS40: Service | AT40: 24972000000 | AU40: =AT40/$AT$47 -> 0.26305699 | AW40: Europe Segment | AX40: 24924000000 | AY40: =AX40/$AX$47 -> 0.26255135
B41: 2025-06-27 | C41: 201.08 | D41: =AVERAGE(C41:C60) -> 200.441 | E41: =AVERAGE(C41:C100) -> 201.542 | F41: =AVERAGE(C41:C160) -> 216.38292 | G41: =AVERAGE(C41:C290) -> 222.93048 | H41: 2025-06-27 | I41: 70534466 | L41: 2013-09-30 | M41: =VLOOKUP(L41,$B:$I,MATCH($M$3,$B$2:$I$2,),) -> 14.75 | O41: 2025-06-27 | P41: 4.28 | T41: 2013-09-30 | U41: =VLOOKUP(T41,$O$2:$P$3931,2,FALSE) -> 2.62 | W41: 2015-11-05 | X41: 0.52 | Y41: 0.13 | Z41: 2015-11-12 | AA41: 2015-10-27 | AK41: Wearables, Home and Accessories | AL41: 24482000000 | AM41: =AL41/$AL$47 -> 0.094098565 | AO41: Greater China Segment | AP41: 43678000000 | AQ41: =AP41/$AP$47 -> 0.16787996 | AS41: Wearables, Home and Accessories | AT41: 9042000000 | AU41: =AT41/$AT$47 -> 0.095249131 | AW41: Greater China Segment | AX41: 15033000000 | AY41: =AX41/$AX$47 -> 0.15835879
B42: 2025-06-26 | C42: 201 | D42: =AVERAGE(C42:C61) -> 200.3845 | E42: =AVERAGE(C42:C101) -> 201.9105 | F42: =AVERAGE(C42:C161) -> 216.73708 | G42: =AVERAGE(C42:C291) -> 222.97968 | H42: 2025-06-26 | I42: 50799121 | L42: 2013-06-28 | M42: =VLOOKUP(L42,$B:$I,MATCH($M$3,$B$2:$I$2,),) -> 12.19 | O42: 2025-06-26 | P42: 4.25 | T42: 2013-06-28 | U42: =VLOOKUP(T42,$O$2:$P$3931,2,FALSE) -> 2.48 | W42: 2015-08-06 | X42: 0.52 | Y42: 0.13 | Z42: 2015-08-13 | AA42: 2015-07-21 | AK42: iPad | AL42: 21280000000 | AM42: =AL42/$AL$47 -> 0.081791417 | AO42: Japan Segment | AP42: 21506000000 | AQ42: =AP42/$AP$47 -> 0.082660066 | AS42: iPad | AT42: 6950000000 | AU42: =AT42/$AT$47 -> 0.07321184 | AW42: Japan Segment | AX42: 5926000000 | AY42: =AX42/$AX$47 -> 0.062424945
B43: 2025-06-25 | C43: 201.56 | D43: =AVERAGE(C43:C62) -> 200.3555 | E43: =AVERAGE(C43:C102) -> 202.26267 | F43: =AVERAGE(C43:C162) -> 217.14658 | G43: =AVERAGE(C43:C292) -> 223.02584 | H43: 2025-06-25 | I43: 39014815 | L43: 2013-03-28 | M43: =VLOOKUP(L43,$B:$I,MATCH($M$3,$B$2:$I$2,),) -> 13.52 | O43: 2025-06-25 | P43: 4.29 | T43: 2013-03-28 | U43: =VLOOKUP(T43,$O$2:$P$3931,2,FALSE) -> 1.85 | W43: 2015-05-07 | X43: 0.52 | Y43: 0.13 | Z43: 2015-05-14 | AA43: 2015-04-27 | AK43: iPhone | AL43: 142381000000 | AM43: =AL43/$AL$47 -> 0.54725299 | AO43: Rest of Asia Pacific Segment | AP43: 17788000000 | AQ43: =AP43/$AP$47 -> 0.06836963 | AS43: iPhone | AT43: 46222000000 | AU43: =AT43/$AT$47 -> 0.48690614 | AW43: Rest of Asia Pacific Segment | AX43: 7383000000 | AY43: =AX43/$AX$47 -> 0.077773096
B44: 2025-06-24 | C44: 200.3 | D44: =AVERAGE(C44:C63) -> 200.288 | E44: =AVERAGE(C44:C103) -> 202.535 | F44: =AVERAGE(C44:C163) -> 217.56625 | G44: =AVERAGE(C44:C293) -> 223.05308 | H44: 2025-06-24 | I44: 53899923 | L44: 2012-12-31 | M44: =VLOOKUP(L44,$B:$I,MATCH($M$3,$B$2:$I$2,),) -> 16.16 | O44: 2025-06-24 | P44: 4.29 | T44: 2012-12-31 | U44: =VLOOKUP(T44,$O$2:$P$3931,2,FALSE) -> 1.76 | W44: 2015-02-05 | X44: 0.47 | Y44: 0.1175 | Z44: 2015-02-12 | AA44: 2015-01-27 | AM44: =AL44/$AL$47 -> 0 | AQ44: =AP44/$AP$47 -> 0 | AU44: =AT44/$AT$47 -> 0 | AY44: =AX44/$AX$47 -> 0
B45: 2025-06-23 | C45: 201.5 | D45: =AVERAGE(C45:C64) -> 200.0365 | E45: =AVERAGE(C45:C104) -> 202.9275 | F45: =AVERAGE(C45:C164) -> 218.02467 | G45: =AVERAGE(C45:C294) -> 223.08164 | H45: 2025-06-23 | I45: 55481396 | L45: 2012-09-28 | M45: =VLOOKUP(L45,$B:$I,MATCH($M$3,$B$2:$I$2,),) -> 20.16 | O45: 2025-06-23 | P45: 4.32 | T45: 2012-09-28 | U45: =VLOOKUP(T45,$O$2:$P$3931,2,FALSE) -> 1.64 | W45: 2014-11-06 | X45: 0.47 | Y45: 0.1175 | Z45: 2014-11-13 | AA45: 2014-10-20 | AM45: =AL45/$AL$47 -> 0 | AQ45: =AP45/$AP$47 -> 0 | AU45: =AT45/$AT$47 -> 0 | AY45: =AX45/$AX$47 -> 0
B46: 2025-06-20 | C46: 201 | D46: =AVERAGE(C46:C65) -> 200.0295 | E46: =AVERAGE(C46:C105) -> 203.26133 | F46: =AVERAGE(C46:C165) -> 218.50167 | G46: =AVERAGE(C46:C295) -> 223.1028 | H46: 2025-06-20 | I46: 96813542 | L46: 2012-06-29 | M46: =VLOOKUP(L46,$B:$I,MATCH($M$3,$B$2:$I$2,),) -> 17.57 | O46: 2025-06-20 | P46: 4.38 | T46: 2012-06-29 | U46: =VLOOKUP(T46,$O$2:$P$3931,2,FALSE) -> 1.66 | W46: 2014-08-07 | X46: 0.47 | Y46: 0.1175 | Z46: 2014-08-14 | AA46: 2014-07-22 | AM46: =AL46/$AL$47 -> 0 | AQ46: =AP46/$AP$47 -> 0 | AU46: =AT46/$AT$47 -> 0 | AY46: =AX46/$AX$47 -> 0
B47: 2025-06-18 | C47: 196.58 | D47: =AVERAGE(C47:C66) -> 200.084 | E47: =AVERAGE(C47:C106) -> 203.6405 | F47: =AVERAGE(C47:C166) -> 218.976 | G47: =AVERAGE(C47:C296) -> 223.13472 | H47: 2025-06-18 | I47: 44864157 | L47: 2012-03-30 | M47: =VLOOKUP(L47,$B:$I,MATCH($M$3,$B$2:$I$2,),) -> 18.04 | O47: 2025-06-18 | P47: 4.4 | T47: 2012-03-30 | U47: =VLOOKUP(T47,$O$2:$P$3931,2,FALSE) -> 2.22 | W47: 2014-05-08 | X47: 3.29 | Y47: 0.1175 | Z47: 2014-05-15 | AA47: 2014-04-23 | AL47: =SUM(AL39:AL46) -> 260174000000 | AP47: =SUM(AP39:AP46) -> 260174000000 | AT47: =SUM(AT39:AT46) -> 94930000000 | AX47: =SUM(AX39:AX46) -> 94930000000
B48: 2025-06-17 | C48: 195.64 | D48: =AVERAGE(C48:C67) -> 200.598 | E48: =AVERAGE(C48:C107) -> 204.043 | F48: =AVERAGE(C48:C167) -> 219.46275 | G48: =AVERAGE(C48:C297) -> 223.20268 | H48: 2025-06-17 | I48: 38772936 | L48: 2011-12-30 | M48: =VLOOKUP(L48,$B:$I,MATCH($M$3,$B$2:$I$2,),) -> 12.19 | O48: 2025-06-17 | P48: 4.39 | T48: 2011-12-30 | U48: =VLOOKUP(T48,$O$2:$P$3931,2,FALSE) -> 1.87 | W48: 2014-02-06 | X48: 3.05 | Y48: 0.10893 | Z48: 2014-02-13 | AA48: 2014-01-27
B49: 2025-06-16 | C49: 198.42 | D49: =AVERAGE(C49:C68) -> 201.255 | E49: =AVERAGE(C49:C108) -> 204.42017 | F49: =AVERAGE(C49:C168) -> 219.95083 | G49: =AVERAGE(C49:C298) -> 223.28388 | H49: 2025-06-16 | I49: 42837838 | L49: 2011-09-30 | M49: =VLOOKUP(L49,$B:$I,MATCH($M$3,$B$2:$I$2,),) -> 11.48 | O49: 2025-06-16 | P49: 4.45 | T49: 2011-09-30 | U49: =VLOOKUP(T49,$O$2:$P$3931,2,FALSE) -> 1.92 | W49: 2013-11-06 | X49: 3.05 | Y49: 0.10893 | Z49: 2013-11-14 | AA49: 2013-10-28 | AK49: Segment revenues | AL49: 2018 | AM49: Revenue Per Product | AO49: Geographic Revenues | AP49: 2018 | AQ49: Revenue Per Country | AS49: Segment revenues | AT49: LQ-4 | AU49: Revenue Per Product | AW49: Geographic Revenues | AX49: LQ-4 | AY49: Revenue Per Country
B50: 2025-06-13 | C50: 196.45 | D50: =AVERAGE(C50:C69) -> 201.8965 | E50: =AVERAGE(C50:C109) -> 204.6815 | F50: =AVERAGE(C50:C169) -> 220.37667 | G50: =AVERAGE(C50:C299) -> 223.33732 | H50: 2025-06-13 | I50: 50778564 | L50: 2011-06-30 | M50: =VLOOKUP(L50,$B:$I,MATCH($M$3,$B$2:$I$2,),) -> 10.1 | O50: 2025-06-13 | P50: 4.42 | T50: 2011-06-30 | U50: =VLOOKUP(T50,$O$2:$P$3931,2,FALSE) -> 3.16 | W50: 2013-08-08 | X50: 3.05 | Y50: 0.10893 | Z50: 2013-08-15 | AA50: 2013-07-23 | AK50: {=_xldudf_WISE('YoY Ratios'!$A$1,$AK$1,AL49)} | AL50: 2018-09-29 | AO50: {=_xldudf_WISE('YoY Ratios'!$A$1,$AO$1,AP49)} | AP50: 2018-09-29 | AS50: {=_xldudf_WISE('YoY Ratios'!$A$1,$AK$1,AT49)} | AT50: 2024-06-29 | AW50: {=_xldudf_WISE('YoY Ratios'!$A$1,$AO$1,AX49)} | AX50: 2024-06-29
B51: 2025-06-12 | C51: 199.2 | D51: =AVERAGE(C51:C70) -> 202.6465 | E51: =AVERAGE(C51:C110) -> 204.99467 | F51: =AVERAGE(C51:C170) -> 220.80442 | G51: =AVERAGE(C51:C300) -> 223.4056 | H51: 2025-06-12 | I51: 42091422 | L51: 2011-03-31 | M51: =VLOOKUP(L51,$B:$I,MATCH($M$3,$B$2:$I$2,),) -> 10.49 | O51: 2025-06-12 | P51: 4.36 | T51: 2011-03-31 | U51: =VLOOKUP(T51,$O$2:$P$3931,2,FALSE) -> 3.45 | W51: 2013-05-09 | X51: 3.05 | Y51: 0.10893 | Z51: 2013-05-16 | AA51: 2013-04-23 | AK51: Mac | AL51: 25484000000 | AM51: =AL51/$AL$59 -> 0.10268436 | AO51: Americas Segment | AP51: 112093000000 | AQ51: =AP51/$AP$59 -> 0.42204484 | AS51: Mac | AT51: 7009000000 | AU51: =AT51/$AT$59 -> 0.081711881 | AW51: Americas Segment | AX51: 37678000000 | AY51: =AX51/$AX$59 -> 0.43925528
B52: 2025-06-11 | C52: 198.78 | D52: =AVERAGE(C52:C71) -> 203.303 | E52: =AVERAGE(C52:C111) -> 205.2195 | F52: =AVERAGE(C52:C171) -> 221.25442 | G52: =AVERAGE(C52:C301) -> 223.45824 | H52: 2025-06-11 | I52: 60989857 | L52: 2010-12-31 | M52: =VLOOKUP(L52,$B:$I,MATCH($M$3,$B$2:$I$2,),) -> 9.71 | O52: 2025-06-11 | P52: 4.41 | T52: 2010-12-31 | U52: =VLOOKUP(T52,$O$2:$P$3931,2,FALSE) -> 3.31 | W52: 2013-02-07 | X52: 2.65 | Y52: 0.09464286 | Z52: 2013-02-14 | AA52: 2013-01-23 | AK52: Service | AL52: 37190000000 | AM52: =AL52/$AL$59 -> 0.14985212 | AO52: Europe Segment | AP52: 62420000000 | AQ52: =AP52/$AP$59 -> 0.23501948 | AS52: Service | AT52: 24213000000 | AU52: =AT52/$AT$59 -> 0.28227847 | AW52: Europe Segment | AX52: 21884000000 | AY52: =AX52/$AX$59 -> 0.25512667
B53: 2025-06-10 | C53: 202.67 | D53: =AVERAGE(C53:C72) -> 204.0105 | E53: =AVERAGE(C53:C112) -> 205.47317 | F53: =AVERAGE(C53:C172) -> 221.68758 | G53: =AVERAGE(C53:C302) -> 223.48896 | H53: 2025-06-10 | I53: 54672608 | L53: 2010-09-30 | M53: =VLOOKUP(L53,$B:$I,MATCH($M$3,$B$2:$I$2,),) -> 8.54 | O53: 2025-06-10 | P53: 4.47 | T53: 2010-09-30 | U53: =VLOOKUP(T53,$O$2:$P$3931,2,FALSE) -> 2.52 | W53: 2012-11-07 | X53: 2.65 | Y53: 0.09464286 | Z53: 2012-11-15 | AA53: 2012-10-25 | AK53: iPad | AL53: 18805000000 | AM53: =AL53/$AL$59 -> 0.075772228 | AO53: Greater China Segment | AP53: 51942000000 | AQ53: =AP53/$AP$59 -> 0.19556844 | AS53: Wearables, Home and Accessories | AT53: 8097000000 | AU53: =AT53/$AT$59 -> 0.094395934 | AW53: Greater China Segment | AX53: 14728000000 | AY53: =AX53/$AX$59 -> 0.17170104
B54: 2025-06-09 | C54: 201.45 | D54: =AVERAGE(C54:C73) -> 204.4165 | E54: =AVERAGE(C54:C113) -> 205.6535 | F54: =AVERAGE(C54:C173) -> 222.06417 | G54: =AVERAGE(C54:C303) -> 223.44816 | H54: 2025-06-09 | I54: 72785093 | L54: 2010-06-30 | M54: =VLOOKUP(L54,$B:$I,MATCH($M$3,$B$2:$I$2,),) -> 7.57 | O54: 2025-06-09 | P54: 4.48 | T54: 2010-06-30 | U54: =VLOOKUP(T54,$O$2:$P$3931,2,FALSE) -> 2.95 | W54: 2012-08-09 | X54: 2.65 | Y54: 0.09464286 | Z54: 2012-08-16 | AA54: 2012-07-24 | AK54: iPhone | AL54: 166699000000 | AM54: =AL54/$AL$59 -> 0.67169129 | AO54: Japan Segment | AP54: 21733000000 | AQ54: =AP54/$AP$59 -> 0.081827595 | AS54: iPad | AT54: 7162000000 | AU54: =AT54/$AT$59 -> 0.083495576 | AW54: Japan Segment | AX54: 5097000000 | AY54: =AX54/$AX$59 -> 0.059421523
B55: 2025-06-06 | C55: 203.92 | D55: =AVERAGE(C55:C74) -> 204.2705 | E55: =AVERAGE(C55:C114) -> 205.79067 | F55: =AVERAGE(C55:C174) -> 222.4495 | G55: =AVERAGE(C55:C304) -> 223.42728 | H55: 2025-06-06 | I55: 46121557 | L55: 2010-03-31 | M55: =VLOOKUP(L55,$B:$I,MATCH($M$3,$B$2:$I$2,),) -> 7.07 | O55: 2025-06-06 | P55: 4.51 | T55: 2010-03-31 | U55: =VLOOKUP(T55,$O$2:$P$3931,2,FALSE) -> 3.83 | W55: 1995-11-21 | X55: 0.12 | Y55: 0.00107143 | Z55: 1995-12-15 | AA55: 1995-10-09 | AM55: =AL55/$AL$59 -> 0 | AO55: Rest of Asia Pacific Segment | AP55: 17407000000 | AQ55: =AP55/$AP$59 -> 0.065539637 | AS55: iPhone | AT55: 39296000000 | AU55: =AT55/$AT$59 -> 0.45811814 | AW55: Rest of Asia Pacific Segment | AX55: 6390000000 | AY55: =AX55/$AX$59 -> 0.074495494
B56: 2025-06-05 | C56: 200.63 | D56: =AVERAGE(C56:C75) -> 203.949 | E56: =AVERAGE(C56:C115) -> 206.00833 | F56: =AVERAGE(C56:C175) -> 222.802 | G56: =AVERAGE(C56:C305) -> 223.38692 | H56: 2025-06-05 | I56: 54741263 | O56: 2025-06-05 | P56: 4.394 | W56: 1995-08-16 | X56: 0.12 | Y56: 0.00107143 | Z56: 1995-09-08 | AA56: 1995-07-20 | AM56: =AL56/$AL$59 -> 0 | AQ56: =AP56/$AP$59 -> 0 | AU56: =AT56/$AT$59 -> 0 | AY56: =AX56/$AX$59 -> 0
B57: 2025-06-04 | C57: 202.82 | D57: =AVERAGE(C57:C76) -> 203.73 | E57: =AVERAGE(C57:C116) -> 206.34517 | F57: =AVERAGE(C57:C176) -> 223.19258 | G57: =AVERAGE(C57:C306) -> 223.36524 | H57: 2025-06-04 | I57: 43603985 | O57: 2025-06-04 | P57: 4.36 | W57: 1995-05-26 | X57: 0.12 | Y57: 0.00107143 | Z57: 1995-06-23 | AA57: 1995-05-02 | AM57: =AL57/$AL$59 -> 0 | AQ57: =AP57/$AP$59 -> 0 | AU57: =AT57/$AT$59 -> 0 | AY57: =AX57/$AX$59 -> 0
B58: 2025-06-03 | C58: 203.27 | D58: =AVERAGE(C58:C77) -> 203.5145 | E58: =AVERAGE(C58:C117) -> 206.75617 | F58: =AVERAGE(C58:C177) -> 223.55642 | G58: =AVERAGE(C58:C307) -> 223.32876 | H58: 2025-06-03 | I58: 43184092 | O58: 2025-06-03 | P58: 4.46 | W58: 1995-02-13 | X58: 0.12 | Y58: 0.00107143 | Z58: 1995-03-10 | AM58: =AL58/$AL$59 -> 0 | AQ58: =AP58/$AP$59 -> 0 | AU58: =AT58/$AT$59 -> 0 | AY58: =AX58/$AX$59 -> 0
B59: 2025-06-02 | C59: 201.7 | D59: =AVERAGE(C59:C78) -> 203.2955 | E59: =AVERAGE(C59:C118) -> 207.35283 | F59: =AVERAGE(C59:C178) -> 223.88392 | G59: =AVERAGE(C59:C308) -> 223.2892 | H59: 2025-06-02 | I59: 35314257 | O59: 2025-06-02 | P59: 4.46 | W59: 1994-11-18 | X59: 0.12 | Y59: 0.00107143 | Z59: 1994-12-16 | AL59: =SUM(AL51:AL58) -> 248178000000 | AP59: =SUM(AP51:AP58) -> 265595000000 | AT59: =SUM(AT51:AT58) -> 85777000000 | AX59: =SUM(AX51:AX58) -> 85777000000
B60: 2025-05-30 | C60: 200.85 | D60: =AVERAGE(C60:C79) -> 203.478 | E60: =AVERAGE(C60:C119) -> 207.91333 | F60: =AVERAGE(C60:C179) -> 224.22617 | G60: =AVERAGE(C60:C309) -> 223.24884 | H60: 2025-05-30 | I60: 69799163 | O60: 2025-05-30 | P60: 4.42 | W60: 1994-08-15 | X60: 0.12 | Y60: 0.00107143 | Z60: 1994-09-09
B61: 2025-05-29 | C61: 199.95 | D61: =AVERAGE(C61:C80) -> 204.1015 | E61: =AVERAGE(C61:C120) -> 208.49483 | F61: =AVERAGE(C61:C180) -> 224.57525 | G61: =AVERAGE(C61:C310) -> 223.20804 | H61: 2025-05-29 | I61: 51477938 | O61: 2025-05-29 | P61: 4.42 | W61: 1994-05-27 | X61: 0.12 | Y61: 0.00107143 | Z61: 1994-06-24
B62: 2025-05-28 | C62: 200.42 | D62: =AVERAGE(C62:C81) -> 204.729 | E62: =AVERAGE(C62:C121) -> 209.0945 | F62: =AVERAGE(C62:C181) -> 224.92883 | G62: =AVERAGE(C62:C311) -> 223.16684 | H62: 2025-05-28 | I62: 45339678 | O62: 2025-05-28 | P62: 4.48 | W62: 1994-02-07 | X62: 0.12 | Y62: 0.00107143 | Z62: 1994-03-04 | AA62: 1994-02-02
B63: 2025-05-27 | C63: 200.21 | D63: =AVERAGE(C63:C82) -> 205.2685 | E63: =AVERAGE(C63:C122) -> 209.72133 | F63: =AVERAGE(C63:C182) -> 225.25308 | G63: =AVERAGE(C63:C312) -> 223.12256 | H63: 2025-05-27 | I63: 55702646 | O63: 2025-05-27 | P63: 4.43 | W63: 1993-11-19 | X63: 0.12 | Y63: 0.00107143 | Z63: 1993-12-17
B64: 2025-05-23 | C64: 195.27 | D64: =AVERAGE(C64:C83) -> 205.765 | E64: =AVERAGE(C64:C123) -> 210.41517 | F64: =AVERAGE(C64:C183) -> 225.56025 | G64: =AVERAGE(C64:C313) -> 223.07908 | H64: 2025-05-23 | I64: 77906074 | O64: 2025-05-23 | P64: 4.51 | W64: 1993-08-16 | X64: 0.12 | Y64: 0.00107143 | Z64: 1993-09-10
B65: 2025-05-22 | C65: 201.36 | D65: =AVERAGE(C65:C84) -> 206.4655 | E65: =AVERAGE(C65:C124) -> 211.11567 | F65: =AVERAGE(C65:C184) -> 225.88858 | G65: =AVERAGE(C65:C314) -> 223.043 | H65: 2025-05-22 | I65: 46536248 | O65: 2025-05-22 | P65: 4.55 | W65: 1993-05-28 | X65: 0.12 | Y65: 0.00107143 | Z65: 1993-06-25
B66: 2025-05-21 | C66: 202.09 | D66: =AVERAGE(C66:C85) -> 206.816 | E66: =AVERAGE(C66:C125) -> 211.76567 | F66: =AVERAGE(C66:C185) -> 226.16725 | G66: =AVERAGE(C66:C315) -> 222.9986 | H66: 2025-05-21 | I66: 58857268 | O66: 2025-05-21 | P66: 4.6 | W66: 1993-02-12 | X66: 0.12 | Y66: 0.00107143 | Z66: 1993-03-12
B67: 2025-05-20 | C67: 206.86 | D67: =AVERAGE(C67:C86) -> 206.9415 | E67: =AVERAGE(C67:C126) -> 212.51483 | F67: =AVERAGE(C67:C186) -> 226.42158 | G67: =AVERAGE(C67:C316) -> 222.95708 | H67: 2025-05-20 | I67: 42496635 | O67: 2025-05-20 | P67: 4.48 | W67: 1992-11-30 | X67: 0.12 | Y67: 0.00107143 | Z67: 1992-12-18 | AA67: 1992-11-23
B68: 2025-05-19 | C68: 208.78 | D68: =AVERAGE(C68:C87) -> 206.5855 | E68: =AVERAGE(C68:C127) -> 213.1855 | F68: =AVERAGE(C68:C187) -> 226.61125 | G68: =AVERAGE(C68:C317) -> 222.89124 | H68: 2025-05-19 | I68: 45104929 | O68: 2025-05-19 | P68: 4.47 | W68: 1992-08-17 | X68: 0.12 | Y68: 0.00107143 | Z68: 1992-09-11
B69: 2025-05-16 | C69: 211.25 | D69: =AVERAGE(C69:C88) -> 205.8045 | E69: =AVERAGE(C69:C128) -> 213.79833 | F69: =AVERAGE(C69:C188) -> 226.77367 | G69: =AVERAGE(C69:C318) -> 222.81304 | H69: 2025-05-16 | I69: 53164417 | O69: 2025-05-16 | P69: 4.44 | W69: 1992-06-01 | X69: 0.12 | Y69: 0.00107143 | Z69: 1992-06-19
B70: 2025-05-15 | C70: 211.45 | D70: =AVERAGE(C70:C89) -> 205.091 | E70: =AVERAGE(C70:C129) -> 214.37467 | F70: =AVERAGE(C70:C189) -> 226.9195 | G70: =AVERAGE(C70:C319) -> 222.72484 | H70: 2025-05-15 | I70: 43864052 | O70: 2025-05-15 | P70: 4.45 | W70: 1992-02-14 | X70: 0.12 | Y70: 0.00107143 | Z70: 1992-03-13
B71: 2025-05-14 | C71: 212.33 | D71: =AVERAGE(C71:C90) -> 204.232 | E71: =AVERAGE(C71:C130) -> 214.93167 | F71: =AVERAGE(C71:C190) -> 227.05767 | G71: =AVERAGE(C71:C320) -> 222.63536 | H71: 2025-05-14 | I71: 49117576 | O71: 2025-05-14 | P71: 4.53 | W71: 1991-11-18 | X71: 0.12 | Y71: 0.00107143 | Z71: 1991-12-13
B72: 2025-05-13 | C72: 212.93 | D72: =AVERAGE(C72:C91) -> 203.7225 | E72: =AVERAGE(C72:C131) -> 215.46733 | F72: =AVERAGE(C72:C191) -> 227.18633 | G72: =AVERAGE(C72:C321) -> 222.53324 | H72: 2025-05-13 | I72: 51219572 | O72: 2025-05-13 | P72: 4.5 | W72: 1991-08-19 | X72: 0.12 | Y72: 0.00107143 | Z72: 1991-09-13
B73: 2025-05-12 | C73: 210.79 | D73: =AVERAGE(C73:C92) -> 203.202 | E73: =AVERAGE(C73:C132) -> 215.99517 | F73: =AVERAGE(C73:C192) -> 227.28483 | G73: =AVERAGE(C73:C322) -> 222.42416 | H73: 2025-05-12 | I73: 63194870 | O73: 2025-05-12 | P73: 4.457 | W73: 1991-05-20 | X73: 0.12 | Y73: 0.00107143 | Z73: 1991-06-14
B74: 2025-05-09 | C74: 198.53 | D74: =AVERAGE(C74:C93) -> 202.57 | E74: =AVERAGE(C74:C133) -> 216.5075 | F74: =AVERAGE(C74:C193) -> 227.428 | G74: =AVERAGE(C74:C323) -> 222.31076 | H74: 2025-05-09 | I74: 36453923 | O74: 2025-05-09 | P74: 4.38 | W74: 1991-02-15 | X74: 0.12 | Y74: 0.00107143 | Z74: 1991-03-15
B75: 2025-05-08 | C75: 197.49 | D75: =AVERAGE(C75:C94) -> 202.1645 | E75: =AVERAGE(C75:C134) -> 217.1465 | F75: =AVERAGE(C75:C194) -> 227.6475 | G75: =AVERAGE(C75:C324) -> 222.25144 | H75: 2025-05-08 | I75: 48463340 | O75: 2025-05-08 | P75: 4.37 | W75: 1990-11-16 | X75: 0.12 | Y75: 0.00107143 | Z75: 1990-12-14 | AA75: 1990-11-08
B76: 2025-05-07 | C76: 196.25 | D76: =AVERAGE(C76:C95) -> 202.2325 | E76: =AVERAGE(C76:C135) -> 217.732 | F76: =AVERAGE(C76:C195) -> 227.86825 | G76: =AVERAGE(C76:C325) -> 222.189 | H76: 2025-05-07 | I76: 65897896 | O76: 2025-05-07 | P76: 4.275 | W76: 1990-08-20 | X76: 0.11 | Y76: 0.00098214286 | Z76: 1990-09-14 | AA76: 1990-07-23
B77: 2025-05-06 | C77: 198.51 | D77: =AVERAGE(C77:C96) -> 201.041 | E77: =AVERAGE(C77:C136) -> 218.25533 | F77: =AVERAGE(C77:C196) -> 228.09933 | G77: =AVERAGE(C77:C326) -> 222.13016 | H77: 2025-05-06 | I77: 49351577 | O77: 2025-05-06 | P77: 4.308 | W77: 1990-05-21 | X77: 0.11 | Y77: 0.00098214286 | Z77: 1990-06-15 | AA77: 1990-04-09
B78: 2025-05-05 | C78: 198.89 | D78: =AVERAGE(C78:C97) -> 200.1885 | E78: =AVERAGE(C78:C137) -> 218.7365 | F78: =AVERAGE(C78:C197) -> 228.33433 | G78: =AVERAGE(C78:C327) -> 222.05956 | H78: 2025-05-05 | I78: 65656288 | O78: 2025-05-05 | P78: 4.34 | W78: 1990-02-16 | X78: 0.11 | Y78: 0.00098214286 | Z78: 1990-03-15 | AA78: 1990-02-02
B79: 2025-05-02 | C79: 205.35 | D79: =AVERAGE(C79:C98) -> 199.663 | E79: =AVERAGE(C79:C138) -> 219.30433 | F79: =AVERAGE(C79:C198) -> 228.56842 | G79: =AVERAGE(C79:C328) -> 221.99408 | H79: 2025-05-02 | I79: 99547217 | O79: 2025-05-02 | P79: 4.32 | W79: 1989-11-17 | X79: 0.1 | Y79: 0.00098214286 | Z79: 1989-12-15 | AA79: 1989-11-10
B80: 2025-05-01 | C80: 213.32 | D80: =AVERAGE(C80:C99) -> 199.555 | E80: =AVERAGE(C80:C139) -> 219.752 | F80: =AVERAGE(C80:C199) -> 228.70908 | G80: =AVERAGE(C80:C329) -> 221.86156 | H80: 2025-05-01 | I80: 51889203 | O80: 2025-05-01 | P80: 4.23 | W80: 1989-08-21 | X80: 0.1 | Y80: 0.00089285714 | Z80: 1989-09-15 | AA80: 1989-07-28
B81: 2025-04-30 | C81: 212.5 | D81: =AVERAGE(C81:C100) -> 200.0835 | E81: =AVERAGE(C81:C140) -> 220.07233 | F81: =AVERAGE(C81:C200) -> 228.78942 | G81: =AVERAGE(C81:C330) -> 221.68228 | H81: 2025-04-30 | I81: 50296791 | O81: 2025-04-30 | P81: 4.18 | W81: 1989-05-22 | X81: 0.1 | Y81: 0.00089285625 | Z81: 1989-06-15 | AA81: 1989-04-21
B82: 2025-04-29 | C82: 211.21 | D82: =AVERAGE(C82:C101) -> 200.618 | E82: =AVERAGE(C82:C141) -> 220.32667 | F82: =AVERAGE(C82:C201) -> 228.86458 | G82: =AVERAGE(C82:C331) -> 221.5104 | H82: 2025-04-29 | I82: 35292309 | O82: 2025-04-29 | P82: 4.17 | W82: 1989-02-17 | X82: 0.1 | Y82: 0.00089285625 | Z82: 1989-03-15 | AA82: 1989-02-03
B83: 2025-04-28 | C83: 210.14 | D83: =AVERAGE(C83:C102) -> 201.164 | E83: =AVERAGE(C83:C142) -> 220.7355 | F83: =AVERAGE(C83:C202) -> 228.958 | G83: =AVERAGE(C83:C332) -> 221.35628 | H83: 2025-04-28 | I83: 37235797 | O83: 2025-04-28 | P83: 4.22 | W83: 1988-11-21 | X83: 0.1 | Y83: 0.00089285625 | Z83: 1988-12-15 | AA83: 1988-11-10
B84: 2025-04-25 | C84: 209.28 | D84: =AVERAGE(C84:C103) -> 201.552 | E84: =AVERAGE(C84:C143) -> 221.18867 | F84: =AVERAGE(C84:C203) -> 229.08525 | G84: =AVERAGE(C84:C333) -> 221.18972 | H84: 2025-04-25 | I84: 38123271 | O84: 2025-04-25 | P84: 4.27 | W84: 1988-08-15 | X84: 0.08 | Y84: 0.000714285 | Z84: 1988-09-15 | AA84: 1988-07-25
B85: 2025-04-24 | C85: 208.37 | D85: =AVERAGE(C85:C104) -> 202.2805 | E85: =AVERAGE(C85:C144) -> 221.68567 | F85: =AVERAGE(C85:C204) -> 229.2545 | G85: =AVERAGE(C85:C334) -> 221.02896 | H85: 2025-04-24 | I85: 46821274 | O85: 2025-04-24 | P85: 4.3 | W85: 1988-05-16 | X85: 0.08 | Y85: 0.000714285 | Z85: 1988-06-15 | AA85: 1988-04-29
B86: 2025-04-23 | C86: 204.6 | D86: =AVERAGE(C86:C105) -> 202.9385 | E86: =AVERAGE(C86:C145) -> 222.1795 | F86: =AVERAGE(C86:C205) -> 229.46108 | G86: =AVERAGE(C86:C335) -> 220.8684 | H86: 2025-04-23 | I86: 51988230 | O86: 2025-04-23 | P86: 4.39 | W86: 1988-02-12 | X86: 0.08 | Y86: 0.000714285 | Z86: 1988-03-15 | AA86: 1988-01-29
... B89: 2025-04-17 | C89: 196.98 | D89: =AVERAGE(C89:C108) -> 206.201 | E89: =AVERAGE(C89:C148) -> 223.4805 | F89: =AVERAGE(C89:C208) -> 230.264 | G89: =AVERAGE(C89:C338) -> 220.46 | H89: 2025-04-17 | I89: 52142349 | O89: 2025-04-17 | P89: 4.33 | W89: 1987-05-11 | X89: 0.12 | Y89: 0.00053571375 | Z89: 1987-06-15 | AA89: 1987-04-22
B90: 2025-04-16 | C90: 194.27 | D90: =AVERAGE(C90:C109) -> 207.057 | E90: =AVERAGE(C90:C149) -> 223.92383 | F90: =AVERAGE(C90:C209) -> 230.54125 | G90: =AVERAGE(C90:C339) -> 220.33708 | H90: 2025-04-16 | I90: 58802034 | O90: 2025-04-16 | P90: 4.28
B91: 2025-04-15 | C91: 202.14 | D91: =AVERAGE(C91:C110) -> 208.1055 | E91: =AVERAGE(C91:C150) -> 224.39267 | F91: =AVERAGE(C91:C210) -> 230.8835 | G91: =AVERAGE(C91:C340) -> 220.22884 | H91: 2025-04-15 | I91: 50304417 | O91: 2025-04-15 | P91: 4.32
B92: 2025-04-14 | C92: 202.52 | D92: =AVERAGE(C92:C111) -> 208.633 | E92: =AVERAGE(C92:C151) -> 224.8525 | F92: =AVERAGE(C92:C211) -> 231.16533 | G92: =AVERAGE(C92:C341) -> 220.0946 | H92: 2025-04-14 | I92: 100846206 | O92: 2025-04-14 | P92: 4.36
B93: 2025-04-11 | C93: 198.15 | D93: =AVERAGE(C93:C112) -> 209.207 | E93: =AVERAGE(C93:C152) -> 225.27733 | F93: =AVERAGE(C93:C212) -> 231.43167 | G93: =AVERAGE(C93:C342) -> 219.97204 | H93: 2025-04-11 | I93: 86610688 | O93: 2025-04-11 | P93: 4.49
B94: 2025-04-10 | C94: 190.42 | D94: =AVERAGE(C94:C113) -> 209.974 | E94: =AVERAGE(C94:C153) -> 225.935 | F94: =AVERAGE(C94:C213) -> 231.71075 | G94: =AVERAGE(C94:C343) -> 219.88232 | H94: 2025-04-10 | I94: 120787096 | O94: 2025-04-10 | P94: 4.39
B95: 2025-04-09 | C95: 198.85 | D95: =AVERAGE(C95:C114) -> 210.937 | E95: =AVERAGE(C95:C154) -> 226.645 | F95: =AVERAGE(C95:C214) -> 232.05117 | G95: =AVERAGE(C95:C344) -> 219.81752 | H95: 2025-04-09 | I95: 182183802 | O95: 2025-04-09 | P95: 4.4
B96: 2025-04-08 | C96: 172.42 | D96: =AVERAGE(C96:C115) -> 211.8435 | E96: =AVERAGE(C96:C155) -> 227.23317 | F96: =AVERAGE(C96:C215) -> 232.33858 | G96: =AVERAGE(C96:C345) -> 219.69008 | H96: 2025-04-08 | I96: 119314792 | O96: 2025-04-08 | P96: 4.26
B97: 2025-04-07 | C97: 181.46 | D97: =AVERAGE(C97:C116) -> 214.2645 | E97: =AVERAGE(C97:C156) -> 228.30267 | F97: =AVERAGE(C97:C216) -> 232.825 | G97: =AVERAGE(C97:C346) -> 219.67588 | H97: 2025-04-07 | I97: 157350538 | O97: 2025-04-07 | P97: 4.16
B98: 2025-04-04 | C98: 188.38 | D98: =AVERAGE(C98:C117) -> 216.5655 | E98: =AVERAGE(C98:C157) -> 229.31883 | F98: =AVERAGE(C98:C217) -> 233.20492 | G98: =AVERAGE(C98:C347) -> 219.62068 | H98: 2025-04-04 | I98: 124921508 | O98: 2025-04-04 | P98: 3.98
B99: 2025-04-03 | C99: 203.19 | D99: =AVERAGE(C99:C118) -> 219.1 | E99: =AVERAGE(C99:C158) -> 230.2115 | F99: =AVERAGE(C99:C218) -> 233.53958 | G99: =AVERAGE(C99:C348) -> 219.54228 | H99: 2025-04-03 | I99: 102436963 | O99: 2025-04-03 | P99: 4.05
B100: 2025-04-02 | C100: 223.89 | D100: =AVERAGE(C100:C119) -> 220.707 | E100: =AVERAGE(C100:C159) -> 230.90383 | F100: =AVERAGE(C100:C219) -> 233.755 | G100: =AVERAGE(C100:C349) -> 219.40164 | H100: 2025-04-02 | I100: 32227033 | O100: 2025-04-02 | P100: 4.2
B101: 2025-04-01 | C101: 223.19 | D101: =AVERAGE(C101:C120) -> 221.2995 | E101: =AVERAGE(C101:C160) -> 231.22383 | F101: =AVERAGE(C101:C220) -> 233.7665 | G101: =AVERAGE(C101:C350) -> 219.18148 | H101: 2025-04-01 | I101: 35715179 | O101: 2025-04-01 | P101: 4.16
... B2257: 2016-09-01 | C2257: 24.56 | D2257: =AVERAGE(C2257:C2276) -> 24.8605 | E2257: =AVERAGE(C2257:C2316) -> 23.2725 | F2257: =AVERAGE(C2257:C2376) -> 23.235 | G2257: =AVERAGE(C2257:C2506) -> 23.85776 | H2257: 2016-09-01 | I2257: 106806092 | O2257: 2016-08-30 | P2257: 1.57
...

Sheet Screener 16.12.2022
A1: MEDIAN (Total) | K1: 10231.52 | N1: 1.07 | O1: 0.845 | P1: 0.88 | Q1: 0.91 | R1: 4.82 | S1: 5.705 | T1: 6.345 | U1: 3.545 | V1: 3.31 | W1: 3.62 | X1: 3.9 | Y1: 0.071217244 | Z1: 0.067340067 | AA1: 10.52 | AB1: 10 | AC1: 16.64 | AD1: 16.645 | AE1: 15.6 | AF1: 1.79 | AG1: 25.027172 | AH1: 2.8909197 | AI1: 3.8810888 | AJ1: 2.1887319 | AK1: 11.371715 | AL1: 11.74 | AM1: 2.65 | AN1: 2.37 | AO1: 2.6776667 | AP1: 10.070721 | AQ1: 14.58865 | AR1: 15.829971 | AS1: 3.9732968 | AT1: 19.1 | AU1: 6.895 | AV1: 16.71 | AW1: 4923.9 | AX1: 5113.76 | AY1: 0.15409592 | AZ1: 0.42485027 | BA1: 0.20822334 | BB1: 0.43455126 | BC1: 0.20822334 | BD1: 14.515 | BE1: 0.06624455 | BF1: 0.043758116 | BG1: 9.51 | BH1: 8.595 | BI1: 5.65 | BJ1: 5.155 | BK1: -0.19073648 | BL1: -0.032569488 | BM1: 1.26 | BN1: 1.355 | BO1: 0.12064329 | BP1: 0.043142095 | BQ1: 0.033946836 | BR1: 719.415 | BS1: 1039 | BT1: 854.55 | BU1: 2950.5 | BV1: 486.53 | BW1: 39.4 | BX1: 10.755 | BY1: 12.34 | BZ1: 3.9703964 | CA1: 36.235 | CB1: 0.60913393 | CC1: 1.4276427 | CD1: 0.525 | CE1: 1.41 | CF1: 1.15 | CG1: 0.64
A2: AVERAGE (Total) | K2: 33703.313 | N2: 1.098127 | O2: 1.4605796 | P2: 1.4379801 | Q2: 1.4472624 | R2: -16.119048 | S2: 15.033421 | T2: 3.9589602 | U2: 20.383221 | V2: 5.1653714 | W2: 5.7803671 | X2: 6.0502251 | Y2: 0.18556276 | Z2: -0.15679999 | AA2: 14.310498 | AB2: 12.750126 | AC2: 31.126158 | AD2: 27.480754 | AE2: 28.237112 | AF2: 2.4723846 | AG2: 39107.044 | AH2: 2699.746 | AI2: 3637.8384 | AJ2: 3148.6943 | AK2: 23.098381 | AL2: 53.943214 | AM2: 6.4358466 | AN2: 4.741564 | AO2: 5.3892128 | AP2: 15.118703 | AQ2: 27.547161 | AR2: 59.498873 | AS2: 586.83312 | AT2: 242.03567 | AU2: 11.104481 | AV2: 122.06134 | AW2: 15835.831 | AX2: 17247.895 | AY2: 10.843454 | AZ2: 2.6348258 | BA2: 2.5448524 | BB2: 2.5082742 | BC2: 2.5448524 | BD2: -131.45211 | BE2: 67.806622 | BF2: 109.23506 | BG2: 9.9809569 | BH2: 8.6247222 | BI2: 5.829569 | BJ2: 5.3417226 | BK2: -0.41241415 | BL2: -0.10998428 | BM2: 1.8998677 | BN2: 1.7949111 | BO2: 0.47216839 | BP2: 82.185273 | BQ2: 111.05872 | BR2: 2831.1429 | BS2: 3831.578 | BT2: 2994.9857 | BU2: 10859.024 | BV2: 1991.2409 | BW2: -2826.1156 | BX2: 0.32019022 | BY2: 3.5376949 | BZ2: 44.573772 | CA2: 37.040769 | CB2: 125137.45 | CC2: 1.6441399 | CD2: 0.87178382 | CE2: 5.2136454 | CF2: 5.1435556 | CG2: 4.5960471
A3: MEDIAN (Visible) | K3: =_xlfn.AGGREGATE(12,7,K7:K2081) -> 10231.52 | N3: =_xlfn.AGGREGATE(12,7,N7:N2081) -> 1.07 | O3: =_xlfn.AGGREGATE(12,7,O7:O2081) -> 0.845 | P3: =_xlfn.AGGREGATE(12,7,P7:P2081) -> 0.88 | Q3: =_xlfn.AGGREGATE(12,7,Q7:Q2081) -> 0.91 | R3: =_xlfn.AGGREGATE(12,7,R7:R2081) -> 4.82 | S3: =_xlfn.AGGREGATE(12,7,S7:S2081) -> 5.705 | T3: =_xlfn.AGGREGATE(12,7,T7:T2081) -> 6.345 | U3: =_xlfn.AGGREGATE(12,7,U7:U2081) -> 3.545 | ... CG3: =_xlfn.AGGREGATE(12,7,CG7:CG2081) -> 0.64
A4: AVERAGE (Visible) | K4: =_xlfn.AGGREGATE(1,7,K7:K2081) -> 33703.313 | N4: =_xlfn.AGGREGATE(1,7,N7:N2081) -> 1.098127 | O4: =_xlfn.AGGREGATE(1,7,O7:O2081) -> 1.4605796 | P4: =_xlfn.AGGREGATE(1,7,P7:P2081) -> 1.4379801 | Q4: =_xlfn.AGGREGATE(1,7,Q7:Q2081) -> 1.4472624 | R4: =_xlfn.AGGREGATE(1,7,R7:R2081) -> -16.119048 | S4: =_xlfn.AGGREGATE(1,7,S7:S2081) -> 15.033421 | T4: =_xlfn.AGGREGATE(1,7,T7:T2081) -> 3.9589602 | U4: =_xlfn.AGGREGATE(1,7,U7:U2081) -> 20.383221 | ... CG4: =_xlfn.AGGREGATE(1,7,CG7:CG2081) -> 4.5960471
G5: Month of Fiscal Yr End | J5: Next Earnings Announcement
A6: Company Name | B6: Ticker | C6: Exchange | D6: Sector | E6: Industry | F6: S&P 500 - ETF | G6: Month of Fiscal Yr End | H6: Last Reported Fiscal Yr (yyyymm) | I6: Last EPS Report Date (yyyymmdd) | J6: Next EPS Report Date (yyyymmdd) | K6: Market Cap (mil) | L6: Last Close | M6: Shares Outstanding (mil) | N6: Beta | O6: Q0 Consensus Est. (last completed fiscal Qtr) | P6: Q1 Consensus Est. | Q6: Q2 Consensus Est. (next fiscal Qtr) | R6: Last EPS Surprise (%) | S6: Previous EPS Surprise (%) | T6: Avg EPS Surprise (Last 4 Qtrs) | U6: 12 Mo Trailing EPS | V6: F0 Consensus Est. | W6: F1 Consensus Est. | X6: F2 Consensus Est. | Y6: EG1 | Z6: EG2 | AA6: 5 Yr. Hist. EPS Growth | AB6: Long-Term Growth Consensus Est. | AC6: P/E (Trailing 12 Months) | AD6: P/E (F1) | AE6: P/E (F2) | AF6: PEG Ratio | AG6: Revenue Per Share | AH6: Net Income Per Share | AI6: Operating Cash Flow Per Share | AJ6: Free Cash Flow Per Share | AK6: POCF Ratio | AL6: Price/Cash Flow | AM6: Price/Book | AN6: Price/Sales | AO6: EV To Sales | AP6: Enterprise Value Over EBITDA | AQ6: EV To Operating Cash Flow | AR6: EV To Free Cash Flow | AS6: Cash Per Share | AT6: Book Value | AU6: 5 Yr Historical Sales Growth | AV6: Sales Growth F(0)/F(-1) | AW6: Annual Sales (mil) | AX6: F(1) Consensus Sales Est. (mil) | AY6: Revenue Growth | AZ6: Net Income Growth | BA6: Operating Income Growth | BB6: EPS Growth | BC6: EBIT growth | BD6: Current ROE (TTM) | BE6: ROIC | BF6: Return On Tangible Assets | BG6: Current ROI (TTM) | BH6: ROI (5 Yr Avg) | BI6: Current ROA (TTM) | BJ6: ROA (5 Yr Avg) | BK6: Capex To Operating Cash Flow | BL6: Capex To Revenue | BM6: Div. Yield % | BN6: 5 Yr Div. Yield % | BO6: Payout Ratio | BP6: Earnings Yield | BQ6: Free Cash Flow Yield | BR6: EBIT (mil) | BS6: EBITDA (mil) | BT6: Cash Flow (mil) | BU6: Long Term Debt (mil) | BV6: Net Income (mil) | BW6: Net Income Growth F(0)/F(-1) | BX6: Net Margin % | BY6: Operating Margin 12 Mo % | BZ6: Interest Coverage | CA6: Debt/Total Capital | CB6: Debt To Assets | CC6: Net Debt To EBITDA | CD6: Debt/Equity Ratio | CE6: Current Ratio | CF6: Quick Ratio | CG6: Cash Ratio | CH6: Preferred Equity (mil) | CI6: Common Equity (mil)
A7: Agilent Technologies | B7: A | C7: NYSE | D7: Computer and Technology | E7: Electronics - Testing Equipment | F7: YES | G7: 10 | H7: 202210 | I7: 20221121 | J7: 20230228 | K7: 44660.68 | L7: 150.86 | M7: 296 | N7: 1.08 | O7: 1.39 | P7: 1.3 | Q7: 1.28 | R7: 10.07 | S7: 11.67 | T7: 6.74 | U7: 5.21 | V7: 5.07 | W7: 5.64 | X7: 6.18 | Y7: =(W7/V7)-1 -> 0.11242604 | Z7: =(X7/W7)-1 -> 0.095744681 | AA7: 15.96 | AB7: 10 | AC7: 28.96 | AD7: 26.75 | AE7: 24.4 | AF7: 2.68 | AG7: 22.345638 | AH7: 4.4563758 | AI7: 4.3791946 | AJ7: 3.4295302 | AK7: 34.093027 | AL7: 23.73 | AM7: 8.44 | AN7: 6.52 | AO7: 6.9578615 | AP7: 24.295962 | AQ7: 35.503755 | AR7: 45.335029 | AS7: 3.614094 | AT7: 17.87 | AU7: 8.53 | AV7: 8.37 | AW7: 6848 | AX7: 6954.73 | AY7: 0.18355497 | AZ7: 0.68289291 | BA7: 0.59219858 | BB7: 0.70815451 | BC7: 0.59219858 | BD7: 30.31 | BE7: 0.1796784 | BF7: 0.13783083 | BG7: 19.82 | BH7: 15.65 | BI7: 14.98 | BJ7: 11.57 | BK7: -0.21685824 | BL7: -0.042498874 | BM7: 0.56 | BN7: 0.76 | BO7: 0.18849398 | BP7: 0.029848465 | BQ7: 0.022970731 | BR7: 1588 | BS7: 1905 | BT7: 1882 | BU7: 2733 | BV7: 1254 | BW7: 3.64 | BX7: 18.31 | BY7: 22.85 | BZ7: 18.804878 | CA7: 34.07 | CB7: 0.5144029 | CC7: 0.96539067 | CD7: 0.52 | CE7: 2.03 | CF7: 1.47 | CG7: 0.72 | CH7: - | CI7: 5289
A8: Alcoa | B8: AA | C8: NYSE | D8: Industrial Products | E8: Metal Products - Distribution | F8: NO | G8: 12 | H8: 202112 | I8: 20221019 | J8: 20230118 | K8: 7656.07 | L8: 43.27 | M8: 177 | N8: 2.44 | O8: 0.09 | P8: -0.79 | Q8: 0.27 | R8: -466.67 | S8: 2.69 | T8: -109.77 | U8: 7.9 | V8: 6.26 | W8: 4.61 | X8: 2.37 | Y8: =(W8/V8)-1 -> -0.26357827 | Z8: =(X8/W8)-1 -> -0.48590022 | AA8: 22.31 | AB8: 12.3 | AC8: 5.48 | AD8: 9.39 | AE8: 18.26 | AF8: 0.76 | AG8: 73.431536 | AH8: -0.67122062 | AI8: 7.0981581 | AJ8: 4.5139587 | AK8: 6.0184627 | AL8: 4.13 | AM8: 1.11 | AN8: 0.58 | AO8: 0.60416128 | AP8: 5.6451454 | AQ8: 6.2501412 | AR8: 9.828289 | AS8: 8.0098994 | AT8: 38.95 | AU8: -1.27 | AV8: 30.86 | AW8: 12152 | AX8: 12397.77 | AY8: 0.30863666 | AZ8: 3.5235294 | BA8: 3.7640187 | BB8: 3.5274725 | BC8: 3.7640187 | BD8: 22.27 | BE8: 0.18565083 | BF8: -0.0080780882 | BG8: 17.7 | BH8: 6.35 | BI8: 9.66 | BJ8: 3.34 | BK8: -0.36406619 | BL8: -0.035191956 | BM8: 0.92 | BN8: 0.15 | BO8: -0.59592925 | BP8: -0.015712093 | BQ8: 0.10566383 | BR8: 1394 | BS8: 2058 | BT8: 1961 | BU8: 1726 | BV8: 429 | BW8: 352.35 | BX8: -0.91 | BY8: 11.34 | BZ8: 20.509259 | CA8: 20.02 | CB8: 0.53698354 | CC8: 0.20925267 | CD8: 0.25 | CE8: 1.81 | CF8: 0.95 | CG8: 0.68 | CH8: - | CI8: 6284
A9: American Airlines | B9: AAL | C9: NSDQ | D9: Transportation | E9: Transportation - Airline | F9: YES | G9: 12 | H9: 202112 | I9: 20221020 | J9: 20230119 | K9: 8403.22 | L9: 12.93 | M9: 650 | N9: 1.47 | O9: 0.54 | P9: 0.57 | Q9: -0.31 | R9: 27.78 | S9: -3.8 | T9: 8.62 | U9: -2.29 | V9: -8.44 | W9: -0.18 | X9: 1.64 | Y9: =(W9/V9)-1 -> -0.97867299 | Z9: =(X9/W9)-1 -> -10.111111 | AA9: -17.89 | AE9: 7.87 | AG9: 69.491197 | AH9: -2.4716179 | AI9: 1.7384327 | AJ9: -2.1365354 | AK9: 7.3687062 | AN9: 0.19 | AO9: 1.1653176 | AP9: -446.47463 | AQ9: 46.581792 | AR9: -37.902163 | AS9: 17.264435 | AT9: -12.15 | AU9: -10.87 | AV9: 72.36 | AW9: 29882 | AX9: 48493.87 | AY9: 0.72359693 | AZ9: 0.77568936 | BA9: 0.89837827 | BB9: 0.83169935 | BC9: 0.89837827 | BE9: -0.01244349 | BF9: -0.024898193 | BG9: -5.28 | BH9: -7.12 | BI9: -2.12 | BJ9: -2.77 | BK9: -2.2290009 | BL9: -0.055762 | BM9: 0 | BN9: 0.61 | BO9: 0 | BP9: -0.19294441 | BQ9: -0.16678652 | BR9: -748 | BS9: 1587 | BT9: -3060 | BU9: 35571 | BV9: -1993 | BW9: 77.57 | BX9: -3.55 | BY9: -3.14 | BZ9: -0.29293994 | CB9: 1.1184211 | CC9: -375.84746 | CD9: -4.33 | CE9: 0.79 | CF9: 0.82 | CG9: 0.74 | CH9: - | CI9: -7340
A10: AAON | B10: AAON | C10: NSDQ | D10: Construction | E10: Building Products - Air Conditioner and Heating | F10: NO | G10: 12 | H10: 202112 | I10: 20221107 | J10: 20230227 | K10: 4163.93 | L10: 78.27 | M10: 53 | N10: 0.81 | O10: 0.44 | P10: 0.55 | R10: 15.91 | S10: -28.57 | T10: -9.89 | U10: 1.32 | V10: 1.25 | W10: 1.7 | X10: 2.55 | Y10: =(W10/V10)-1 -> 0.36 | Z10: =(X10/W10)-1 -> 0.5 | AA10: 11.5 | AC10: 59.29 | AD10: 46.04 | AE10: 30.69 | AG10: 14.486553 | AH10: 1.2722307 | AI10: 0.56207235 | AJ10: -0.87275956 | AK10: 135.81881 | AL10: 44.34 | AM10: 7.94 | AN10: 5.4 | AO10: 5.3569703 | AP10: 34.683414 | AQ10: 138.06769 | AR10: -88.917998 | AS10: 0.2018978 | AT10: 9.85 | AU10: 10.33 | AV10: 3.88 | AW10: 534.52 | AY10: 0.038802762 | AZ10: -0.25631257 | BA10: -0.31995561 | BB10: -0.25827815 | BC10: -0.31995561 | BD10: 14.48 | BE10: 0.13299899 | BF10: 0.093933942 | BG10: 12.63 | BH10: 19.08 | BI10: 9.69 | BJ10: 14.85 | BK10: -2.5527531 | BL10: -0.09904578 | BM10: 0.61 | BN10: 0.68 | BO10: 0.33798902 | BP10: 0.016665322 | BQ10: -0.011432533 | BR10: 69.18 | BS10: 99.64 | BT10: 92.55 | BU10: 40 | BV10: 58.76 | BW10: -25.63 | BX10: 8.78 | BY10: 9.22 | BZ10: 71.756915 | CA10: 12.71 | CB10: 0.33338084 | CC10: 0.56493168 | CD10: 0.15 | CE10: 2.36 | CF10: 1.01 | CG10: 0.13 | CH10: - | CI10: 466.17
A11: Helmerich & Payne | B11: HP | C11: NYSE | D11: Oils-Energy | E11: Oil and Gas - Drilling | F11: NO | G11: 9 | H11: 202209 | I11: 20221116 | J11: 20230130 | K11: 4989.37 | L11: 47.34 | M11: 105 | N11: 1.73 | O11: 0.45 | P11: 0.8 | Q11: 1.01 | R11: 0 | S11: 440 | T11: 124.22 | U11: 0.1 | V11: 0.03 | W11: 4.46 | X11: 5.44 | Y11: =(W11/V11)-1 -> 147.66667 | Z11: =(X11/W11)-1 -> 0.21973094 | AC11: 473.4 | AD11: 10.62 | AE11: 8.7 | AG11: 19.55461 | AH11: 0.066035406 | AI11: 2.2215648 | AJ11: -0.36684648 | AK11: 21.079736 | AL11: 11.97 | AM11: 1.8 | AN11: 2.42 | AO11: 2.5649242 | AP11: 11.640133 | AQ11: 22.576921 | AR11: -136.72229 | AS11: 3.3167952 | AT11: 26.26 | AU11: -12.78 | AV11: 68.96 | AW11: 2058.94 | AX11: 2994 | AY11: -0.31306756 | AZ11: 0.34044089 | BA11: 0.30900035 | BB11: 0.33913043 | BC11: 0.30900035 | BD11: 0.45 | BE11: 0.011435292 | BF11: 0.0016213593 | BG11: 0.38 | BH11: -1.5 | BI11: 0.29 | BJ11: -1.13 | BK11: -1.1651298 | BL11: -0.13236834 | BM11: 2.11 | BN11: 5.46 | BO11: 18.702088 | BP11: 0.001410109 | BQ11: -0.0078335786 | BR11: 50.12 | BS11: 454.49 | BT11: 416.6 | BU11: 542.61 | BV11: 6.95 | BW11: 102.13 | BX11: 0.34 | BY11: 0.6 | BZ11: 2.3585898 | CA11: 16.4 | CB11: 0.36506662 | CC11: 0.77191354 | CD11: 0.2 | CE11: 2.54 | CF11: 2.32 | CG11: 1.16 | CH11: - | CI11: 2765.47
A12: Apple | B12: AAPL | C12: NSDQ | D12: Computer and Technology | E12: Computer - Mini computers | F12: YES | G12: 9 | H12: 202209 | I12: 20221027 | J12: 20230126 | K12: 2171458 | L12: 136.5 | M12: 15908 | N12: 1.22 | O12: 1.26 | P12: 1.94 | Q12: 1.49 | R12: 2.38 | S12: 5.26 | T12: 6.26 | U12: 6.11 | V12: 6.11 | W12: 6.19 | X12: 6.7 | Y12: =(W12/V12)-1 -> 0.01309329 | Z12: =(X12/W12)-1 -> 0.082390953 | AA12: 23.07 | AB12: 12.5 | AC12: 22.34 | AD12: 22.05 | AE12: 20.37 | AF12: 1.76 | AG12: 24.59879 | AH12: 6.2258654 | AI12: 7.6199681 | AJ12: 6.9519865 | AK12: 17.913461 | AL12: 19.58 | AM12: 42.85 | AN12: 5.51 | AO12: 5.7051593 | AP12: 16.897535 | AQ12: 18.417402 | AR12: 20.187038 | AS12: 3.0132782 | AT12: 3.19 | AU12: 11.63 | AV12: 7.79 | AW12: 394328 | AX12: 404036.19 | AY12: 0.33259385 | AZ12: 0.64916131 | BA12: 0.64357048 | BB12: 0.71299094 | BC12: 0.64357048 | BD12: 160.9 | BE12: 0.60087135 | BF12: 0.28292441 | BG12: 61.26 | BH12: 38.34 | BI12: 28.09 | BJ12: 20.13 | BK12: -0.087661992 | BL12: -0.027155059 | BM12: 0.67 | BN12: 1.05 | BO12: 0.14616442 | BP12: 0.045610735 | BQ12: 0.050930304 | BR12: 119103 | BS12: 130207 | BT12: 110907 | BU12: 98959 | BV12: 99803 | BW12: 5.41 | BX12: 25.31 | BY12: 25.31 | BZ12: 40.749574 | CA12: 66.14 | CB12: 0.85635356 | CC12: 0.7242335 | CD12: 1.95 | CE12: 0.88 | CF12: 0.85 | CG12: 0.45 | CH12: - | CI12: 50672
A13: AllianceBernstein | B13: AB | C13: NYSE | D13: Finance | E13: Financial - Investment Management | F13: NO | G13: 12 | H13: 202112 | I13: 20221028 | J13: 20230210 | K13: 3832.31 | L13: 38.17 | M13: 100 | N13: 1.32 | O13: 0.6 | P13: 0.57 | Q13: 0.55 | R13: 6.67 | S13: 1.43 | T13: 12.4 | U13: 3.54 | V13: 3.61 | W13: 2.78 | X13: 2.49 | Y13: =(W13/V13)-1 -> -0.2299169 | Z13: =(X13/W13)-1 -> -0.10431655 | AA13: 10.76 | AC13: 10.78 | AD13: 13.73 | AE13: 15.3 | AG13: 3.6600143 | AH13: 3.339916 | AI13: 3.7407979 | AJ13: 3.7407979 | AK13: 10.072717 | AL13: 9.79 | AM13: 2.44 | AN13: 0.89 | AO13: 10.293301 | AP13: 10.293301 | AQ13: 10.071014 | AR13: 10.071014 | AS13: 0.0063703143 | AT13: 15.64 | AU13: 7.18 | AV13: 19.77 | AW13: 4441.6 | AX13: 3316.6 | AY13: 0.3499371 | AZ13: 0.3810688 | BA13: 0 | BB13: 0.37999377 | BC13: 0 | BD13: 22.48 | BE13: 0 | BF13: 0.16864141 | BG13: 22.48 | BH13: 18.79 | BI13: 21.05 | BJ13: 18.71 | BK13: 0 | BL13: 0 | BM13: 6.71 | BN13: 8.99 | BO13: 1.0599069 | BP13: 0.088638959 | BQ13: 0.099278075 | BR13: 416.33 | BS13: 416.33 | BT13: 386.97 | BU13: - | BV13: 385.84 | BW13: 38.11 | BX13: 7.75 | BY13: 8.1 | BZ13: 0 | CA13: 0 | CB13: 0.21106863 | CC13: -0.0017405162 | CD13: 0 | CH13: - | CI13: 1621.62
A14: ABB | B14: ABB | C14: NYSE | D14: Industrial Products | E14: Manufacturing - Electronics | F14: NO | G14: 12 | H14: 202112 | I14: 20221020 | J14: 20230202 | K14: 59905.08 | L14: 30.49 | M14: 1965 | N14: 1.11 | O14: 0.28 | P14: 0.37 | Q14: 0.36 | R14: -28.57 | S14: -33.33 | T14: -18.4 | U14: 1.05 | V14: 1.52 | W14: 1.18 | X14: 1.51 | Y14: =(W14/V14)-1 -> -0.22368421 | Z14: =(X14/W14)-1 -> 0.27966102 | AA14: -2.52 | AB14: 6.2 | AC14: 29.04 | AD14: 25.73 | AE14: 20.16 | AF14: 4.15 | AG14: 15.509564 | AH14: 2.1163656 | AI14: 0.8607864 | AJ14: 0.40170032 | AK14: 35.119049 | AL14: 15.96 | AM14: 4.93 | AN14: 2.05 | AO14: 2.1585823 | AP14: 10.552145 | AQ14: 38.893123 | AR14: 83.342407 | AS14: 1.6780021 | AT14: 6.19 | AU14: -5.03 | AV14: 10.76 | AW14: 28945 | AX14: 29399.49 | AY14: 0.10756103 | AZ14: -0.11659541 | BA14: 2.5894539 | BB14: -0.069672131 | BC14: 2.5894539 | BD14: 15.21 | BE14: 0.2402643 | BF14: 0.10751208 | BG14: 11.12 | BH14: 12.57 | BI14: 5.17 | BJ14: 5.97 | BK14: -0.53333333 | BL14: -0.029600192 | BM14: 1.74 | BN14: 2.15 | BO14: 0.25373688 | BP14: 0.070008785 | BQ14: 0.013288135 | BR14: 5935 | BS14: 6828 | BT14: 3922 | BU14: 4177 | BV14: 4546 | BW14: -11.66 | BX14: 13.65 | BY14: 7.08 | BZ14: 34.877551 | CA14: 27.15 | CB14: 0.68144563 | CC14: 1.0239491 | CD14: 0.37 | CE14: 1.04 | CF14: 0.89 | CG14: 0.47 | CH14: - | CI14: 15957
A15: AbbVie | B15: ABBV | C15: NYSE | D15: Medical | E15: Large Cap Pharmaceuticals | F15: YES | G15: 12 | H15: 202112 | I15: 20221028 | J15: 20230201 | K15: 288439.19 | L15: 163.1 | M15: 1768 | N15: 0.7 | O15: 3.56 | P15: 3.67 | Q15: 3.02 | R15: 2.81 | S15: 1.81 | T15: 1.39 | U15: 13.64 | V15: 12.67 | W15: 13.86 | X15: 11.43 | Y15: =(W15/V15)-1 -> 0.093922652 | Z15: =(X15/W15)-1 -> -0.17532468 | AA15: 19.01 | AB15: 2.54 | AC15: 12.08 | AD15: 11.77 | AE15: 14.27 | AF15: 4.64 | AG15: 32.647657 | AH15: 7.5702993 | AI15: 12.755505 | AJ15: 12.377753 | AK15: 12.713726 | AL15: 9.23 | AM15: 18 | AN15: 4.99 | AO15: 5.9740045 | AP15: 13.64991 | AQ15: 15.290437 | AR15: 15.757081 | AS15: 6.7075099 | AT15: 9.06 | AU15: 18.61 | AV15: 22.69 | AW15: 56197 | AX15: 58308.5 | AY15: 0.22690158 | AZ15: 1.5004333 | BA15: 0.57740033 | BB15: 1.4959013 | BC15: 0.57740033 | BD15: 155.88 | BE15: 0.16286264 | BF15: 0.18466942 | BG15: 31.25 | BH15: 31.14 | BI15: 16.96 | BJ15: 16.51 | BK15: -0.029614874 | BL15: -0.011570591 | BM15: 3.46 | BN15: 4.55 | BO15: 0.74501678 | BP15: 0.046605099 | BQ15: 0.076201266 | BR15: 15373 | BS15: 23894 | BT15: 31217 | BU15: 64189 | BV15: 11542 | BW15: 150.04 | BX15: 23.19 | BY15: 42.1 | BZ15: 7.8827986 | CA15: 79.03 | CB15: 0.88659473 | CC15: 2.2831061 | CD15: 3.77 | CE15: 0.93 | CF15: 0.7 | CG15: 0.42 | CH15: - | CI15: 15436
A16: AmerisourceBergen | B16: ABC | C16: NYSE | D16: Medical | E16: Medical - Dental Supplies | F16: YES | G16: 9 | H16: 202209 | I16: 20221103 | J16: 20230201 | K16: 34059.88 | L16: 165.6 | M16: 206 | N16: 0.55 | O16: 2.58 | P16: 2.62 | Q16: 3.32 | R16: 0.78 | S16: 1.95 | T16: 2.51 | U16: 11.02 | V16: 11 | W16: 11.48 | X16: 12.63 | Y16: =(W16/V16)-1 -> 0.043636364 | Z16: =(X16/W16)-1 -> 0.10017422 | AA16: 13.41 | AB16: 8.19 | AC16: 15.03 | AD16: 14.43 | AE16: 13.12 | AF16: 1.76 | AG16: 1151.3594 | AH16: 8.1980678 | AI16: 13.044406 | AJ16: 10.649304 | AK16: 12.786323 | AL16: 11 | AM16: 481.56 | AN16: 0.14 | AO16: 0.154565 | AP16: 11.68052 | AQ16: 13.64262 | AR16: 16.71094 | AS16: 16.350527 | AT16: 0.34 | AU16: 8.94 | AV16: 11.5 | AW16: 238587 | AX16: 251774.66 | AY16: 0.12688619 | AZ16: 1.4517631 | BA16: 1.4584294 | BB16: 1.4492492 | BC16: 1.4584294 | BD16: 444.46 | BE16: 0.18087895 | BF16: 0.032527072 | BG16: 41.54 | BH16: 26.44 | BI16: 4.08 | BJ16: 3.85 | BK16: -0.18361148 | BL16: -0.002080239 | BM16: 1.17 | BN16: 1.68 | BO16: 0.22749263 | BP16: 0.049152034 | BQ16: 0.063848574 | BR16: 2393.73 | BS16: 3184.45 | BT16: 3120.07 | BU16: 4632.36 | BV16: 1698.82 | BW16: 10.32 | BX16: 0.71 | BY16: 0.98 | BZ16: 10.200697 | CA16: 98.49 | CB16: 0.99873988 | CC16: 0.73314257 | CD16: 64.99 | CE16: 0.91 | CF16: 0.55 | CG16: 0.12 | CH16: - | CI16: 71.27
A17: Ameris Bancorp | B17: ABCB | C17: NSDQ | D17: Finance | E17: Banks - Southeast | F17: NO | G17: 12 | H17: 202112 | I17: 20221027 | J17: 20230126 | K17: 3247.05 | L17: 46.82 | M17: 69 | N17: 1.15 | O17: 1.34 | P17: 1.34 | Q17: 1.3 | R17: -1.49 | S17: -0.84 | T17: -0.37 | U17: 4.75 | V17: 5.36 | W17: 5.14 | X17: 5.37 | Y17: =(W17/V17)-1 -> -0.041044776 | Z17: =(X17/W17)-1 -> 0.044747082 | AA17: 16.64 | AC17: 9.86 | AD17: 9.1 | AE17: 8.73 | AG17: 15.060907 | AH17: 5.0092402 | AI17: 10.327226 | AJ17: 10.208716 | AK17: 4.461992 | AL17: 7.76 | AM17: 1.04 | AN17: 2.91 | AO17: 3.6208134 | AP17: 6.9256851 | AQ17: 5.2804823 | AR17: 5.3417819 | AS17: 22.05201 | AT17: 44.97 | AU17: 27.89 | AV17: -8.9 | AW17: 1068.66 | AX17: 1089.24 | AY17: -0.057280426 | AZ17: 0.43866513 | BA17: 0 | BB17: 0.43915344 | BC17: 0 | BD17: 10.85 | BE17: 0 | BF17: 0.014608556 | BG17: 8.8 | BH17: 8.3 | BI17: 1.39 | BJ17: 1.46 | BK17: -0.011475511 | BL17: -0.007868729 | BM17: 1.28 | BN17: 1.33 | BO17: 0.11977865 | BP17: 0.10870747 | BQ17: 0.22154331 | BR17: 521.54 | BS17: 571.95 | BT17: 419.93 | BU17: 866.21 | BV17: 376.91 | BW17: 43.87 | BX17: 31.01 | BY17: 29.55 | BZ17: 0 | CA17: 21.49 | CB17: 0.8690218 | CC17: 1.0735015 | CD17: 0.27 | CE17: 1.04 | CF17: 1.01 | CG17: 0.21 | CH17: - | CI17: 2966.45
A18: Abcam | B18: ABCM | C18: NSDQ | D18: Medical | E18: Medical - Instruments | F18: NO | G18: 12 | H18: 202112 | I18: 20210913 | K18: 3583.52 | L18: 15.63 | M18: 229 | N18: 0.8 | W18: 0.37 | X18: 0.47 | Y18: =(W18/V18)-1 -> #DIV/0! | Z18: =(X18/W18)-1 -> 0.27027027 | AB18: 32.64 | AD18: 42.24 | AE18: 33.11 | AF18: 1.29 | AG18: 1.2524085 | AH18: 0.060211946 | AI18: 0.30346821 | AJ18: 0.13150289 | AK18: 37.357785 | AL18: 36.7 | AM18: 3.92 | AO18: 12.8628 | AP18: 84.028342 | AQ18: 53.084571 | AR18: 122.50286 | AS18: 0.52793834 | AT18: 3.99 | AV18: 0 | AW18: 401.06 | AX18: 471.11 | AY18: 2021 data not available yet. | AZ18: 2021 data not available yet. | BA18: 2021 data not available yet. | BB18: 2021 data not available yet. | BC18: 2021 data not available yet. | BE18: 0.012196539 | BF18: 0.014939644 | BK18: -0.56666667 | BL18: -0.13730769 | BM18: 0 | BO18: 0 | BP18: 0.0053111473 | BQ18: 0.0084676684 | BR18: 9.96 | BS18: 65.14 | BT18: 97.47 | BU18: - | BV18: 5.92 | BW18: 0 | BZ18: 7 | CB18: 0.31661501 | CC18: 3.0226131 | CE18: 1.26 | CF18: 0.98 | CG18: 0.63 | CH18: - | CI18: 913.5
A19: Ambev | B19: ABEV | C19: NYSE | D19: Consumer Staples | E19: Beverages - Alcohol | F19: NO | G19: 12 | H19: 202112 | I19: 20221027 | J19: 20230223 | K19: 44064.04 | L19: 2.8 | M19: 15737 | N19: 1.04 | O19: 0.03 | P19: 0.04 | R19: 33.33 | U19: 0.16 | V19: 0.14 | W19: 0.16 | X19: 0.16 | Y19: =(W19/V19)-1 -> 0.14285714 | Z19: =(X19/W19)-1 -> 0 | AA19: -9.55 | AB19: 9.1 | AC19: 17.5 | AD19: 18.07 | AE19: 17.5 | AF19: 1.99 | AG19: 5.0202383 | AH19: 0.83208937 | AI19: 1.3122679 | AJ19: 0.83532671 | AK19: 11.883244 | AL19: 12.6 | AM19: 2.52 | AN19: 2.92 | AO19: 0.36890644 | AP19: 1.4408967 | AQ19: 1.4112958 | AR19: 2.2170945 | AS19: 1.2107981 | AT19: 1.11 | AU19: -1.65 | AV19: 19.15 | AW19: 13503.33 | AX19: 16105.34 | AY19: 0.24795389 | AZ19: 0.11350335 | BA19: 0.069376792 | BB19: 0.10666667 | BC19: 0.069376792 | BD19: 15.69 | BE19: 0.16273056 | BF19: 0.098567498 | BG19: 15.3 | BH19: 18.15 | BI19: 9.9 | BJ19: 11.49 | BK19: -0.36344805 | BL19: -0.095003702 | BM19: 0.85 | BN19: 2.07 | BO19: 0.16296326 | BP19: 0.053359585 | BQ19: 0.30265461 | BR19: 3555.35 | BS19: 4555.36 | BT19: 3497.06 | BU19: 417.57 | BV19: 2347.94 | BW19: 6.36 | BX19: 16.58 | BY19: 17.23 | BZ19: 19.571205 | CA19: 2.37 | CB19: 0.35556228 | CC19: -0.70644594 | CD19: 0.02 | CE19: 1.19 | CF19: 0.71 | CG19: 0.52 | CH19: - | CI19: 15568.46
A20: Asbury Automotive Group | B20: ABG | C20: NYSE | D20: Retail-Wholesale | E20: Automotive - Retail and Whole Sales | F20: NO | G20: 12 | H20: 202112 | I20: 20221027 | J20: 20230221 | K20: 3770.59 | L20: 170.36 | M20: 22.13 | N20: 1.14 | O20: 9.19 | P20: 8.18 | Q20: 8.08 | R20: 0.44 | S20: 13.06 | T20: 11.18 | U20: 36 | V20: 25.57 | W20: 37.08 | X20: 31.21 | Y20: =(W20/V20)-1 -> 0.45013688 | Z20: =(X20/W20)-1 -> -0.15830636 | AA20: 45.09 | AB20: 18.52 | AC20: 4.73 | AD20: 4.59 | AE20: 5.46 | AF20: 0.25 | AG20: 650.80543 | AH20: 35.502262 | AI20: 39.343891 | AJ20: 34.932127 | AK20: 4.247165 | AL20: 6.45 | AM20: 1.43 | AN20: 0.26 | AO20: 0.49730998 | AP20: 5.6086489 | AQ20: 8.2262335 | AR20: 9.2651684 | AS20: 6.7511312 | AT20: 119.41 | AU20: 14.92 | AV20: 37.94 | AW20: 9837.7 | AX20: 15560.17 | AY20: 0.37941333 | AZ20: 1.0927673 | BA20: 1.135383 | BB20: 1.0188679 | BC20: 1.135383 | BD20: 34.33 | BE20: 0.18114636 | BF20: 0.12091231 | BG20: 14.09 | BH20: 13.65 | BI20: 10.25 | BJ20: 8.08 | BK20: -0.11213341 | BL20: -0.0067789304 | BM20: 0 | BN20: 0 | BO20: 0 | BP20: 0.21246118 | BQ20: 0.20904923 | BR20: 799.8 | BS20: 862.6 | BT20: 611.3 | BU20: 3520.1 | BV20: 532.4 | BW20: 109.28 | BX20: 5.46 | BY20: 5.58 | BZ20: 7.0034843 | CA20: 55.24 | CB20: 0.66188606 | CC20: 2.7129303 | CD20: 1.23 | CE20: 1.56 | CF20: 0.76 | CG20: 0.48 | CH20: - | CI20: 2115.5
A21: Abiomed | B21: ABMD | C21: NSDQ | D21: Medical | E21: Medical - Instruments | F21: YES | G21: 3 | H21: 202203 | I21: 20221101 | J21: 20230202 | K21: 17141.86 | L21: 380.16 | M21: 45 | N21: 1.4 | O21: 1.05 | P21: 1.07 | Q21: 1.13 | R21: 23.81 | S21: 15.74 | T21: 15.57 | U21: 4.84 | V21: 4.36 | W21: 4.61 | X21: 5.44 | Y21: =(W21/V21)-1 -> 0.05733945 | Z21: =(X21/W21)-1 -> 0.18004338 | AA21: 14.64 | AB21: 25 | AC21: 78.54 | AD21: 82.39 | AE21: 69.86 | AF21: 3.3 | AG21: 23.673102 | AH21: 5.8794851 | AI21: 5.5316715 | AJ21: 4.7875782 | AK21: 68.876107 | AL21: 74.71 | AM21: 11.13 | AN21: 15.96 | AO21: 15.924458 | AP21: 36.945415 | AQ21: 68.149624 | AR21: 78.74155 | AS21: 18.081019 | AT21: 34.15 | AU21: 12.69 | AV21: 21.74 | AW21: 1031.75 | AX21: 1146.4 | AY21: 0.007895272 | AZ21: 0.11091134 | BA21: -0.078894466 | BB21: 0.11358575 | BC21: -0.078894466 | BD21: 14.77 | BE21: 0.16231398 | BF21: 0.16202778 | BG21: 14.77 | BH21: 17.11 | BI21: 13.32 | BJ21: 15.19 | BK21: -0.13451509 | BL21: -0.031432014 | BM21: 0 | BN21: 0 | BO21: 0 | BP21: 0.01543172 | BQ21: 0.012565822 | BR21: 190.56 | BS21: 218.65 | BT21: 231.62 | BU21: - | BV21: 136.51 | BW21: -39.47 | BX21: 24.84 | BY21: 20.67 | BZ21: 2.6911396 | CA21: 0 | CB21: 0.092397839 | CC21: -0.39384272 | CD21: 0 | CE21: 7.93 | CF21: 6.37 | CG21: 5.72 | CH21: - | CI21: 1503.33
A22: Airbnb | B22: ABNB | C22: NSDQ | D22: Computer and Technology | E22: Internet - Content | F22: NO | G22: 12 | H22: 202112 | I22: 20221101 | J22: 20230221 | K22: 58205.79 | L22: 90.61 | M22: 642 | N22: 0.92 | O22: 1.43 | P22: 0.25 | Q22: -0.01 | R22: 25.17 | S22: 36.59 | T22: 52.76 | U22: 2.4 | V22: -0.62 | W22: 2.58 | X22: 2.83 | Y22: =(W22/V22)-1 -> -5.1612903 | Z22: =(X22/W22)-1 -> 0.096899225 | AB22: 20.7 | AC22: 37.75 | AD22: 35.08 | AE22: 32.06 | AF22: 1.69 | AG22: 12.571943 | AH22: 2.5502555 | AI22: 5.2421669 | AJ22: 5.2091872 | AK22: 17.086446 | AM22: 10.51 | AN22: 7.25 | AO22: 6.4816644 | AP22: 28.324249 | AQ22: 15.544549 | AR22: 15.642962 | AS22: 15.073816 | AT22: 8.62 | AV22: 77.37 | AW22: 5991.76 | AX22: 8350.12 | AY22: 0.77365513 | AZ22: 0.92321575 | BA22: 1.119582 | BB22: 0.9646402 | BC22: 1.119582 | BD22: 32.13 | BE22: 0.20378196 | BF22: 0.10155841 | BG22: 23.1 | BI22: 9.89 | BK22: -0.0062912336 | BL22: -0.0026232775 | BM22: 0 | BO22: 0 | BP22: 0.028472206 | BQ22: 0.058157722 | BR22: 137.39 | BS22: 284.15 | BT22: -81.17 | BU22: 1982.54 | BV22: -352.03 | BW22: 92.32 | BX22: 20.28 | BY22: 20.31 | BZ22: 76.591757 | CA22: 26.39 | CB22: 0.6553911 | CC22: -2.8095428 | CD22: 0.36 | CE22: 1.85 | CF22: 1.95 | CG22: 1.36 | CH22: - | CI22: 4775.71
A23: Abbott Laboratories | B23: ABT | C23: NYSE | D23: Medical | E23: Medical - Products | F23: YES | G23: 12 | H23: 202112 | I23: 20221019 | J23: 20230125 | K23: 189212.61 | L23: 108.52 | M23: 1744 | N23: 0.71 | O23: 0.91 | P23: 0.9 | Q23: 1 | R23: 26.37 | S23: 31.19 | T23: 21.78 | U23: 5.63 | V23: 5.07 | W23: 5.21 | X23: 4.39 | Y23: =(W23/V23)-1 -> 0.027613412 | Z23: =(X23/W23)-1 -> -0.15738964 | AA23: 20.79 | AB23: 5.09 | AC23: 19.27 | AD23: 20.84 | AE23: 24.7 | AF23: 4.09 | AG23: 36.08676 | AH23: 6.3221951 | AI23: 8.2719861 | AJ23: 6.8447038 | AK23: 12.924345 | AL23: 14.87 | AM23: 5.27 | AN23: 4.2 | AO23: 3.114037 | AP23: 10.630361 | AQ23: 13.585069 | AR23: 16.417877 | AS23: 7.9394077 | AT23: 20.58 | AU23: 11.41 | AV23: 24.47 | AW23: 43075 | AX23: 43033.34 | AY23: 0.24465442 | AZ23: 0.5730812 | BA23: 0.57270861 | BB23: 0.57223783 | BC23: 0.57270861 | BD23: 27.79 | BE23: 0.158759 | BF23: 0.12734258 | BG23: 19.02 | BH23: 13.19 | BI23: 13.53 | BJ23: 9.51 | BK23: -0.17254408 | BL23: -0.03955141 | BM23: 1.73 | BN23: 1.6 | BO23: 0.29736507 | BP23: 0.059135676 | BQ23: 0.064023046 | BR23: 8744 | BS23: 12282 | BT23: 12905 | BU23: 17296 | BV23: 7071 | BW23: 57.31 | BX23: 17.52 | BY23: 22.25 | BZ23: 17.637383 | CA23: 29.89 | CB23: 0.50709468 | CC23: 0.51701918 | CD23: 0.43 | CE23: 1.86 | CF23: 1.46 | CG23: 0.96 | CH23: - | CI23: 36024
